 Dungeon Crawl Stone Soup version 0.26-a0-712-ga5a9c9c9d0 (webtiles) character file.

Game seed: 14630830668070837100

1634999 ElenaBorisovna the Conqueror (level 27, -35/199 HPs)
             Began as a Tengu Gladiator on Nov 1, 2020.
             Was the Champion of Vehumet.
             Killed from afar by Ywkoadd the pandemonium lord (47 damage)
             ... with a great icy blast
             ... on level 25 of a ziggurat on Nov 2, 2020.
             The game lasted 09:11:25 (170652 turns).

ElenaBorisovna the Conqueror (Tengu Gladiator)    Turns: 170652, Time: 09:11:26

Health: -35/199    AC: 60    Str: 26 (27) XL:     27
Magic:  54/64      EV: 23    Int: 25      God:    Vehumet [******]
Gold:   13574      SH: 22    Dex: 18 (19) Spells: 0/80 levels left

rFire    + + +     SeeInvis +   u - staff of fire {@w3}
rCold    + + +     Faith    .   X - +2 shield of Resistance {rF++ rC++ MR++}
rNeg     + + +     Spirit   .   i - +14 crystal plate armour
rPois    ∞         Reflect  .   R - +0 mask of the Dragon {MR+ Slay+3 SInv}
rElec    +         Harm     .   t - +0 cloak of Efriacee {*Corrode Int+8}
rCorr    .         Rampage  .   T - +3 pair of gauntlets of War {Slay+5}
MR       +++++     Clarity  +   (boots unavailable)
Stlth    +++.......             D - macabre finger necklace {rN+}
HPRegen  0.43/turn              p - ring "Wadessemp" {rElec rC+++ rN+ Int-2 SInv}
MPRegen  0.39/turn              h - ring "Qamn" {Fire *Contam Str+2 Int+9}
                                k - ring "Ylier" {rPois MR+ MP+9 Int+4}

@: about to teleport, lich-form, frozen, very slow
A: beak, talons 3, yellow scales 1, see invisible, blink, clarity, dopey 1, able
to fly
}: 8/15 runes: decaying, slimy, silver, golden, obsidian, icy, bone, gossamer
a: Fly, End Transformation, Blink, Renounce Religion


You were on level 25 of a ziggurat.
You worshipped Vehumet.
Vehumet was exalted by your worship.
You were a lich.
You visited 18 branches of the dungeon, and saw 89 of its levels.
You visited the Abyss 3 times.
You visited 1 bazaar.
You visited 7 ziggurats (completing 5), and saw 177 of their levels.
You also visited: Bailey and Gauntlet.

You collected 35448 gold pieces.
You spent 4589 gold pieces at shops.
You donated 155 gold pieces to Zin.
You paid 17130 gold pieces to Gozag.

Inventory:

Hand Weapons
 a - a +9 eudemon blade of holy wrath {@w1}
 c - a +9 double sword of freezing {@w2}
 s - the +8 autumn katana {vorpal, Clar}
   (You found it on level 14 of a ziggurat)

   It inflicts extra damage upon your enemies.
   It protects you against confusion.
 Q - the +7 Singing Sword {vorpal, sonic wave}
   (You found it on level 19 of a ziggurat)

   It inflicts extra damage upon your enemies.
Missiles
 C - 749 silver javelins (quivered)
 O - 44 throwing nets
Armour
 d - the +18 shield of the Gong {rElec rN+ MR+ EV-5}
   (You found it on level 14 of a ziggurat)

   It affects your evasion (-5).
   It insulates you from electricity.
   It protects you from negative energy.
   It affects your resistance to hostile enchantments.
 i - a +14 crystal plate armour (worn)
 j - the +8 tower shield "Beech" {rElec rC- rN++ Regen+}
   (You acquired it on level 2 of the Spider Nest)

   It makes you vulnerable to cold.
   It insulates you from electricity.
   It greatly protects you from negative energy.
   It increases your rate of regeneration.
 t - the +0 cloak of Efriacee (worn) {*Corrode Int+8}
   (You found it on level 23 of a ziggurat)

   It affects your intelligence (+8).
   It may corrode you when you take damage.
 z - the +0 pair of gloves "Diuss" {MP+9 Stlth+}
   (You acquired it on level 18 of a ziggurat)

   It affects your magic capacity (+9).
   It makes you more stealthy.
 A - the +1 pair of gloves "Cileothru" {rCorr Str+2}
   (You found it on level 23 of a ziggurat)

   It affects your strength (+2).
   It provides partial protection from all sources of acid and corrosion.
 B - the +2 cloak of Ajounom {Int+4 Dex+2}
   (You found it on level 20 of a ziggurat)

   It affects your intelligence (+4).
   It affects your dexterity (+2).
 J - the +2 pair of gloves "Myfuqusu" {rElec Int+5 Slay-6}
   (You found it on level 15 of a ziggurat)

   It affects your intelligence (+5).
   It affects your accuracy and damage with ranged weapons and melee attacks
   (-6).
   It insulates you from electricity.
 R - the +0 mask of the Dragon (worn) {MR+ Slay+3 SInv}
   (You found it on level 10 of a ziggurat)

   It affects your accuracy and damage with ranged weapons and melee attacks
   (+3).
   It affects your resistance to hostile enchantments.
   It lets you see invisible.
 T - the +3 pair of gauntlets of War (worn) {Slay+5}
   (You found it on level 10 of a ziggurat)

   It affects your accuracy and damage with ranged weapons and melee attacks
   (+5).
 X - the +2 shield of Resistance (worn) {rF++ rC++ MR++}
   (You found it on level 19 of a ziggurat)

   It greatly protects you from fire.
   It greatly protects you from cold.
   It affects your resistance to hostile enchantments.
Magical Staves
 l - an uncursed staff of air {@w4}
 n - an uncursed staff of earth {@w5}
 u - an uncursed staff of fire (weapon) {@w3}
Jewellery
 e - the amulet "Hasy" {Inacc MP+9 Int-5 Dex+10 SInv}
   (You found it on level 4 of a ziggurat)

   [amulet of inaccuracy]

   It reduces the accuracy of all your attacks.
   It affects your intelligence (-5).
   It affects your dexterity (+10).
   It affects your magic capacity (+9).
   It lets you see invisible.
 f - the ring "Rudgh" {*Contam rElec rPois MP+9 Slay+4}
   (You found it on level 18 of a ziggurat)

   [ring of slaying]

   It affects your accuracy and damage with ranged weapons and melee attacks
   (+4).
   It insulates you from electricity.
   It protects you from poison.
   It affects your magic capacity (+9).
   It causes magical contamination when unequipped.
 h - the ring "Qamn" (right hand) {Fire *Contam Str+2 Int+9}
   (You found it on level 10 of a ziggurat)

   [ring of fire]

   It enhances your fire magic.
   It affects your strength (+2).
   It affects your intelligence (+9).
   It protects you from fire.
   It makes you vulnerable to cold.
   It causes magical contamination when unequipped.
 k - the ring "Ylier" (on amulet) {rPois MR+ MP+9 Int+4}
   (You found it on level 17 of a ziggurat)

   [ring of magical power]

   It affects your intelligence (+4).
   It protects you from poison.
   It affects your resistance to hostile enchantments.
   It affects your magic capacity (+9).
 m - the ring "Uhetsuim" {rCorr Str+7 Int+4}
   (You found it on level 18 of a ziggurat)

   [ring of resist corrosion]

   It affects your strength (+7).
   It affects your intelligence (+4).
   It provides partial protection from all sources of acid and corrosion.
 p - the ring "Wadessemp" (left hand) {rElec rC+++ rN+ Int-2 SInv}
   (You found it in a Gauntlet)

   [ring of see invisible]

   It affects your intelligence (-2).
   It renders you almost immune to cold.
   It insulates you from electricity.
   It protects you from negative energy.
   It lets you see invisible.
 D - the macabre finger necklace (around neck) {rN+}
   (You found it on level 14 of a ziggurat)

   [amulet of nothing]

   It protects you from negative energy.
 F - an uncursed amulet of regeneration
 K - the ring of the Enemy {MR+ Str+3 Int+6 Dex-3 SInv}
   (You found it on level 24 of a ziggurat)

   [ring of see invisible]

   It affects your strength (+3).
   It affects your intelligence (+6).
   It affects your dexterity (-3).
   It affects your resistance to hostile enchantments.
   It lets you see invisible.
 L - the ring "Tili" {rElec rPois rF+++ Str-5 Stlth-}
   (You found it on level 21 of a ziggurat)

   [ring of attention]

   It affects your strength (-5).
   It renders you almost immune to fire.
   It insulates you from electricity.
   It protects you from poison.
   It makes you less stealthy.
 V - the ring of Dalustil {rElec MR+ Str+2 Int-4}
   (You found it on level 10 of a ziggurat)

   [ring of protection from magic]

   It affects your strength (+2).
   It affects your intelligence (-4).
   It insulates you from electricity.
   It affects your resistance to hostile enchantments.
Wands
 x - a wand of digging (5)
 y - a wand of iceblast (69)
 M - a wand of acid (82)
Scrolls
 b - 33 scrolls of blinking
 g - 16 scrolls of magic mapping
 o - 94 scrolls of fog
 r - 104 scrolls of remove curse
 v - 141 scrolls of teleportation
 U - 47 scrolls of amnesia
Potions
 q - 36 potions of mutation
 w - 4 potions of ambrosia
 E - 28 potions of curing
 G - 9 potions of magic
 H - 4 potions of might
 I - 7 potions of haste
 N - 8 potions of brilliance
 P - 11 potions of heal wounds
 S - a potion of resistance
 W - 16 potions of cancellation
Miscellaneous
 Y - a condenser vane (2/2)
 Z - a tin of tremorstones (3/3)


   Skills:
 O Level 27 Fighting
 O Level 27 Short Blades
 O Level 27 Long Blades
   Level 12.7(22.4) Axes
   Level 12.7(22.4) Maces & Flails
 O Level 27 Polearms
 O Level 27 Staves
   Level 10.0 Crossbows
 O Level 27 Throwing
 O Level 27 Armour
 O Level 27 Dodging
 O Level 27 Stealth
 O Level 27 Shields
 O Level 27 Unarmed Combat
 O Level 27 Spellcasting
 O Level 27 Conjurations
 O Level 27 Hexes
 O Level 27 Necromancy
 O Level 27 Translocations
 O Level 27 Transmutations
 O Level 27 Fire Magic
 O Level 27 Ice Magic
 O Level 27 Air Magic
 O Level 27 Earth Magic
   Level 10.0 Invocations
 O Level 27 Evocations


You couldn't memorise any spells.
You knew the following spells:

 Your Spells              Type           Power        Failure   Level
a - Necromutation         Tmut/Necr      ########..   1%          8
b - Shatter               Erth           ########..   2%          9
c - Tornado               Air            ########..   2%          9
d - Infestation           Necr           ########..   1%          8
e - Ignition              Fire           #########.   1%          8
f - Invisibility          Hex            ########     0%          6
g - Lehudib's Crystal Sp  Conj/Erth      ########..   1%          8
h - Death's Door          Necr           ########..   9%          9
i - Absolute Zero         Ice            ########..   2%          9
j - Airstrike             Air            ########..   0%          4
k - Blink                 Tloc           N/A          0%          2

Your spell library contained the following spells:

 Spells                   Type           Power        Failure   Level
 Yara's Violent Unravell  Hex/Tmut       ########..   0%          5
 Animate Skeleton         Necr           ######       0%          1
 Apportation              Tloc           ######       0%          1
 Beastly Appendage        Tmut           ######       0%          1
 Corona                   Hex            #######      0%          1
 Foxfire                  Conj/Fire      ####         0%          1
 Freeze                   Ice            ####         0%          1
 Magic Dart               Conj           ####         0%          1
 Pain                     Necr           ####         0%          1
 Sandblast                Erth           ######       0%          1
 Shock                    Conj/Air       ####         0%          1
 Corpse Rot               Necr/Air       N/A          0%          2
 Ensorcelled Hibernation  Hex/Ice        ######       0%          2
 Passwall                 Tmut/Erth      ########     0%          2
 Searing Ray              Conj           ######       0%          2
 Slow                     Hex            ########     0%          2
 Sublimation of Blood     Necr           ########..   0%          2
 Swiftness                Air            ########     0%          2
 Wereblood                Tmut           ########     0%          2
 Confusing Touch          Hex            ########     0%          3
 Conjure Flame            Conj/Fire      ########     0%          3
 Dazzling Flash           Conj/Hex       ######       0%          3
 Frozen Ramparts          Ice            ######       0%          3
 Gell's Gravitas          Tloc           ########..   0%          3
 Ignite Poison            Fire/Tmut/Pois ########     0%          3
 Inner Flame              Hex/Fire       ########     0%          3
 Lesser Beckoning         Tloc           ########..   0%          3
 Mephitic Cloud           Conj/Pois/Air  #######.     0%          3
 Ozocubu's Armour         Ice            ########     0%          3
 Portal Projectile        Hex/Tloc       ######       0%          3
 Static Discharge         Conj/Air       ########     0%          3
 Stone Arrow              Conj/Erth      ######       0%          3
 Teleport Other           Tloc           ########     0%          3
 Tukima's Dance           Hex            ########     0%          3
 Vampiric Draining        Necr           ########..   0%          3
 Animate Dead             Necr           ########..   0%          4
 Cause Fear               Hex            ########..   0%          4
 Dispel Undead            Necr           ########     0%          4
 Fulminant Prism          Conj/Hex       ########..   0%          4
 Hailstorm                Conj/Ice       ########     0%          4
 Ice Form                 Ice/Tmut       ########     0%          4
 Iskenderun's Mystic Bla  Conj/Tloc      ########     0%          4
 Leda's Liquefaction      Hex/Erth       ########..   0%          4
 Passage of Golubria      Tloc           N/A          0%          4
 Petrify                  Tmut/Erth      ########     0%          4
 Sticky Flame             Conj/Fire      ########     0%          4
 Agony                    Necr           ########     0%          5
 Blade Hands              Tmut           ########..   0%          5
 Bolt of Magma            Conj/Fire/Erth #########.   0%          5
 Borgnjor's Vile Clutch   Necr/Erth      ########..   0%          5
 Excruciating Wounds      Necr           ########..   0%          5
 Fireball                 Conj/Fire      #########.   0%          5
 Irradiate                Conj/Tmut      ########..   0%          5
 Iskenderun's Battlesphe  Conj           ########     0%          5
 Lee's Rapid Deconstruct  Erth           ########..   0%          5
 Lightning Bolt           Conj/Air       ########..   0%          5
 Metabolic Englaciation   Hex/Ice        ########..   0%          5
 Silence                  Hex/Air        ########..   0%          5
 Conjure Ball Lightning   Conj/Air       ########..   0%          6
 Death Channel            Necr           ########..   0%          6
 Dispersal                Tloc           ########..   0%          6
 Freezing Cloud           Conj/Ice/Air   ########..   0%          6
 Hydra Form               Tmut           ########..   0%          6
 Iron Shot                Conj/Erth      ########..   0%          6
 Ozocubu's Refrigeration  Ice            ########..   0%          6
 Simulacrum               Ice/Necr       ########..   0%          6
 Starburst                Conj/Fire      #########.   0%          6
 Statue Form              Tmut/Erth      ########.    0%          6
 Sting                    Tmut/Pois      ####         1%          1
 Poisonous Vapours        Pois/Air       ######       1%          2
 Spider Form              Tmut/Pois      #######...   1%          3
 Summon Guardian Golem    Hex/Summ       #######.     1%          3
 Summon Ice Beast         Ice/Summ       #######.     1%          4
 Summon Lightning Spire   Summ/Air       #######.     1%          4
 Alistair's Intoxication  Tmut/Pois      #######..    1%          5
 Summon Forest            Summ/Tloc      #######...   1%          5
 Summon Mana Viper        Hex/Summ       #######.     1%          5
 Dragon Form              Tmut           ########..   1%          7
 Orb of Destruction       Conj           ########..   1%          7
 Borgnjor's Revivificati  Necr           ########..   1%          8
 Chain Lightning          Conj/Air       ########..   1%          8
 Discord                  Hex            ########..   1%          8
 Disjunction              Tloc           ########..   1%          8
 Fire Storm               Conj/Fire      #########.   2%          9
 Eringya's Noxious Bog    Tmut/Pois      #######...   3%          6
 Summon Small Mammal      Summ           ####         5%          1
 Spellforged Servitor     Conj/Summ      #######...   5%          7
 Call Imp                 Summ           ####....     9%          2
 Olgreb's Toxic Radiance  Pois           ####....     16%         4
 Call Canine Familiar     Summ           ####....     17%         3
 Haunt                    Necr/Summ      ########..   19%         7
 Malign Gateway           Summ/Tloc      #######...   19%         7
 Summon Demon             Summ           ####......   83%         5
 Shadow Creatures         Summ           N/A          100%        6
 Monstrous Menagerie      Summ           ####......   100%        7
 Summon Greater Demon     Summ           ####......   100%        7
 Summon Hydra             Summ           ####......   100%        7
 Summon Horrible Things   Summ           ####......   100%        8
 Dragon's Call            Summ           ####......   100%        9


Dungeon Overview and Level Annotations

Branches:
Dungeon (15/15)            Temple (1/1) D:7            Lair (6/6) D:10
  Swamp (4/4) Lair:4       Spider (4/4) Lair:3        Slime (5/5) Lair:6
    Orc (2/2) D:10            Elf (3/3) Orc:2        Vaults (5/5) D:13
  Crypt (3/3) Vaults:3       Tomb (3/3) Crypt:3      Depths (5/5) D:15
   Hell (visited)             Dis (6/7) Hell            Geh (7/7) Hell
    Coc (7/7) Hell            Tar (7/7) Hell            Zot (5/5) Depths:5
 Bailey (visited)         Gauntlet (visited)

Altars:
Ashenzari
Cheibriados
Dithmenos
Elyvilon
Fedhas
Gozag
Hepliaklqana
Kikubaaqudgha
Makhleb
Nemelex Xobeh
Okawaru
Qazlal
Ru
Sif Muna
Trog
Uskayaw
Vehumet
Wu Jian
Xom
Yredelemnul
Zin
The Shining One
Beogh
Jiyva

Shops:
D:6 *(   D:10 [   D:12 *   D:15 (   Orc:2 [(?(*   Vaults:3 (   Vaults:4 :
Depths:2 *   Depths:3 !   Depths:4 (}[!

Portals:
Hell: Depths:1 Depths:2 Depths:3 Depths:4 Depths:5
Abyss: Depths:1 Depths:2 Depths:4
Pandemonium: Depths:3

Annotations:
D:2 Sigmund
D:3 1 runed door +2 cloak, exclusion: upstairs
D:6 2 transporters
Lair:1 -> depths <-
Lair:6 need flaming bran
Spider:3 Louise
Elf:1 exclusion: 2 downstairs
Elf:2 GLAIVE OF DISTORTION
Vaults:3 6 runed translucent doors
Zot:3 exclusion: downstairs


Innate Abilities, Weirdness & Mutations

You have a beak for a mouth.
You have claws for feet.
You can fly continuously.
You are partially covered in yellow scales. (AC +2)
You have supernaturally acute eyesight. (SInv)
You can translocate small distances at will.
You possess an exceptional clarity of mind.
You are dopey. (Int -2)


Message History

Unknown command.
Unknown command.
As you read the scroll of teleportation, it crumbles to dust.
You feel strangely unstable.
You are engulfed in freezing vapours.
You resist.
The floating eye changes into a water nymph!
Ywkoadd gestures at you.
Ywkoadd conjures a mighty blast of ice!
The great icy blast engulfs the stone giant!!!!
The stone giant is frozen into a solid block of ice!
The stone giant dies!
The great icy blast engulfs you!!!! You partially resist.
* * * LOW HITPOINT WARNING * * *
You are encased in ice.
You hear a horrible gurgling sound!
Ywkoadd gestures at you.
Ywkoadd conjures a mighty blast of ice!
The great icy blast engulfs Bocligow!!!!
Bocligow partially resists.
Bocligow is flash-frozen.
The great icy blast engulfs you!!! You partially resist.
You die...

.............§u.
............m.§.&&p
▓▓▓▓▓.....&.&.○p☼u▓
▓.......&.○&&.▓
▓........☼○°&&▓
▓......).○§&&t▓
▓........§○&8§▓
▓.........°§°°▓
▓........§§§L§▓
▓▓▓▓▓▓▓▓▓▓▓▓▓▓▓


You could see Bocligow (invisible, clouds, frozen), Bytav, Ephe (invisible),
Geihuol (agile, invisible), Giricici, Heixzeum, Jank, Ututhrit, Wytigua
(invisible), Ytoll (agile, invisible), Ywkoadd, Ziocihat (strong, agile,
invisible), 2 Killer Klowns, an alligator snapping turtle shaped shifter, a
green very ugly thing and a water nymph shaped shifter.

Vanquished Creatures
  Antaeus (Coc:7)
  Asmodeus (Geh:7)
  44 pandemonium lords
  the Royal Jelly (Slime:5)
  The ghost of Piash the Metallomancer, a master OgEE of Gozag (Zig:11)
  Ereshkigal (Tar:7)
  The ghost of Yllipt the Phalangite, a legendary GnWr of Cheibriados (Zig:11)
  25 orbs of fire
  78 ancient liches
  Mennas (Tomb:1)
  54 juggernauts
  140 greater mummies
  Sojobo (Vaults:4)
  Margery (Depths:5)
  Xtahua (Vaults:2)
  Frederick (Vaults:4)
  A curse toe (Zot:4)
  46 shard shrikes
  Saint Roka (Depths:2)
  49 Killer Klowns
  Geryon (Hell)
  18 caustic shrikes
  144 golden dragons
  The ghost of Unumoig the Warrior, an adept DrWn of Gozag (Vaults:3)
  15 profane servitors
  Nikola (Vaults:2)
  Jory (Tomb:2)
  79 bone dragons
  50 Brimstone Fiends
  24 pearl dragons (Zig:22)
  35 iron giants
  19 doom hounds
  26 hellephants
  74 Tzitzimimeh
  158 tentacled monstrosities
  Jorgrun (D:14)
  24 electric golems
  55 Ice Fiends
  21 Hell Sentinels
  25 Orb Guardians (Zot:5)
  A titan (shapeshifter) (Zig:19)
  23 quicksilver dragons
  118 titans
  61 deep elf blademasters
  73 liches
  2 quicksilver dragons (shapeshifter)
  27 Executioners
  54 deep elf master archers
  98 acid blobs
  54 sphinxes
  64 ancient champions
  43 tentacled starspawn
  Frances (Swamp:1)
  30 storm dragons
  14 death cobs
  A shadow dragon (shapeshifter) (Zig:7)
  23 thorn hunters
  5 sphinxes (shapeshifter)
  Kirke (Lair:4)
  24 tengu reavers
  22 shadow dragons
  2 azure jellies (shapeshifter) (Zig:10)
  50 fire giants
  Donald (Lair:4)
  36 draconian monks
  52 azure jellies
  34 daevas
  51 frost giants
  77 revenants
  24 deep elf sorcerers
  9 iron dragons
  176 nagarajas
  81 emperor scorpions
  96 orc warlords
  67 balrugs
  70 draconian knights
  6 frost giants (shapeshifter)
  16 warmongers
  142 ghost moths
  48 draconian scorchers
  2 fire giants (shapeshifter)
  49 vault wardens
  12 juggernaut zombies
  17 cacodemons
  58 very ugly things
  29 curse skulls
  187 reapers
  9 juggernaut skeletons
  2 spriggan defenders
  9 deep elf elementalists
  42 ironheart preservers
  46 draconian shifters
  55 draconian annihilators
  54 draconian stormcallers
  8 caustic shrike zombies
  23 angels
  34 ghouls
  43 bennus
  7 elemental wellsprings
  4 stone giants (shapeshifter)
  82 entropy weavers
  117 stone giants
  20 blood saints
  22 war gargoyles
  9 caustic shrike skeletons
  43 corrupters
  71 vampire knights
  13 ophanim (Zig:22)
  9 lorocyprocas
  18 apis (Zig:22)
  An entropy weaver (shapeshifter) (Zig:19)
  30 green draconians
  23 black draconians
  A spark wasp (shapeshifter) (Zig:19)
  20 black suns
  58 deep elf demonologists
  A minotaur (Gauntlet)
  37 spark wasps
  4 minotaurs (shapeshifter)
  23 yellow draconians
  29 purple draconians
  2 dire elephants (shapeshifter)
  72 deep elf annihilators
  19 red draconians
  20 dire elephants
  38 ettins
  16 white draconians
  54 eidola
  79 merfolk javelineers
  60 blizzard demons
  A shapeshifter (Zig:2)
  A crystal guardian (Zig:3)
  115 green deaths
  98 mummy priests
  19 jiangshi
  A spectral quicksilver dragon (Tar:4)
  9 death oozes
  39 deep elf death magi
  4 kraken zombies
  32 yaktaur captains
  10 quicksilver dragon skeletons
  36 fire dragons
  71 deep elf high priests
  17 quicksilver dragon zombies
  54 ice dragons
  40 merfolk impalers
  24 rakshasas
  35 great orbs of eyes
  A fire dragon (shapeshifter) (Zig:20)
  15 hell beasts
  3 caustic shrike simulacra
  A spectral shadow dragon (Tar:4)
  40 vault guards
  56 small abominations
  2 monstrous demonspawn
  28 spriggan air magi
  23 boulder beetles
  A juggernaut simulacrum (Zig:16)
  27 naga warriors
  118 shambling mangroves
  9 merfolk avatars
  21 catoblepae
  190 hydras
  114 merfolk aquamancers
  3 alligator snapping turtles (shapeshifter)
  21 ghost crabs
  13 centaur warriors
  A catoblepas (shapeshifter) (Zig:25)
  65 alligators
  2 anacondas (shapeshifter)
  27 alligator snapping turtles
  147 dancing weapons
  4 two-headed ogres (shapeshifter)
  16 death knights
  23 anacondas
  8 satyrs
  42 ogre magi
  61 two-headed ogres
  104 death scarabs
  5 deep troll shamans
  A death yak (shapeshifter) (Zig:14)
  118 large abominations
  31 titan zombies
  46 hell hogs
  2 alligators (shapeshifter)
  2 queen ants (shapeshifter)
  89 vampire magi
  5 spriggan berserkers
  2 tengu warriors
  6 deep troll earth magi
  10 death yaks
  31 thrashing horrors
  98 deep elf knights
  70 soul eaters
  5 shock serpents (shapeshifter)
  135 orc high priests
  68 hell knights
  22 sun demons
  41 shock serpents
  2 fire crabs (shapeshifter)
  5 iron golems
  40 naga sharpshooters
  62 wretched stars
  4 ghost moth zombies
  7 fire crabs
  14 storm dragon skeletons
  A quicksilver dragon simulacrum (Zig:9)
  11 salamander mystics
  4 sea snakes (shapeshifter)
  81 shadow wraiths
  4 spark wasp zombies
  17 sixfirhies
  22 storm dragon zombies
  20 titan skeletons
  An unseen horror (shapeshifter) (Zig:24)
  28 golden dragon zombies
  3 iron trolls (shapeshifter)
  23 anaconda zombies
  37 iron trolls
  41 shadow demons
  250 skeletal warriors
  45 sea snakes
  16 glowing orange brains
  4 death drakes (shapeshifter)
  20 deep trolls
  2 deep trolls (shapeshifter)
  2 spectral anacondas (Crypt:3)
  23 cherubim (Zig:22)
  23 spatial maelstroms
  12 unseen horrors
  2 gelid demonspawn (Zig:16)
  46 spriggan druids
  86 death drakes
  4 glowing orange brains (shapeshifter)
  7 orange crystal statues
  85 flayed ghosts
  3 spectral hydras (Swamp:4)
  16 wizards
  28 shadow dragon zombies
  3 swamp dragons (shapeshifter)
  2 infernal demonspawn
  2 spectral wolf spiders (Crypt:3)
  75 phantasmal warriors
  111 swamp dragons
  14 naga ritualists
  3 lindwurms (shapeshifter)
  A kraken simulacrum (Coc:2)
  46 harpies
  107 deep elf archers
  22 golden dragon skeletons
  55 orc knights
  17 wolf spider zombies
  14 obsidian statues
  A lindwurm (Zig:13)
  11 sphinx zombies
  2 mana vipers (shapeshifter) (Zig:24)
  3 harpies (shapeshifter)
  28 necromancers
  15 mana vipers
  41 ironbrand convokers
  70 orc sorcerers
  10 anaconda skeletons
  143 orb spiders
  12 fauns
  24 iron dragon zombies
  3 wolf spiders (shapeshifter)
  15 tengu skeletons
  5 oklob plants (Zot:2)
  4 shining eyes (shapeshifter)
  39 cyclopes
  An orb spider (shapeshifter) (Zig:18)
  88 wolf spiders
  2 fauns (shapeshifter)
  23 fire giant zombies
  23 frost giant zombies
  281 deep elf magi
  An elephant (shapeshifter) (Zig:2)
  22 stone giant zombies
  49 ugly things
  36 manticores
  12 sphinx skeletons
  17 stone giant skeletons
  7 moths of wrath (shapeshifter)
  7 worldbinders
  30 iron dragon skeletons
  120 moths of wrath
  20 elephants
  11 salamanders
  17 shadow dragon skeletons
  35 shining eyes
  19 merfolk sirens
  110 water nymphs
  12 fire giant skeletons
  59 guardian serpents
  3 cyclopes (shapeshifter)
  20 frost giant skeletons
  3 guardian serpents (shapeshifter)
  73 rust devils
  3 water nymphs (shapeshifter)
  11 dire elephant zombies
  3 manticores (shapeshifter)
  9 ice statues
  58 naga magi
  41 vault sentinels
  5 black mambas (shapeshifter)
  16 eyes of devastation
  Psyche (D:8)
  5 orange demons
  2 titan simulacra
  89 black mambas
  4 shock serpent skeletons
  2 eyes of devastation (shapeshifter)
  13 molten gargoyles
  3 shock serpent zombies
  15 spriggan skeletons
  A gargoyle (D:15)
  25 apocalypse crabs
  51 torpor snails
  2 storm dragon simulacra
  A torpor snail (shapeshifter) (Zig:5)
  88 cane toads
  45 smoke demons
  88 yaktaurs
  3 centaur zombies
  7 dire elephant skeletons
  28 rime drakes
  3 rime drakes (shapeshifter)
  27 efreet
  2 yaktaurs (shapeshifter)
  110 hellions
  2 catoblepas zombies
  2 minotaur zombies
  A cane toad (shapeshifter) (Zig:20)
  2 sea snake zombies
  70 demonic crawlers
  5 anaconda simulacra
  26 komodo dragons
  7 emperor scorpion zombies
  A tengu conjurer (Depths:3)
  94 freezing wraiths
  223 guardian mummies
  120 tormentors
  A komodo dragon (shapeshifter) (Zig:10)
  94 jumping spiders
  5 hellwings
  A golden dragon simulacrum (Zig:8)
  4 swamp worm zombies (Swamp:4)
  A yaktaur skeleton (Zig:2)
  67 red devils
  94 ice devils
  48 hydra zombies
  6 merfolk (shapeshifter)
  7 wind drakes (shapeshifter)
  162 merfolk
  8 silent spectres
  3 trolls (shapeshifter)
  30 trolls
  A catoblepas skeleton (Tar:7)
  26 ancient zymes
  7 harpy zombies
  A queen bee (shapeshifter) (Zig:25)
  A jumping spider (shapeshifter) (Zig:24)
  3 shadow dragon simulacra
  4 meliai (shapeshifter)
  19 polar bears
  2 tengu simulacra
  2 polar bears (shapeshifter)
  24 wind drakes
  45 tyrant leeches
  A hornet (shapeshifter) (Zig:19)
  16 hydra skeletons
  41 raiju
  5 snapping turtles (shapeshifter)
  A blink frog (shapeshifter) (Zig:13)
  57 bog bodies
  2 sphinx simulacra
  A tyrant leech (shapeshifter) (Zig:15)
  3 spectral swamp dragons (Swamp:4)
  17 ettin zombies
  229 hornets
  A stone giant simulacrum (Tomb:1)
  22 blink frogs
  5 slime creatures (shapeshifter)
  226 slime creatures
  3 dream sheep (Zig:27)
  9 ice dragon zombies
  3 harpy skeletons
  19 alligator zombies
  8 dream sheep (shapeshifter)
  2 frost giant simulacra
  346 flying skulls
  126 starcursed masses
  An iron dragon simulacrum (Zig:20)
  47 air elementals
  9 fire dragon zombies
  4 alligator skeletons
  3 black mamba zombies
  13 ettin skeletons
  5 vampires
  13 redbacks (shapeshifter)
  40 snapping turtles
  139 redbacks
  13 ice dragon skeletons
  3 tarantellas (shapeshifter)
  9 fire dragon skeletons
  78 shadows
  97 tarantellas
  A wyvern (shapeshifter) (Vaults:1)
  82 water elementals
  9 wyverns
  106 wraiths
  20 ynoxinuls
  18 spriggans
  2 elf simulacra
  A hog (Lair:4)
  57 yaks
  A basilisk (shapeshifter) (Depths:1)
  2 black mamba skeletons
  61 fire elementals
  2 humans (shapeshifter)
  21 humans
  2 fire bats (Geh:3)
  2 golden eyes (shapeshifter)
  8 basilisks
  43 chaos spawn
  2 steam dragons (Lair:6)
  16 golden eyes
  42 vampire mosquitoes
  116 ushabtiu
  A human simulacrum (Vaults:2)
  Menkaure (D:7)
  2 steam dragons (shapeshifter)
  A soldier ant (shapeshifter) (Zig:24)
  25 neqoxecs
  13 spatial vortices
  2 swamp worms (shapeshifter)
  A warg (shapeshifter) (Zig:19)
  53 wargs
  An infernal demonspawn zombie (Tar:4)
  21 nagas
  A naga (shapeshifter) (Zig:25)
  50 insubstantial wisps
  5 acid dragons
  A merfolk zombie (Geh:6)
  25 swamp worms
  A hydra simulacrum (Coc:7)
  29 cane toad zombies
  A water moccasin (shapeshifter) (Vaults:4)
  An orb spider zombie (Crypt:2)
  10 floating eyes
  36 water moccasins
  197 hell hounds
  37 swamp drakes
  5 floating eyes (shapeshifter)
  A deep troll skeleton (Vaults:3)
  10 cane toad skeletons
  2 alligator simulacra
  6 manticore zombies
  A sky beast (D:9)
  183 orc warriors
  An ice beast (shapeshifter) (Zig:16)
  A deep troll simulacrum (Zig:3)
  5 swamp dragon zombies
  24 eyes of draining
  37 ice beasts
  31 phantoms
  16 snapping turtle zombies
  An ice dragon simulacrum (Coc:4)
  34 centaurs
  68 necrophages
  7 boggarts
  2 swamp dragon skeletons
  17 black bears
  2 ettin simulacra
  100 ogres
  15 snapping turtle skeletons
  5 manticore skeletons
  21 wolves
  2 elephant skeletons (Crypt:1)
  A rime drake zombie (Crypt:3)
  A hog skeleton (Crypt:1)
  2 spriggan simulacra
  45 elf zombies
  A draconian zombie (Crypt:1)
  3 big kobolds (D:9)
  A yaktaur zombie (Crypt:2)
  17 bullfrogs
  2 gnoll sergeants
  A glowing shapeshifter simulacrum (Zig:8)
  24 earth elementals
  31 elf skeletons
  2 cane toad simulacra
  A palentonga skeleton (Crypt:3)
  20 spriggan zombies
  5 scorpions
  A water moccasin skeleton (Crypt:3)
  A snapping turtle simulacrum (Coc:3)
  2 troll zombies
  A queen bee zombie (Crypt:3)
  6 killer bees (D:8)
  155 wights
  A troll skeleton (Coc:1)
  5 electric eels
  2 bullfrog zombies
  8 crimson imps
  5 jellies
  2 quasits (Abyss:1)
  9 hounds
  Crazy Yiuf (D:3)
  9 human zombies
  A jelly (shapeshifter) (Zig:19)
  4 bullfrog skeletons
  8 centaur skeletons
  60 orc priests
  11 iguanas
  65 iron imps
  38 orc wizards
  Ijyb (D:3)
  Jessica (D:3)
  2 gnoll shamans
  A basilisk skeleton (Crypt:2)
  A spectral swamp drake (Swamp:4)
  10 worker ants
  20 hell rats
  7 human skeletons
  Terence (D:3)
  A statue (D:5)
  4 lightning spires
  A sky beast zombie (Crypt:2)
  14 tengu zombies
  4 naga zombies
  2 ogre zombies
  A demigod zombie (Crypt:2)
  An ogre skeleton (Coc:4)
  A deep dwarf skeleton (Crypt:1)
  A hound zombie (D:7)
  A big kobold skeleton (Crypt:1)
  A hound skeleton (D:8)
  425 mummies
  Robin (D:4)
  14 gnolls
  13 adders
  A swamp drake zombie (Swamp:4)
  A worker ant zombie (D:6)
  28 shadow imps
  40 white imps
  6 ufetubi
  6 worms
  8 ball lightnings (Zig:19)
  4 dart slugs
  6 leopard geckos
  113 orcs
  11 bats
  3 giant cockroaches
  21 goblins
  12 hobgoblins
  14 jackals
  13 quokkas
  2 ball pythons
  4 frilled lizards
  A giant cockroach zombie (D:5)
  43 kobolds
  2 kobold zombies
  A leopard gecko skeleton (D:6)
  2 orc skeletons
  An orc zombie (Tar:3)
  2 quokka skeletons
  A quokka zombie (D:7)
  11 rats
  9 blocks of ice (Zig:25)
  77 briar patches
  99 crawling corpses
  8 fire vortices (Zig:14)
  3 plants (Zig:7)
  17 starspawn tentacles
  14 tentacles
17346 creatures vanquished.

Vanquished Creatures (collateral kills)
  7 pandemonium lords
  Mara (Swamp:4)
  An orb of fire (Zig:6)
  15 ancient liches
  2 juggernauts
  9 greater mummies (Zig:25)
  2 Killer Klowns
  3 shard shrikes (Zig:20)
  2 caustic shrikes (Zig:12)
  11 golden dragons
  3 bone dragons
  2 Brimstone Fiends
  2 electric golems (Zig:17)
  A Tzitzimitl (Tar:7)
  A lich (Zig:25)
  An iron giant (Zig:21)
  2 Ice Fiends (Zig:20)
  4 tentacled monstrosities
  5 titans
  11 acid blobs (Zig:23)
  A tentacled starspawn (Zig:23)
  A sphinx (Zig:16)
  4 ancient champions
  A tengu reaver (Zig:16)
  A shadow dragon (Zig:11)
  A nagaraja (Zig:14)
  2 revenants
  A draconian monk (Zig:17)
  A draconian knight (Zig:17)
  3 frost giants (Zig:20)
  7 fire giants
  2 vault wardens
  2 deep elf sorcerers (Zig:7)
  3 azure jellies (Zig:23)
  3 ghost moths
  4 orc warlords (Zig:18)
  10 curse skulls
  A draconian scorcher (Zig:27)
  A cacodemon (Zig:10)
  3 draconian stormcallers
  9 emperor scorpions
  A caustic shrike skeleton (Zig:25)
  2 warmongers (Zig:15)
  2 draconian annihilators
  3 balrugs
  3 ironheart preservers
  2 stone giants
  3 reapers
  2 ghouls (Zig:26)
  3 draconian shifters
  4 very ugly things
  A green draconian (Zig:19)
  4 vampire knights (Zig:26)
  4 entropy weavers
  2 juggernaut skeletons
  5 bennus (Zig:25)
  A black draconian (Zig:17)
  3 red draconians
  2 black suns (Zig:15)
  A crystal guardian (Zig:23)
  2 ettins (Zig:16)
  2 merfolk javelineers
  2 spark wasps (Zig:17)
  A quicksilver dragon zombie (Geh:7)
  A mummy priest (Zig:25)
  An eidolon (Zig:26)
  A blizzard demon (Zig:9)
  A merfolk impaler (Zig:22)
  2 jiangshi (Zig:26)
  2 great orbs of eyes (shapeshifter)
  A yaktaur captain (Zig:16)
  3 great orbs of eyes
  3 boulder beetles
  A fire dragon (Zig:18)
  A hydra (Zig:22)
  An ice dragon (Zig:20)
  A vault guard (Vaults:1)
  2 rakshasas
  3 alligator snapping turtles
  2 merfolk aquamancers (Zig:22)
  An alligator snapping turtle (shapeshifter) (Zig:13)
  7 dancing weapons
  A death scarab (Zig:25)
  4 vampire magi
  A hell hog (Zig:19)
  2 thrashing horrors
  2 shock serpents
  A soul eater (Zig:15)
  A sun demon (Zig:15)
  2 wretched stars (Zig:12)
  2 shadow wraiths
  4 spatial maelstroms
  A hell knight (Zig:5)
  4 skeletal warriors (Vaults:1)
  2 iron trolls (Zig:18)
  2 shadow demons
  A deep elf knight (Vaults:1)
  An anaconda zombie (Coc:7)
  A flayed ghost (Zig:15)
  A tengu zombie (Zig:11)
  An anaconda skeleton (Tar:7)
  A sphinx zombie (Zig:19)
  A harpy (Zig:22)
  A golden dragon skeleton (Zig:11)
  2 wolf spiders
  2 phantasmal warriors (Tar:7)
  2 ironbrand convokers
  A shadow dragon zombie (Zig:25)
  A tengu skeleton (Zig:25)
  A mana viper (shapeshifter) (Zig:13)
  5 orb spiders
  A manticore (Zig:22)
  3 shining eyes (Zig:23)
  2 moths of wrath
  2 cyclopes
  A torpor snail (Zig:23)
  An ugly thing (Zig:13)
  7 apocalypse crabs
  3 guardian serpents (Zig:22)
  3 vault sentinels
  2 eyes of devastation (Zig:23)
  A rust devil (Hell)
  2 ice statues (Zig:7)
  A merfolk siren (Zig:22)
  2 smoke demons
  An orange demon (Zig:15)
  A rime drake (Zig:20)
  3 yaktaurs (Vaults:1)
  9 demonic crawlers
  An efreet (Zig:23)
  An ice devil (Coc:7)
  2 red devils
  A hellwing (Zig:15)
  A polar bear (shapeshifter) (Zig:13)
  2 jumping spiders
  A tyrant leech (shapeshifter) (Zig:16)
  2 tyrant leeches
  A bog body (Zig:14)
  3 slime creatures (Zig:23)
  A dream sheep (shapeshifter) (Zig:16)
  A snapping turtle (shapeshifter) (Zig:16)
  A snapping turtle (Zig:22)
  A redback (shapeshifter) (Zig:18)
  2 large abominations
  2 tarantellas
  A fire dragon skeleton (Tar:7)
  2 wraiths
  An ettin skeleton (Tar:7)
  3 ushabtiu (Zig:25)
  3 redbacks
  4 fire elementals
  2 elf zombies (Zig:25)
  A golden eye (Zig:23)
  A chaos spawn (Zig:13)
  2 hell hounds
  An acid dragon (Vaults:1)
  An eye of draining (Zig:23)
  A snapping turtle zombie (Tar:7)
  2 ogres (Vaults:1)
  A centaur (Vaults:1)
  An earth elemental (Zig:23)
  A human simulacrum (Vaults:1)
  A snapping turtle simulacrum (Coc:7)
  A crimson imp (Zig:5)
  A lightning spire (Zig:18)
  A mummy (Zig:25)
  A shadow imp (Tar:7)
  An orc (Vaults:1)
  A starspawn tentacle (Zig:23)
389 creatures vanquished.

Vanquished Creatures (others)
  2 pandemonium lords (Zig:19)
  A juggernaut (Zig:12)
  The ghost of Hahenefa the Sensei, a legendary DsWn of Uskayaw (Zig:11)
  The ghost of Xoveah the Impregnable, a master TeBr of Gozag (Zig:11)
  2 Killer Klowns
  2 Tzitzimimeh
  An iron giant (Zig:12)
  A tentacled monstrosity (Zig:23)
  An Ice Fiend (Zig:17)
  Asterion (Depths:1)
  A frost giant (Zig:21)
  A fire giant (Zig:8)
  An emperor scorpion (Zig:23)
  A ghost moth (Zig:23)
  A draconian annihilator (Zig:27)
  A stone giant (shapeshifter) (Zig:25)
  A very ugly thing (Zig:14)
  3 elemental wellsprings
  A lorocyproca (Zig:9)
  A spark wasp (Depths:3)
  2 blizzard demons (Zig:9)
  A merfolk aquamancer (Zig:21)
  4 dancing weapons
  2 alligators (Swamp:3)
  A hell hog (Dis:2)
  A small abomination (Elf:3)
  A death drake (shapeshifter) (Zig:21)
  A large abomination (Zig:23)
  An elephant (shapeshifter) (Zig:14)
  An apocalypse crab (Zig:19)
  A yaktaur (Vaults:1)
  A komodo dragon (shapeshifter) (Zig:19)
  A demonic crawler (Zig:20)
  3 jumping spiders
  A hornet (Zig:10)
  A meliai (shapeshifter) (Zig:19)
  A wind drake (Zig:21)
  2 slime creatures (Vaults:2)
  A dream sheep (shapeshifter) (Zig:25)
  A fire dragon zombie (Geh:2)
  2 flying skulls
  3 redbacks
  3 water elementals (Zig:18)
  A human (Swamp:1)
  An ice dragon skeleton (Geh:2)
  A golden eye (Zig:21)
  A chaos spawn (Zig:25)
  A fire elemental (Zig:18)
  A golden eye (shapeshifter) (Zig:19)
  A vampire mosquito (Zig:13)
  2 insubstantial wisps (Swamp:4)
  2 hell hounds
  An orc warrior (Vaults:5)
  A necrophage (Geh:5)
  An ogre (Zig:5)
  An eye of draining (Zig:21)
  A centaur (Vaults:3)
  A wight (Geh:7)
  A hell rat (Hell)
  A white imp (Coc:7)
  An orc (Orc:1)
  5 blocks of ice (Zig:25)
  4 briar patches
  6 bushes (Zig:26)
  A crawling corpse (Elf:3)
  5 demonic plants (Gauntlet)
  20 fungi
  81 plants
  28 starspawn tentacles
  16 tentacles
247 creatures vanquished.

Grand Total: 17982 creatures vanquished

Notes
Turn   | Place    | Note
-------+----------+-------------------------------------------
     0 | D:1      | ElenaBorisovna the Tengu Gladiator began the quest for the
                  | Orb.
     0 | D:1      | Reached XP level 1. HP: 12/12 MP: 2/2
    98 | D:1      | Reached XP level 2. HP: 17/17 MP: 3/3
   704 | D:1      | Reached XP level 3. HP: 21/21 MP: 4/4
  1529 | D:1      | Reached skill level 5 in Long Blades
  1790 | D:2      | Reached XP level 4. HP: 16/26 MP: 5/5
  2346 | D:2      | Noticed Sigmund
  2444 | D:3      | Noticed Jessica
  2458 | D:3      | Killed Jessica
  2458 | D:3      | Gained mutation: You can fly continuously. [Tengu growth]
  2458 | D:3      | Reached XP level 5. HP: 30/30 MP: 6/6
  2549 | D:3      | Found a runed translucent door.
  2550 | D:3      | Noticed Crazy Yiuf
  2641 | D:3      | Noticed Ijyb
  2688 | D:3      | Killed Ijyb
  2940 | D:3      | Noticed Terence
  2944 | D:3      | Killed Terence
  2944 | D:3      | Reached XP level 6. HP: 35/35 MP: 7/7
  3890 | D:4      | Found a sacrificial altar of Ru.
  4113 | D:4      | Found a bloodstained altar of Trog.
  4150 | D:4      | Reached XP level 7. HP: 40/40 MP: 8/8
  5075 | D:4      | Noticed Robin
  5097 | D:4      | Killed Robin
  5229 | D:5      | Entered Level 5 of the Dungeon
  5311 | D:5      | Reached skill level 1 in Armour
  5311 | D:5      | Reached skill level 1 in Shields
  5311 | D:5      | Reached XP level 8. HP: 45/45 MP: 9/9
  5472 | D:5      | Got a pair of jewelled gloves
  5478 | D:5      | Identified the +0 pair of gloves of Fuywiy {rC+} (You found
                  | it on level 5 of the Dungeon)
  5601 | D:5      | Reached skill level 10 in Long Blades
  5702 | D:5      | Found a radiant altar of Vehumet.
  5865 | D:3      | Killed Crazy Yiuf
  6172 | D:2      | Found a broken altar of Ashenzari.
  6582 | D:6      | Found a transporter.
  6592 | D:6      | Found a transporter.
  6681 | D:6      | Found a sparkling altar of Nemelex Xobeh.
  6763 | D:6      | Identified the +7 trident of Truncation {distort, Str+5}
  6907 | D:6      | Found a shadowy altar of Dithmenos.
  6913 | D:6      | Found Icsaczicw's Weapon Shop.
  6952 | D:6      | Found a shimmering altar of Xom.
  7002 | D:6      | Found Havy's Lightly-Used Armoury.
  7330 | D:7      | Reached XP level 9. HP: 38/52 MP: 10/10
  7547 | D:7      | Reached skill level 5 in Fighting
  7576 | D:7      | Noticed Menkaure
  7586 | D:7      | Killed Menkaure
  7845 | D:7      | Found an ancient bone altar of Kikubaaqudgha.
  8029 | D:7      | Found an iron altar of Okawaru.
  8059 | D:7      | Found a staircase to the Ecumenical Temple.
  8448 | Temple   | Entered the Ecumenical Temple
  8659 | D:8      | Reached skill level 5 in Shields
  8779 | D:8      | Found a glowing golden altar of the Shining One.
  8933 | D:8      | Reached XP level 10. HP: 63/63 MP: 11/11
  9063 | D:8      | Noticed Psyche
  9068 | D:8      | Killed Psyche
  9939 | D:9      | Found a white marble altar of Elyvilon.
 10122 | D:10     | Entered Level 10 of the Dungeon
 10142 | D:10     | Noticed a two-headed ogre
 10151 | D:10     | Killed a two-headed ogre
 10174 | D:10     | Killed an unseen horror
 10248 | D:10     | Reached XP level 11. HP: 67/72 MP: 12/12
 10409 | D:10     | Found a staircase to the Orcish Mines.
 10556 | D:10     | Found Omudis's Antique Armour Shop.
 10564 | D:10     | Bought a shimmering scale mail for 270 gold pieces
 10564 | D:10     | Bought a glowing scarf for 240 gold pieces
 10574 | D:10     | Identified the cursed +1 scale mail of Terror {Dex+3
                  | Stlth+} (You bought it in a shop on level 10 of the
                  | Dungeon)
 10671 | D:10     | Reached skill level 10 in Fighting
 10745 | D:10     | Found a staircase to the Lair.
 11109 | D:9      | Became a worshipper of Elyvilon the Healer
 11162 | Lair:1   | Entered Level 1 of the Lair of Beasts
 11683 | Lair:1   | Reached * piety under Elyvilon
 12295 | Lair:2   | Reached ** piety under Elyvilon
 13215 | Lair:3   | Reached XP level 12. HP: 62/80 MP: 13/13
 13341 | Lair:3   | Noticed a four-headed hydra
 13886 | Lair:3   | Reached *** piety under Elyvilon
 13926 | Lair:3   | Noticed a six-headed hydra
 13932 | Lair:3   | Killed a six-headed hydra
 13950 | Lair:3   | Killed a four-headed hydra
 14205 | Lair:3   | Found a hole to the Spider Nest.
 14266 | Lair:3   | Got a shimmering platinum ring
 14729 | Lair:3   | Got a pair of twisted gloves
 14740 | Lair:3   | Identified the +0 pair of gloves of Mysticism {rN++ Dex+3}
                  | (You found it on level 3 of the Lair of Beasts)
 14890 | Lair:4   | Noticed a death yak
 14891 | Lair:4   | Noticed a death yak
 14891 | Lair:4   | Noticed a death yak
 14905 | Lair:4   | Noticed a death yak
 14925 | Lair:3   | Killed a death yak
 14999 | Lair:4   | Noticed a death yak
 15010 | Lair:3   | Killed a death yak
 15114 | Lair:3   | Killed a death yak
 15120 | Lair:3   | Killed a death yak
 15136 | Lair:3   | Killed a death yak
 15407 | Lair:4   | Reached **** piety under Elyvilon
 15415 | Lair:4   | Got a crude chain mail
 15426 | Lair:4   | Identified the cursed +0 chain mail of Zin's Displeasure
                  | {rPois Stlth+} (You found it on level 4 of the Lair of
                  | Beasts)
 15607 | Lair:4   | Reached skill level 1 in Invocations
 15628 | Lair:4   | Reached XP level 13. HP: 59/88 MP: 13/15
 15882 | Lair:4   | Reached skill level 10 in Shields
 16203 | Lair:4   | Found a staircase to the Swamp.
 17003 | Lair:4   | Identified the ring "Utoppeore" {Str+6 Int+7} (You found it
                  | on level 3 of the Lair of Beasts)
 18014 | Lair:5   | Reached ***** piety under Elyvilon
 18426 | Lair:6   | Entered Level 6 of the Lair of Beasts
 19456 | Lair:6   | Found a viscous altar of Jiyva.
 19456 | Lair:6   | Found a staircase to the Slime Pits.
 19829 | Orc:1    | Entered Level 1 of the Orcish Mines
 19851 | Orc:1    | Reached skill level 5 in Armour
 20196 | Orc:1    | Reached XP level 14. HP: 96/96 MP: 18/18
 20423 | Orc:2    | Entered Level 2 of the Orcish Mines
 20450 | Orc:2    | Found a staircase to the Elven Halls.
 20824 | Orc:2    | Reached skill level 5 in Invocations
 20859 | Orc:2    | Noticed a stone giant
 20872 | Orc:2    | Killed a stone giant
 20872 | Orc:2    | Reached skill level 15 in Fighting
 21067 | Orc:2    | Found Ogonoizu's General Store.
 21067 | Orc:2    | Found Orul's Weapon Shoppe.
 22287 | Orc:2    | Found Byoke's Magic Scroll Emporium.
 22394 | Orc:2    | Found a roughly hewn altar of Beogh.
 22414 | Orc:2    | Found Igrar's Armour Shoppe.
 22414 | Orc:2    | Found Xojea's Weapon Boutique.
 22816 | D:6      | Bought -1 gold dragon scales for 975 gold pieces
 23059 | D:11     | Found a sparkling altar of Nemelex Xobeh.
 23258 | D:11     | You are sucked into a shaft and drop 3 floors!
 23276 | D:14     | Found a gate leading to a gauntlet.
 23287 | Gauntlet | Entered a Gauntlet
 23287 | Gauntlet | Found a transporter.
 23287 | Gauntlet | Found a transporter.
 23295 | Gauntlet | Found a transporter.
 23310 | Gauntlet | Found a transporter.
 23324 | Gauntlet | Found a transporter.
 23337 | Gauntlet | Found a transporter.
 23353 | Gauntlet | Found a transporter.
 23419 | Gauntlet | Found a transporter.
 23434 | Gauntlet | Found a transporter.
 23441 | Gauntlet | Noticed a reaper
 23450 | Gauntlet | Found a transporter.
 23463 | Gauntlet | Found a transporter.
 23480 | Gauntlet | Noticed a dire elephant
 23482 | Gauntlet | Found a transporter.
 23551 | Gauntlet | Found a transporter.
 23559 | Gauntlet | Identified the amulet of Yseaxell {RegenMP +Inv rF+ rC+
                  | Dex-4}
 23559 | Gauntlet | Noticed an entropy weaver
 23560 | Gauntlet | Noticed a reaper
 23561 | Gauntlet | Found a transporter.
 23595 | Gauntlet | Found a transporter.
 23605 | Gauntlet | Found a transporter.
 24078 | Gauntlet | Killed a reaper
 24101 | Gauntlet | Got an ancient jade ring
 24266 | Gauntlet | Killed a dire elephant
 24274 | Gauntlet | Got a twitching marble ring
 24312 | Gauntlet | Identified the +7 short sword "Kaetzew" {vorpal, rPois}
 24312 | Gauntlet | Identified the +2 crystal plate armour of the Skies Above
                  | {rC+ Int+3}
 24312 | Gauntlet | Identified the ring "Ruure" {rN+ SInv}
 24458 | Gauntlet | Got a wavering wooden ring
 24489 | Gauntlet | Identified the ring of Miracles {rElec rF+ Dex+3 SInv} (You
                  | found it in a Gauntlet)
 24491 | Gauntlet | Identified the ring "Wadessemp" {rElec rC+++ rN+ Int-2
                  | SInv} (You found it in a Gauntlet)
 24493 | Gauntlet | Identified the ring of the Crushed Nightmares {*Contam
                  | Str+4 SInv} (You found it in a Gauntlet)
 24906 | D:14     | Noticed Jorgrun
 24924 | D:14     | Killed Jorgrun
 25527 | D:13     | Reached XP level 15. HP: 40/104 MP: 20/20
 25693 | D:13     | Found a gate to the Vaults.
 25745 | D:13     | Paralysed by a wizard for 4 turns
 26652 | D:12     | Found a flagged portal.
 26702 | Bailey   | Entered a bailey
 27109 | D:12     | Found Mochoyme's General Store.
 27129 | D:12     | Bought a +1 pair of gloves of dexterity for 214 gold pieces
 27129 | D:12     | Bought a scroll of enchant armour for 97 gold pieces
 29269 | D:15     | Entered Level 15 of the Dungeon
 29284 | D:15     | Found Maushorgh's Weapon Emporium.
 29358 | D:15     | Found a staircase to the Depths.
 30095 | D:15     | Reached XP level 16. HP: 103/112 MP: 21/21
 30403 | Swamp:1  | Entered Level 1 of the Swamp
 30403 | Swamp:1  | Noticed Donald
 30403 | Swamp:1  | Noticed Frances
 30405 | Swamp:1  | Noticed Kirke
 30458 | Lair:4   | Killed Donald
 30487 | Lair:4   | Killed Kirke
 30487 | Lair:4   | Reached skill level 10 in Armour
 30732 | Swamp:1  | Killed Frances
 32622 | Swamp:3  | Reached ****** piety under Elyvilon
 32713 | Swamp:3  | Noticed a thorn hunter
 32727 | Swamp:3  | Killed a thorn hunter
 32878 | Swamp:3  | Noticed a thorn hunter
 32891 | Swamp:3  | Killed a thorn hunter
 32891 | Swamp:3  | Reached XP level 17. HP: 82/120 MP: 22/22
 32911 | Swamp:3  | Paralysed by a hornet for 2 turns
 33439 | Swamp:4  | Entered Level 4 of the Swamp
 33504 | Swamp:4  | Noticed Mara
 33821 | Spider:1 | Entered Level 1 of the Spider Nest
 36607 | Spider:3 | Got a shimmering bone ring
 36615 | Spider:3 | Identified the ring "Weanteti" {rPois rN+++ Int-4 Dex+6}
                  | (You found it on level 3 of the Spider Nest)
 36628 | Spider:3 | Noticed Louise
 36665 | Spider:2 | Reached XP level 18. HP: 127/129 MP: 24/24
 36742 | Spider:4 | Entered Level 4 of the Spider Nest
 37123 | Spider:4 | Identified a scroll of acquirement
 37734 | Spider:4 | Reached skill level 15 in Shields
 38208 | Spider:4 | Got a gossamer rune of Zot
 38350 | Spider:2 | Acquired the +8 tower shield "Beech" {rElec rC- rN++
                  | Regen+}
 38747 | D:15     | Bought the +6 hand crossbow of the Pits of Slime {freeze,
                  | *Corrode rPois MR+ Dex+7} for 933 gold pieces
 38856 | D:15     | Bought 22 bolts for 66 gold pieces
 39583 | Elf:1    | Entered Level 1 of the Elven Halls
 39591 | Elf:1    | Reached skill level 1 in Crossbows
 39922 | Elf:1    | Reached skill level 5 in Crossbows
 41192 | Elf:2    | Reached XP level 19. HP: 135/135 MP: 26/26
 41230 | Elf:2    | Paralysed by a deep elf mage for 4 turns
 41259 | Elf:2    | Found a runed translucent gate.
 41259 | Elf:2    | Found a runed translucent gate.
 41259 | Elf:2    | Found a runed translucent gate.
 41730 | Swamp:4  | Killed Mara
 41730 | Swamp:4  | Reached skill level 10 in Crossbows
 42590 | Swamp:4  | Noticed a bone dragon
 42656 | Swamp:4  | Killed a bone dragon
 42753 | Swamp:4  | Got a decaying rune of Zot
 43060 | Vaults:1 | Entered Level 1 of the Vaults
 44820 | Vaults:2 | Reached XP level 20. HP: 113/138 MP: 28/28
 44929 | Vaults:2 | Noticed Nikola
 44949 | Vaults:2 | Killed Nikola
 44949 | Vaults:2 | Reached skill level 10 in Invocations
 45042 | Vaults:2 | Noticed Xtahua
 45094 | Vaults:2 | Killed Xtahua
 45763 | Vaults:2 | Reached skill level 15 in Armour
 46212 | Vaults:2 | Paralysed by a wizard for 4 turns
 46925 | Vaults:3 | Found a large runed translucent door.
 46925 | Vaults:3 | Found a large runed translucent door.
 46925 | Vaults:3 | Found a large runed translucent door.
 46925 | Vaults:3 | Found a large runed translucent door.
 46925 | Vaults:3 | Found a large runed translucent door.
 46925 | Vaults:3 | Found a large runed translucent door.
 46925 | Vaults:3 | Noticed Unumoig's ghost (adept DrWn)
 46926 | Vaults:3 | Found a large runed translucent door.
 46926 | Vaults:3 | Found a large runed translucent door.
 47135 | Vaults:3 | Reached XP level 21. HP: 99/149 MP: 29/29
 47638 | Vaults:3 | Got a heavily runed copper amulet
 47655 | Vaults:3 | Identified the amulet of Utullosu {Spirit rF+ rN+ MR+} (You
                  | found it on level 3 of the Vaults)
 47786 | Vaults:3 | Found Akirath's Weapon Shoppe.
 48340 | Vaults:3 | Found a staircase to the Crypt.
 49161 | Vaults:4 | Found Hoti's Book Boutique.
 49502 | Vaults:4 | Noticed Sojobo
 49717 | Vaults:4 | Noticed Frederick
 49746 | Vaults:4 | Killed Frederick
 49861 | Vaults:4 | Reached XP level 22. HP: 116/156 MP: 18/30
 50349 | Vaults:4 | Killed Sojobo
 52131 | Elf:3    | Entered Level 3 of the Elven Halls
 53200 | Elf:3    | Identified the +5 rapier of the Twisting Visionary {vorpal,
                  | rC+}
 53219 | Elf:3    | Reached XP level 23. HP: 136/196 MP: 19/37
 53627 | Elf:3    | Identified the +0 leather armour of Defiance {*Drain rCorr
                  | Int+7 SInv}
 53753 | Elf:3    | Identified the amulet "Maitt" {Faith Dex+3}
 53768 | Elf:3    | Found the +2 hat of the Bear Spirit {Spirit, +Rage rN+
                  | MR++}
 53768 | Elf:3    | Identified Foezxopana's Papyrus of the Compass and
                  | Transmigration
 53779 | Elf:3    | Identified the Collected Works on Flamy Black Secrets
 53829 | Elf:3    | Identified the +8 plate armour "Fovvannea" {Slay+5} (You
                  | found it on level 3 of the Elven Halls)
 53947 | Elf:3    | Learned a level 8 spell: Necromutation
 53951 | Elf:3    | Identified the +3 ring mail "Voeskal" {Harm Str-4 Dex+3}
                  | (You found it on level 3 of the Elven Halls)
 54304 | Depths:1 | Entered Level 1 of the Depths
 54317 | Depths:1 | Noticed Asterion
 54328 | Depths:1 | Killed Asterion
 54336 | Depths:1 | Found a gateway to Hell.
 54351 | Depths:1 | Found a one-way gate to the infinite horrors of the Abyss.
 54372 | Depths:1 | Found a flickering gateway to a bazaar.
 54381 | Bazaar   | Entered a bazaar
 54385 | Bazaar   | Found Odaplooj's Weapon Shoppe.
 54398 | Bazaar   | Found Inatz's General Store.
 54409 | Bazaar   | Found Laiwuoqim's Gadget Emporium.
 54418 | Bazaar   | Found Etavom's Antique Weapon Boutique.
 54435 | Bazaar   | Bought a wand of acid (7) for 176 gold pieces
 54435 | Bazaar   | Bought a wand of digging (4) for 128 gold pieces
 55375 | Depths:1 | You are sucked into a shaft and drop 1 floor!
 56181 | Depths:2 | You are sucked into a shaft and drop 1 floor!
 56190 | Depths:3 | Noticed a golden dragon
 56192 | Depths:3 | Noticed a golden dragon
 56541 | Depths:3 | Noticed a golden dragon
 56572 | Depths:3 | Killed a golden dragon
 56783 | Depths:3 | Killed a golden dragon
 57019 | Depths:3 | Killed a golden dragon
 57094 | Depths:3 | Found Kiarruip's Distillery.
 57237 | Depths:3 | Reached XP level 24. HP: 166/172 MP: 31/31
 57282 | Depths:3 | Found a one-way gate leading to the halls of Pandemonium.
 57556 | Depths:3 | Noticed a juggernaut
 57577 | Depths:3 | Killed a juggernaut
 57900 | Depths:3 | Bought a potion of heal wounds for 75 gold pieces
 57900 | Depths:3 | Bought a potion of curing for 45 gold pieces
 58131 | D:8      | Fell from the grace of Elyvilon
 58131 | D:8      | Became a worshipper of the Shining One
 58131 | D:8      | Reached * piety under the Shining One
 58131 | D:8      | Reached ** piety under the Shining One
 58131 | D:8      | Reached *** piety under the Shining One
 58131 | D:8      | Reached **** piety under the Shining One
 58513 | Crypt:1  | Entered Level 1 of the Crypt
 58839 | Crypt:1  | Reached ***** piety under the Shining One
 59496 | Crypt:2  | Reached ****** piety under the Shining One
 59529 | Crypt:2  | Identified a +4 eudemon blade of holy wrath (a +2 demon
                  | blade of electrocution blessed by the Shining One)
 59529 | Crypt:2  | Received a gift from the Shining One
 60110 | Depths:1 | Got a shimmering hand crossbow
 60113 | Depths:1 | Identified the +9 hand crossbow "Demonbane" {freeze, rElec
                  | rF- Int+7} (You found it on level 1 of the Depths)
 60988 | Crypt:3  | Entered Level 3 of the Crypt
 61330 | Crypt:3  | Reached XP level 25. HP: 180/180 MP: 31/31
 61521 | Crypt:3  | Found a staircase to the Tomb.
 61906 | Crypt:3  | Found an ancient bone altar of Kikubaaqudgha.
 62110 | Crypt:3  | Found the +8 demon blade "Leech" {vamp, *Rage +Rage rN+}
 63022 | Depths:2 | Noticed Saint Roka
 63058 | Depths:2 | Killed Saint Roka
 63134 | Depths:2 | Found Cyedag's Blood Bar.
 63306 | Depths:2 | Noticed a juggernaut
 63327 | Depths:2 | Killed a juggernaut
 63819 | Depths:4 | Found Lipos's Weapon Boutique.
 63893 | Depths:4 | Found Ludy's Gadget Shop.
 64027 | Depths:4 | Found a broken altar of Ashenzari.
 64050 | Depths:4 | Identified the Disquisition on Confrontation
 64057 | Depths:4 | Found a gateway to a ziggurat.
 64610 | Depths:5 | Entered Level 5 of the Depths
 64654 | Depths:5 | Reached XP level 26. HP: 188/188 MP: 31/31
 64821 | Depths:5 | Noticed a juggernaut
 64827 | Depths:5 | Reached skill level 5 in Throwing
 64846 | Depths:5 | Killed a juggernaut
 65583 | Depths:5 | Noticed Margery
 65598 | Depths:5 | Killed Margery
 65994 | Depths:5 | Found a gate to the Realm of Zot.
 66395 | Vaults:5 | Entered Level 5 of the Vaults
 67038 | Vaults:4 | Reached XP level 27. HP: 185/196 MP: 31/31
 67280 | Vaults:5 | Reached skill level 27 in Fighting
 67330 | Vaults:5 | Paralysed by a floating eye for 4 turns
 67402 | Vaults:5 | Gained mutation: You are partially covered in molten
                  | scales. (AC +2) [a shining eye]
 67600 | Vaults:5 | Identified the +2 rapier "Zafoidewo" {freeze, Int+2}
 67688 | Vaults:5 | Identified the Incunabulum of Vitriolic Orientation
 68200 | Vaults:5 | Got a silver rune of Zot
 68475 | Vaults:5 | Identified the ring of Fymeisk {rPois MP+9}
 68893 | Temple   | Fell from the grace of the Shining One
 68893 | Temple   | Became a worshipper of Zin the Law-Giver
 68893 | Temple   | Reached * piety under Zin
 68893 | Temple   | Reached ** piety under Zin
 68893 | Temple   | Reached *** piety under Zin
 68893 | Temple   | Reached **** piety under Zin
 68893 | Temple   | Reached ***** piety under Zin
 69096 | Slime:1  | Entered Level 1 of the Pits of Slime
 69498 | Slime:2  | Reached skill level 10 in Throwing
 69647 | Slime:3  | Found a viscous altar of Jiyva.
 69717 | Slime:5  | Entered Level 5 of the Pits of Slime
 69951 | Slime:5  | Found a viscous altar of Jiyva.
 69958 | Slime:5  | Noticed the Royal Jelly
 69982 | Slime:5  | Killed the Royal Jelly
 70092 | Slime:5  | Reached ****** piety under Zin
 70169 | Slime:5  | Identified the cursed +1 scimitar "Wutwud" {antimagic, rN+}
                  | (You found it on level 5 of the Pits of Slime)
 70172 | Slime:5  | Got a slimy rune of Zot
 70606 | Zot:1    | Entered Level 1 of the Realm of Zot
 72646 | Zot:2    | Noticed an orb of fire
 72683 | Zot:2    | Killed an orb of fire
 73573 | Zot:3    | Found the +3 salamander hide armour {Flames rF++ rC--}
 74923 | Zot:4    | Reached skill level 15 in Throwing
 75322 | Zot:5    | Entered Level 5 of the Realm of Zot
 75990 | Zot:5    | Noticed an orb of fire
 76013 | Zot:5    | Killed an orb of fire
 76196 | Zot:5    | Noticed an ancient lich
 76212 | Zot:5    | Killed an ancient lich
 76797 | Zot:5    | Noticed an orb of fire
 76800 | Zot:5    | Noticed an orb of fire
 76827 | Zot:5    | Killed an orb of fire
 76827 | Zot:5    | Reached skill level 1 in Spellcasting
 76827 | Zot:5    | Reached skill level 1 in Transmutations
 76838 | Zot:5    | Killed an orb of fire
 76865 | Zot:5    | Noticed an orb of fire
 77065 | Zot:5    | Noticed an orb of fire
 77099 | Zot:5    | Killed an orb of fire
 77099 | Zot:5    | Reached skill level 5 in Necromancy
 77221 | Zot:5    | Noticed an orb of fire
 77781 | Zot:4    | Killed an orb of fire
 77840 | Zot:5    | Gained mutation: Your magical capacity is low. (-10% MP)
                  | [an orb of fire]
 77879 | Zot:5    | Killed an orb of fire
 77879 | Zot:5    | Reached skill level 5 in Spellcasting
 78140 | Zot:5    | Noticed an ancient lich
 78149 | Zot:5    | Killed an ancient lich
 78149 | Zot:5    | Reached skill level 5 in Transmutations
 78679 | D:8      | Fell from the grace of Zin
 78679 | D:8      | Became a worshipper of the Shining One
 78794 | Lair:1   | Acquired 346 gold pieces
 78819 | Lair:1   | Learned a level 9 spell: Shatter
 79481 | Depths:3 | Bought a potion of might for 60 gold pieces
 79481 | Depths:3 | Bought a potion of curing for 45 gold pieces
 79481 | Depths:3 | Bought a potion of curing for 45 gold pieces
 79500 | Hell     | Entered the Vestibule of Hell
 79500 | Hell     | Noticed Geryon
 79528 | Depths:4 | Bought a wand of digging (8) for 504 gold pieces
 80234 | Orc:2    | Bought a potion of magic for 112 gold pieces
 80234 | Orc:2    | Bought a potion of might for 56 gold pieces
 80234 | Orc:2    | Bought a scroll of identify for 28 gold pieces
 80621 | Vaults:3 | Killed Unumoig's ghost
 81444 | Depths:1 | Voluntarily entered the Abyss.
 81444 | Abyss:1  | Found a corrupted altar of Lugonu.
 81513 | Abyss:1  | Found a corrupted altar of Lugonu.
 81525 | Abyss:1  | Found a corrupted altar of Lugonu.
 81609 | Abyss:1  | Paralysed by accursed screaming for 1 turns
 81861 | Depths:1 | Escaped the Abyss
 81945 | Hell     | Killed Geryon
 82067 | Hell     | Cast into level 3 of the Abyss (reaper)
 82067 | Abyss:3  | Found a corrupted altar of Lugonu.
 82162 | Abyss:3  | Found a corrupted altar of Lugonu.
 82171 | Abyss:3  | Found a corrupted altar of Lugonu.
 82236 | Hell     | Escaped the Abyss
 82324 | Hell     | Found a gateway to the Iron City of Dis.
 82423 | Hell     | Found a gateway to the freezing wastes of Cocytus.
 82554 | Hell     | Found a gateway to the decaying netherworld of Tartarus.
 82665 | Hell     | Found a gateway to the ashen valley of Gehenna.
 82765 | Tar:1    | Entered Level 1 of Tartarus
 82976 | Tar:1    | Reached skill level 10 in Necromancy
 84083 | Tar:2    | Reached skill level 10 in Spellcasting
 84607 | Tar:2    | Reached skill level 10 in Transmutations
 86519 | Tar:3    | Reached skill level 15 in Necromancy
 89747 | Tar:6    | Reached skill level 15 in Transmutations
 90542 | Geh:1    | Entered Level 1 of Gehenna
 91694 | Geh:2    | You are sucked into a shaft and drop 2 floors!
 91953 | Geh:4    | You are sucked into a shaft and drop 2 floors!
 93648 | Geh:4    | Noticed an ancient lich
 93675 | Geh:4    | Killed an ancient lich
 95538 | Dis:1    | Entered Level 1 of the Iron City of Dis
 98874 | Dis:3    | Reached skill level 15 in Spellcasting
102767 | Coc:1    | Entered Level 1 of Cocytus
102806 | Coc:1    | Learned a level 1 spell: Foxfire
102861 | Coc:1    | Reached skill level 1 in Fire Magic
103595 | Coc:1    | Reached skill level 5 in Fire Magic
108213 | Coc:6    | Reached skill level 10 in Fire Magic
108242 | Coc:6    | Reached skill level 27 in Armour
108872 | Coc:7    | Entered Level 7 of Cocytus
109769 | Coc:7    | Got a smoking golden ring
109774 | Coc:7    | Identified the ring "Fegaef" {*Tele rElec rF+ Int-5 SInv}
                  | (You found it on level 7 of Cocytus)
110953 | Coc:7    | Noticed Antaeus
110981 | Coc:7    | Killed Antaeus
111042 | Coc:7    | Reached skill level 15 in Fire Magic
111063 | Coc:7    | Got an icy rune of Zot
111521 | Geh:7    | Entered Level 7 of Gehenna
113342 | Geh:7    | Identified the +7 sceptre of Asmodeus
113342 | Geh:7    | Noticed Asmodeus
113359 | Geh:7    | Killed Asmodeus
113423 | Geh:7    | Got an obsidian rune of Zot
113488 | Geh:7    | Identified the Collected Works on Evil Transmutation
113853 | Tar:7    | Entered Level 7 of Tartarus
114605 | Tar:7    | Identified Mifak's Handbook of Excruciating Companions
114982 | Tar:7    | Noticed Ereshkigal
115440 | Tar:7    | Noticed an ancient lich
115454 | Tar:7    | Killed an ancient lich
115997 | Tar:7    | Killed Ereshkigal
116015 | Tar:7    | Got a bone rune of Zot
116472 | Tar:7    | Identified the Almanac of Flying Unholy Secrets
116605 | Tar:7    | Identified Hopupset's Catalogue of the Dark Frostbite
116662 | Tar:7    | Identified the cursed +0 pair of gloves of Hezec {Harm
                  | Regen+ Int-4} (You found it on level 7 of Tartarus)
117553 | Temple   | Fell from the grace of the Shining One
117553 | Temple   | Became a worshipper of Gozag Ym Sagoz the Greedy
117716 | Lair:1   | Learned a level 8 spell: Infestation
117725 | Lair:1   | Learned a level 8 spell: Ignition
117732 | Lair:1   | Learned a level 6 spell: Invisibility
118035 | Depths:4 | Bought a potion of heal wounds for 100 gold pieces
118035 | Depths:4 | Bought a potion of haste for 200 gold pieces
118212 | Zig:1    | Entered Level 1 of a ziggurat
118248 | Zig:2    | Entered Level 2 of a ziggurat
118270 | Zig:3    | Entered Level 3 of a ziggurat
118281 | Zig:3    | Reached skill level 1 in Hexes
118315 | Zig:4    | Entered Level 4 of a ziggurat
118393 | Zig:5    | Entered Level 5 of a ziggurat
118546 | Zig:5    | Identified the +8 plate armour of the Frog {rF+ Stlth+}
                  | (You found it on level 5 of a ziggurat)
118552 | Zig:5    | Reached skill level 5 in Hexes
118557 | Zig:6    | Entered Level 6 of a ziggurat
118739 | Zig:7    | Entered Level 7 of a ziggurat
118752 | Zig:7    | Noticed a greater mummy
118762 | Zig:7    | Killed a greater mummy
118977 | Zig:8    | Entered Level 8 of a ziggurat
118982 | Zig:8    | Noticed a juggernaut
118982 | Zig:8    | Noticed a juggernaut
118996 | Zig:8    | Killed a juggernaut
119017 | Zig:8    | Killed a juggernaut
119307 | Zig:9    | Entered Level 9 of a ziggurat
119314 | Zig:9    | Noticed Tan Hinain the pandemonium lord
119330 | Zig:9    | Killed Tan Hinain the pandemonium lord
119597 | Zig:10   | Entered Level 10 of a ziggurat
119797 | Zig:10   | Identified the ring of the Nine Continents {Fire Int+4}
                  | (You found it on level 10 of a ziggurat)
119888 | Zig:11   | Entered Level 11 of a ziggurat
120012 | Zig:11   | Got a transparent lapis lazuli ring
120105 | Zig:12   | Entered Level 12 of a ziggurat
120381 | Zig:13   | Entered Level 13 of a ziggurat
120393 | Zig:13   | Noticed Urow Rud the pandemonium lord
120393 | Zig:13   | Noticed Ennitoj the pandemonium lord
120402 | Zig:13   | Killed Urow Rud the pandemonium lord
120407 | Zig:13   | Killed Ennitoj the pandemonium lord
120570 | Zig:13   | Identified the ring of Nobility {rPois rN+ MR+ Str-2 Dex+4}
                  | (You found it on level 13 of a ziggurat)
120586 | Zig:13   | Reached skill level 10 in Hexes
120720 | Zig:14   | Entered Level 14 of a ziggurat
120736 | Zig:14   | Found the +18 shield of the Gong {rElec rN+ MR+ EV-5}
120736 | Zig:14   | Found the macabre finger necklace {rN+}
120899 | Zig:14   | Identified the ring "Paw Cehu" {Wiz Int+4 Dex+4} (You found
                  | it on level 11 of a ziggurat)
120905 | Zig:14   | Identified the amulet of Qesecw {Acrobat rPois rC+} (You
                  | found it on level 14 of a ziggurat)
121058 | Zig:15   | Entered Level 15 of a ziggurat
121075 | Zig:15   | Reached skill level 1 in Evocations
121077 | Zig:15   | Noticed Zinoaphy the pandemonium lord
121097 | Zig:15   | Killed Zinoaphy the pandemonium lord
121236 | Zig:15   | Identified the Catalogue of Dusty Enchantment
121319 | Zig:15   | Identified the Grimoire of the Traveller
121389 | Zig:16   | Entered Level 16 of a ziggurat
121419 | Zig:16   | Reached skill level 5 in Evocations
121783 | Zig:17   | Entered Level 17 of a ziggurat
121816 | Zig:17   | Found the +9 scales of the Dragon King {rPois rF+ rC+ MR+}
121821 | Zig:17   | Found the +6 shillelagh "Devastator" {shatter}
121979 | Zig:17   | Identified Woemuopo's Reference Book on Moulding
122166 | Zig:18   | Entered Level 18 of a ziggurat
122189 | Zig:18   | Reached skill level 10 in Evocations
122470 | Zig:18   | Identified the amulet of Kaval {RegenMP Slay+3} (You found
                  | it on level 18 of a ziggurat)
122491 | Zig:18   | Identified the Volume of Slavery and Venom
122538 | Zig:18   | Identified the ring of the Purple Skies {Ice Dex+3} (You
                  | found it on level 18 of a ziggurat)
122564 | Zig:19   | Entered Level 19 of a ziggurat
123146 | Zig:19   | Identified the ring "Reono" {*Tele rF+ Str+4 Int+4 Slay-2}
                  | (You found it on level 19 of a ziggurat)
123167 | Zig:20   | Entered Level 20 of a ziggurat
123200 | Zig:20   | Found the amulet of Vitality {Regen+ HP+15}
123623 | Zig:21   | Entered Level 21 of a ziggurat
123639 | Zig:21   | Noticed Jevuemet the pandemonium lord
123641 | Zig:21   | Noticed Rima the pandemonium lord
123641 | Zig:21   | Noticed Yhoarchuh the pandemonium lord
123641 | Zig:21   | Noticed Otuleodo the pandemonium lord
123644 | Zig:21   | Noticed Jaxeunwi the pandemonium lord
123644 | Zig:21   | Noticed Ypich the pandemonium lord
123644 | Zig:21   | Noticed Etwintel the pandemonium lord
123654 | Zig:21   | Noticed Fuguir the pandemonium lord
123655 | Zig:21   | Noticed Lyad the pandemonium lord
123655 | Zig:21   | Noticed Emufriugh the pandemonium lord
123659 | Zig:21   | Noticed Fuicont the pandemonium lord
123664 | Zig:21   | Noticed Rohaac the pandemonium lord
123671 | Zig:22   | Entered Level 22 of a ziggurat
123732 | Zig:22   | Reached skill level 27 in Fire Magic
123860 | Zig:22   | Found the ring of Robustness {AC+8}
124008 | Zig:22   | Identified the amulet of Omapn {RegenMP rN+} (You found it
                  | on level 22 of a ziggurat)
124025 | Zig:22   | Identified Duulam's Catalogue of Gliding Dark Rituals
124031 | Zig:22   | Identified the ring of Egalitarianism {rElec Int+4 SInv}
                  | (You found it on level 22 of a ziggurat)
124327 | Zig:23   | Entered Level 23 of a ziggurat
124343 | Zig:23   | Paralysed by accursed screaming for 1 turns
124374 | Zig:23   | Found the +7 pair of quick blades "Gyre" and "Gimble"
                  | {protect}
124413 | Zig:23   | Identified Mafini Umerr's Papyrus of Mutagenic Dark Rituals
124808 | Zig:24   | Entered Level 24 of a ziggurat
124833 | Zig:24   | Reached skill level 15 in Evocations
124841 | Zig:24   | Noticed an ancient lich
124855 | Zig:24   | Killed an ancient lich
124916 | Zig:24   | Identified the amulet of Spite {Acrobat rPois Stlth+} (You
                  | found it on level 24 of a ziggurat)
124949 | Zig:24   | Identified the ring "Ahaboog" {+Inv rPois Str-3 Dex+4 SInv}
                  | (You found it on level 24 of a ziggurat)
124960 | Zig:24   | Identified the amulet of Dirikumm {RegenMP +Inv rC+ Int+2}
                  | (You found it on level 24 of a ziggurat)
125201 | Zig:25   | Entered Level 25 of a ziggurat
125215 | Zig:25   | Noticed a greater mummy
125217 | Zig:25   | Noticed a greater mummy
125217 | Zig:25   | Noticed a greater mummy
125220 | Zig:25   | Noticed a greater mummy
125221 | Zig:25   | Noticed a greater mummy
125222 | Zig:25   | Noticed a greater mummy
125222 | Zig:25   | Noticed a greater mummy
125223 | Zig:25   | Killed a greater mummy
125223 | Zig:25   | Killed a greater mummy
125223 | Zig:25   | Noticed a greater mummy
125223 | Zig:25   | Noticed a greater mummy
125224 | Zig:25   | Killed a greater mummy
125225 | Zig:25   | Killed a greater mummy
125225 | Zig:25   | Noticed a greater mummy
125226 | Zig:25   | Killed a greater mummy
125226 | Zig:25   | Noticed a greater mummy
125227 | Zig:25   | Killed a greater mummy
125227 | Zig:25   | Noticed a greater mummy
125228 | Zig:25   | Killed a greater mummy
125228 | Zig:25   | Killed a greater mummy
125228 | Zig:25   | Noticed a greater mummy
125228 | Zig:25   | Noticed a greater mummy
125230 | Zig:25   | Killed a greater mummy
125232 | Zig:25   | Noticed a greater mummy
125240 | Zig:25   | Killed a greater mummy
125241 | Zig:25   | Killed a greater mummy
125242 | Zig:25   | Noticed a greater mummy
125257 | Zig:25   | Killed a greater mummy
125257 | Zig:25   | Killed a greater mummy
125267 | Zig:25   | Found the +2 cloak of the Thief {*Fog Slay-2 SInv Stlth+}
125267 | Zig:25   | Identified Zenajoce's Almanac of the Mountains and the
                  | Compass
125285 | Zig:25   | Killed a greater mummy
125291 | Zig:25   | Killed a greater mummy
125294 | Zig:25   | Killed a greater mummy
125687 | Zig:25   | Identified the Volume of the Creative Traveller
125689 | Zig:25   | Identified Sif Muna's Reference Book on Ice and the Birds
125730 | Zig:25   | Identified the amulet of Faeheck {Acrobat Dex+2} (You found
                  | it on level 25 of a ziggurat)
125738 | Zig:25   | Identified the amulet of Exeustro {Acrobat rElec Int+3}
                  | (You found it on level 25 of a ziggurat)
125754 | Zig:25   | Identified the ring "Cuzenut" {rPois SInv} (You found it on
                  | level 25 of a ziggurat)
125881 | Zig:26   | Entered Level 26 of a ziggurat
125918 | Zig:26   | Noticed an ancient lich
125922 | Zig:26   | Noticed an ancient lich
125937 | Zig:26   | Killed an ancient lich
125951 | Zig:26   | Killed an ancient lich
126316 | Zig:26   | Identified the Grimoire of Ice
126373 | Zig:26   | Acquired 848 gold pieces
126394 | Zig:26   | Identified the ring "Bem Boesh" {EV+4 Str+2 Int-2 Dex+8
                  | Stlth+} (You found it on level 26 of a ziggurat)
126397 | Zig:26   | Identified the amulet of Eternity {Acrobat Dex+2 Stlth+}
                  | (You found it on level 26 of a ziggurat)
126412 | Zig:26   | Identified the +11 triple sword "Gazaiv" {holy, +Fly} (You
                  | found it on level 26 of a ziggurat)
126439 | Zig:27   | Entered Level 27 of a ziggurat
126460 | Zig:27   | Reached skill level 27 in Spellcasting
126492 | Zig:27   | Found the ring of Shadows {Umbra +Inv Stlth+}
126784 | Zig:27   | Identified the Reference Book on Translocation and
                  | Contamination
126832 | Zig:27   | Learned a level 9 spell: Tornado
126842 | Zig:27   | Learned a level 9 spell: Fire Storm
128235 | Orc:2    | Bought a scroll of blinking for 97 gold pieces
128235 | Orc:2    | Bought a scroll of blinking for 97 gold pieces
128235 | Orc:2    | Bought a scroll of identify for 26 gold pieces
128897 | D:5      | Fell from the grace of Gozag
128897 | D:5      | Became a worshipper of Vehumet
130025 | Depths:4 | Lost mutation: Your magical capacity is low. (-10% MP)
                  | [potion of mutation]
130025 | Depths:4 | Lost mutation: You are partially covered in molten scales.
                  | (AC +2) [potion of mutation]
130025 | Depths:4 | Gained mutation: Your mind is acute. (Int +2) [potion of
                  | mutation]
130025 | Depths:4 | Gained mutation: You passively map a small area around you.
                  | [potion of mutation]
130025 | Depths:4 | Lost mutation: Your mind is acute. (Int +2) [potion of
                  | mutation]
130025 | Depths:4 | Gained mutation: You have an increased reservoir of magic.
                  | (+10% MP) [potion of mutation]
130075 | Depths:4 | Learned a level 8 spell: Borgnjor's Revivification
130085 | Depths:4 | Learned a level 9 spell: Death's Door
130152 | Depths:4 | Gained mutation: You evolve. [mutagenic glow]
130161 | Depths:4 | Gained mutation: You are frail. (-10% HP) [mutagenic glow]
130211 | Depths:4 | Lost mutation: You are frail. (-10% HP) [potion of
                  | mutation]
130211 | Depths:4 | Lost mutation: You evolve. [potion of mutation]
130211 | Depths:4 | Gained mutation: Your flesh is heat resistant. (rF+)
                  | [potion of mutation]
130211 | Depths:4 | Gained mutation: You occasionally shout uncontrollably at
                  | your foes. [potion of mutation]
130211 | Depths:4 | Gained mutation: Your muscles are strong. (Str +2) [potion
                  | of mutation]
130239 | Zig:1    | Entered Level 1 of a ziggurat
130439 | Zig:2    | Entered Level 2 of a ziggurat
130740 | Zig:3    | Entered Level 3 of a ziggurat
130869 | Zig:4    | Entered Level 4 of a ziggurat
131133 | Zig:5    | Entered Level 5 of a ziggurat
131144 | Zig:5    | Reached * piety under Vehumet
131302 | Zig:5    | Got a shimmering amber ring
131305 | Zig:5    | Identified the ring of Rualoz {rF+ Dex+2} (You found it on
                  | level 5 of a ziggurat)
131428 | Zig:6    | Entered Level 6 of a ziggurat
131434 | Zig:6    | Noticed an ancient lich
131434 | Zig:6    | Noticed an ancient lich
131438 | Zig:6    | Killed an ancient lich
131444 | Zig:6    | Killed an ancient lich
131444 | Zig:6    | Reached skill level 15 in Long Blades
131502 | Zig:6    | Got a vibrating marble ring
131831 | Zig:7    | Entered Level 7 of a ziggurat
132011 | Zig:8    | Entered Level 8 of a ziggurat
132019 | Zig:8    | Reached ** piety under Vehumet
132051 | Zig:8    | Identified the ring of Spite {rPois rC+ rN+ MP-9 Int+3}
                  | (You found it on level 6 of a ziggurat)
132055 | Zig:8    | Got a twitching marble ring
132059 | Zig:8    | Identified the ring "Dootaruy" {+Inv rN+ MR+ Dex-4} (You
                  | found it on level 8 of a ziggurat)
132109 | Zig:9    | Entered Level 9 of a ziggurat
132116 | Zig:9    | Noticed Osyunus the pandemonium lord
132126 | Zig:9    | Killed Osyunus the pandemonium lord
132256 | Zig:9    | Identified the Handbook of the Mountains and Conjuration
132292 | Zig:10   | Entered Level 10 of a ziggurat
132300 | Zig:10   | Reached *** piety under Vehumet
132491 | Zig:11   | Entered Level 11 of a ziggurat
132598 | Zig:12   | Entered Level 12 of a ziggurat
132607 | Zig:12   | Reached **** piety under Vehumet
132607 | Zig:12   | Reached skill level 1 in Air Magic
132607 | Zig:12   | Offered knowledge of Yara's Violent Unravelling by Vehumet.
132608 | Zig:12   | Reached skill level 5 in Air Magic
132617 | Zig:12   | Found the +8 trident of the Octopus King {venom, rElec
                  | rPois MR+}
132786 | Zig:13   | Entered Level 13 of a ziggurat
132794 | Zig:13   | Noticed an ancient lich
132796 | Zig:13   | Reached skill level 10 in Air Magic
132800 | Zig:13   | Killed an ancient lich
132800 | Zig:13   | Noticed an ancient lich
132806 | Zig:13   | Killed an ancient lich
132817 | Zig:13   | Reached ***** piety under Vehumet
132883 | Zig:13   | Identified the Papyrus of Lightness and Intoxication
132909 | Zig:14   | Entered Level 14 of a ziggurat
132918 | Zig:14   | Offered knowledge of Yara's Violent Unravelling by Vehumet.
132918 | Zig:14   | Reached skill level 15 in Air Magic
132921 | Zig:14   | Noticed an ancient lich
132923 | Zig:14   | Noticed an ancient lich
132923 | Zig:14   | Noticed an ancient lich
132928 | Zig:14   | Killed an ancient lich
132928 | Zig:14   | Killed an ancient lich
132929 | Zig:14   | Killed an ancient lich
133006 | Zig:14   | Identified the Disquisition on Changing and Stolen Souls
133051 | Zig:15   | Entered Level 15 of a ziggurat
133062 | Zig:15   | Was forgiven by Gozag
133062 | Zig:15   | Noticed an ancient lich
133068 | Zig:15   | Killed an ancient lich
133127 | Zig:15   | Identified the ring of Darkness {MR- Str+8 Int-2 SInv
                  | Stlth+} (You found it on level 15 of a ziggurat)
133167 | Zig:16   | Entered Level 16 of a ziggurat
133344 | Zig:16   | Identified the ring of Day {rF+ rN++ AC+4 Str-4} (You found
                  | it on level 16 of a ziggurat)
133349 | Zig:16   | Acquired 1124 gold pieces
133357 | Zig:17   | Entered Level 17 of a ziggurat
133369 | Zig:17   | Reached ****** piety under Vehumet
133557 | Zig:17   | Identified Sif Muna's Collected Works on the Ashen Arsonist
133577 | Zig:17   | Acquired 645 gold pieces
133579 | Zig:17   | Acquired the +1 hat of Muxemaff {Regen+ Str-2 Dex+7}
133580 | Zig:17   | Acquired 381 gold pieces
133604 | Zig:18   | Entered Level 18 of a ziggurat
133610 | Zig:18   | Noticed a juggernaut
133614 | Zig:18   | Noticed a juggernaut
133616 | Zig:18   | Killed a juggernaut
133620 | Zig:18   | Killed a juggernaut
133626 | Zig:18   | Found the +7 lajatang of Order {silver, rMut}
133673 | Zig:18   | Identified the Handbook of Scorching Stones
133700 | Zig:18   | Identified the amulet "Weis" {Spirit rF+ Dex-3 SInv} (You
                  | found it on level 18 of a ziggurat)
133720 | Zig:19   | Entered Level 19 of a ziggurat
133736 | Zig:19   | Reached skill level 27 in Air Magic
133736 | Zig:19   | Reached skill level 1 in Earth Magic
133776 | Zig:19   | Reached skill level 5 in Earth Magic
134065 | Zig:20   | Entered Level 20 of a ziggurat
134080 | Zig:20   | Reached skill level 10 in Earth Magic
134173 | Zig:20   | Identified the +2 cloak of Ajounom {Int+4 Dex+2} (You found
                  | it on level 20 of a ziggurat)
134177 | Zig:20   | Acquired 590 gold pieces
134406 | Zig:21   | Entered Level 21 of a ziggurat
134412 | Zig:21   | Noticed a juggernaut
134412 | Zig:21   | Noticed a juggernaut
134414 | Zig:21   | Noticed a juggernaut
134415 | Zig:21   | Noticed a juggernaut
134419 | Zig:21   | Killed a juggernaut
134419 | Zig:21   | Killed a juggernaut
134421 | Zig:21   | Noticed a juggernaut
134421 | Zig:21   | Killed a juggernaut
134426 | Zig:21   | Killed a juggernaut
134428 | Zig:21   | Killed a juggernaut
134554 | Zig:21   | Reached skill level 15 in Earth Magic
134564 | Zig:21   | Acquired 764 gold pieces
134582 | Zig:22   | Entered Level 22 of a ziggurat
134635 | Zig:22   | Noticed Quabil the pandemonium lord
134641 | Zig:23   | Entered Level 23 of a ziggurat
134822 | Zig:23   | Learned a level 4 spell: Airstrike
134825 | Zig:23   | Learned a level 2 spell: Blink
134828 | Zig:23   | Identified the ring "Quetud" {Ice rElec Str+4} (You found
                  | it on level 23 of a ziggurat)
134833 | Zig:24   | Entered Level 24 of a ziggurat
134842 | Zig:24   | Noticed an ancient lich
134843 | Zig:24   | Noticed an ancient lich
134844 | Zig:24   | Noticed an ancient lich
134845 | Zig:24   | Reached skill level 1 in Conjurations
134845 | Zig:24   | Noticed an ancient lich
134846 | Zig:24   | Reached skill level 5 in Conjurations
134846 | Zig:24   | Noticed an ancient lich
134848 | Zig:24   | Killed an ancient lich
134848 | Zig:24   | Killed an ancient lich
134848 | Zig:24   | Reached skill level 10 in Conjurations
134850 | Zig:24   | Killed an ancient lich
134850 | Zig:24   | Killed an ancient lich
134850 | Zig:24   | Killed an ancient lich
134850 | Zig:24   | Noticed an ancient lich
134856 | Zig:24   | Reached skill level 15 in Conjurations
134858 | Zig:24   | Killed an ancient lich
134875 | Zig:24   | Identified the ring of Gicvaegu {+Blink rPois rF- Str+5
                  | Int+3} (You found it on level 24 of a ziggurat)
134937 | Zig:24   | Identified the amulet "Feorhoux" {Inacc rF+ rN+ Int+4} (You
                  | found it on level 24 of a ziggurat)
134952 | Zig:24   | Got a flickering gossamer ring
134953 | Zig:24   | Identified the ring of Ybbeim {rF+ EV+4 Dex+5} (You found
                  | it on level 24 of a ziggurat)
135004 | Zig:24   | Learned a level 7 spell: Orb of Destruction
135011 | Zig:25   | Entered Level 25 of a ziggurat
135017 | Zig:25   | Noticed a greater mummy
135018 | Zig:25   | Noticed a greater mummy
135021 | Zig:25   | Noticed a greater mummy
135021 | Zig:25   | Noticed a greater mummy
135023 | Zig:25   | Noticed a greater mummy
135024 | Zig:25   | Killed a greater mummy
135024 | Zig:25   | Killed a greater mummy
135025 | Zig:25   | Noticed a greater mummy
135025 | Zig:25   | Noticed a greater mummy
135025 | Zig:25   | Noticed a greater mummy
135027 | Zig:25   | Killed a greater mummy
135027 | Zig:25   | Killed a greater mummy
135028 | Zig:25   | Killed a greater mummy
135028 | Zig:25   | Killed a greater mummy
135028 | Zig:25   | Noticed a greater mummy
135028 | Zig:25   | Noticed a greater mummy
135029 | Zig:25   | Killed a greater mummy
135030 | Zig:25   | Noticed a greater mummy
135030 | Zig:25   | Noticed a greater mummy
135030 | Zig:25   | Noticed a greater mummy
135031 | Zig:25   | Noticed a greater mummy
135032 | Zig:25   | Killed a greater mummy
135032 | Zig:25   | Killed a greater mummy
135032 | Zig:25   | Killed a greater mummy
135033 | Zig:25   | Noticed a greater mummy
135033 | Zig:25   | Killed a greater mummy
135034 | Zig:25   | Killed a greater mummy
135034 | Zig:25   | Killed a greater mummy
135034 | Zig:25   | Killed a greater mummy
135036 | Zig:25   | Noticed a greater mummy
135039 | Zig:25   | Killed a greater mummy
135039 | Zig:25   | Killed a greater mummy
135046 | Zig:25   | Found the +12 glaive of Prune {vorpal}
135096 | Zig:25   | Identified the ring "Neyfe" {+Inv rPois rC+ MR- Int+4} (You
                  | found it on level 25 of a ziggurat)
135118 | Zig:25   | Identified the Catalogue of Noxious Weightlessness
135328 | Zig:26   | Entered Level 26 of a ziggurat
135341 | Zig:26   | Noticed an ancient lich
135341 | Zig:26   | Noticed an ancient lich
135344 | Zig:26   | Noticed an ancient lich
135345 | Zig:26   | Killed an ancient lich
135347 | Zig:26   | Killed an ancient lich
135348 | Zig:26   | Noticed an ancient lich
135349 | Zig:26   | Killed an ancient lich
135354 | Zig:26   | Noticed an ancient lich
135357 | Zig:26   | Killed an ancient lich
135357 | Zig:26   | Reached skill level 27 in Conjurations
135361 | Zig:26   | Killed an ancient lich
135369 | Zig:26   | Identified Rilopta's Thorough Guide to Secret Knowledge
135372 | Zig:26   | Identified Mokky's Almanac of the Escort
135597 | Zig:27   | Entered Level 27 of a ziggurat
135609 | Zig:27   | Reached skill level 5 in Ice Magic
135614 | Zig:27   | Reached skill level 10 in Ice Magic
135717 | Zig:27   | Identified the ring "Hotz" {*Drain rPois rC+++ Int+3 SInv}
                  | (You found it on level 27 of a ziggurat)
135735 | Zig:27   | Gained mutation: You sometimes yell uncontrollably at your
                  | foes. [mutagenic glow]
135877 | Depths:4 | Learned a level 9 spell: Absolute Zero
135893 | Depths:4 | Learned a level 8 spell: Lehudib's Crystal Spear
135903 | Depths:4 | Learned a level 9 spell: Death's Door
137171 | Zig:1    | Entered Level 1 of a ziggurat
137279 | Zig:2    | Entered Level 2 of a ziggurat
137610 | Zig:3    | Entered Level 3 of a ziggurat
137705 | Zig:4    | Entered Level 4 of a ziggurat
137706 | Zig:4    | Noticed a greater mummy
137707 | Zig:4    | Noticed a greater mummy
137707 | Zig:4    | Noticed a greater mummy
137711 | Zig:4    | Killed a greater mummy
137711 | Zig:4    | Killed a greater mummy
137711 | Zig:4    | Killed a greater mummy
137760 | Zig:4    | Got a wavering golden ring
137761 | Zig:4    | Identified the ring "Esuq" {rF+ rC+} (You found it on level
                  | 4 of a ziggurat)
138627 | Zig:5    | Entered Level 5 of a ziggurat
138722 | Zig:6    | Entered Level 6 of a ziggurat
138727 | Zig:6    | Noticed an orb of fire
138727 | Zig:6    | Noticed an orb of fire
138728 | Zig:6    | Noticed an orb of fire
138730 | Zig:6    | Noticed an orb of fire
138732 | Zig:6    | Killed an orb of fire
138737 | Zig:6    | Killed an orb of fire
138738 | Zig:6    | Killed an orb of fire
138741 | Zig:6    | Killed an orb of fire
138970 | Zig:6    | Found the +10 Black Knight's barding {ponderous, rPois rN+}
139405 | Zig:7    | Entered Level 7 of a ziggurat
139409 | Zig:7    | Noticed Ufuew the pandemonium lord
139413 | Zig:7    | Killed Ufuew the pandemonium lord
139498 | Zig:8    | Entered Level 8 of a ziggurat
139505 | Zig:8    | Reached skill level 5 in Dodging
139516 | Zig:8    | Identified the Compendium of Shape Shifting and
                  | Weightlessness
139595 | Zig:9    | Entered Level 9 of a ziggurat
139651 | Zig:9    | Identified the Incunabulum of Contamination
140117 | Zig:10   | Entered Level 10 of a ziggurat
140126 | Zig:10   | Reached skill level 10 in Dodging
140128 | Zig:10   | Reached skill level 15 in Ice Magic
140359 | Zig:11   | Entered Level 11 of a ziggurat
140366 | Zig:11   | Noticed Yllipt's ghost (legendary GnWr)
140366 | Zig:11   | Noticed Xoveah's ghost (master TeBr)
140371 | Zig:11   | Noticed Hahenefa's ghost (legendary DsWn)
140374 | Zig:11   | Noticed Piash's ghost (master OgEE)
140387 | Zig:11   | Killed Xoveah's ghost
140396 | Zig:11   | Killed Piash's ghost
140406 | Zig:11   | Killed Hahenefa's ghost
140421 | Zig:11   | Gained mutation: You are frail. (-10% HP) [mutagenic glow]
140455 | Zig:11   | Killed Yllipt's ghost
140577 | Zig:11   | Lost mutation: Your muscles are strong. (Str +2) [potion of
                  | mutation]
140577 | Zig:11   | Lost mutation: You are frail. (-10% HP) [potion of
                  | mutation]
140577 | Zig:11   | Lost mutation: You sometimes yell uncontrollably at your
                  | foes. [potion of mutation]
140577 | Zig:11   | Lost mutation: You passively map a small area around you.
                  | [potion of mutation]
140577 | Zig:11   | Gained mutation: Your spells are a little easier to cast,
                  | but a little less powerful. [potion of mutation]
140577 | Zig:11   | Gained mutation: You are surrounded by a mild repulsion
                  | field. (EV +2) [potion of mutation]
140578 | Zig:11   | Lost mutation: You have an increased reservoir of magic.
                  | (+10% MP) [potion of mutation]
140578 | Zig:11   | Lost mutation: Your spells are a little easier to cast, but
                  | a little less powerful. [potion of mutation]
140578 | Zig:11   | Gained mutation: Scrolls take you a little longer to read.
                  | [potion of mutation]
140578 | Zig:11   | Gained mutation: You are surrounded by a moderate repulsion
                  | field. (EV +3) [potion of mutation]
140579 | Zig:11   | Lost mutation: Scrolls take you a little longer to read.
                  | [potion of mutation]
140579 | Zig:11   | Lost mutation: Your flesh is heat resistant. (rF+) [potion
                  | of mutation]
140579 | Zig:11   | Lost mutation: You occasionally shout uncontrollably at
                  | your foes. [potion of mutation]
140579 | Zig:11   | Gained mutation: Scrolls take you a little longer to read.
                  | [potion of mutation]
140579 | Zig:11   | Gained mutation: You passively map a small area around you.
                  | [potion of mutation]
140580 | Zig:11   | Lost mutation: Scrolls take you a little longer to read.
                  | [potion of mutation]
140580 | Zig:11   | Lost mutation: You passively map a small area around you.
                  | [potion of mutation]
140580 | Zig:11   | Gained mutation: Your flesh is heat resistant. (rF+)
                  | [potion of mutation]
140580 | Zig:11   | Gained mutation: You are weak. (Str -2) [potion of
                  | mutation]
140580 | Zig:11   | Gained mutation: You are agile. (Dex +2) [potion of
                  | mutation]
140611 | Zig:11   | Identified the +4 tower shield "Camyl" {+Blink rElec MP-9}
                  | (You found it on level 11 of a ziggurat)
140620 | Zig:12   | Entered Level 12 of a ziggurat
140648 | Zig:12   | Identified Sif Muna's Almanac of Orientation and
                  | Transmutation
140793 | Zig:13   | Entered Level 13 of a ziggurat
140802 | Zig:13   | Reached skill level 15 in Dodging
140928 | Zig:14   | Entered Level 14 of a ziggurat
140937 | Zig:14   | Noticed Giutur the pandemonium lord
140937 | Zig:14   | Noticed Zylihyes the pandemonium lord
140937 | Zig:14   | Noticed Lasik the pandemonium lord
140939 | Zig:14   | Noticed Jeloe the pandemonium lord
140940 | Zig:14   | Noticed Soizercho the pandemonium lord
140941 | Zig:14   | Killed Zylihyes the pandemonium lord
140943 | Zig:14   | Killed Lasik the pandemonium lord
140944 | Zig:14   | Noticed Byraeb the pandemonium lord
140945 | Zig:14   | Noticed Ceicipp the pandemonium lord
140946 | Zig:14   | Killed Soizercho the pandemonium lord
140946 | Zig:14   | Noticed Jeri the pandemonium lord
140947 | Zig:14   | Killed Giutur the pandemonium lord
140956 | Zig:14   | Killed Jeloe the pandemonium lord
140960 | Zig:14   | Noticed Xyoniderr the pandemonium lord
140971 | Zig:14   | Cast into level 4 of the Abyss (Xyoniderr)
140971 | Abyss:4  | Found a corrupted altar of Lugonu.
140971 | Abyss:4  | Found a corrupted altar of Lugonu.
141146 | Abyss:4  | Found a corrupted altar of Lugonu.
141161 | Abyss:4  | Found a corrupted altar of Lugonu.
141216 | Abyss:4  | Found a corrupted altar of Lugonu.
141297 | Abyss:4  | Paralysed by accursed screaming for 1 turns
141313 | Zig:14   | Escaped the Abyss
141318 | Zig:14   | Killed Byraeb the pandemonium lord
141328 | Zig:14   | Killed Ceicipp the pandemonium lord
141336 | Zig:14   | Killed Xyoniderr the pandemonium lord
141338 | Zig:14   | Killed Jeri the pandemonium lord
141473 | Zig:14   | Got a faintly glowing iron ring
141505 | Zig:14   | Identified the +12 plate armour "Maxaahen" {Int+3 SInv}
                  | (You found it on level 14 of a ziggurat)
141539 | Zig:15   | Entered Level 15 of a ziggurat
141547 | Zig:15   | Noticed an ancient lich
141548 | Zig:15   | Noticed an ancient lich
141551 | Zig:15   | Killed an ancient lich
141553 | Zig:15   | Killed an ancient lich
141700 | Zig:16   | Entered Level 16 of a ziggurat
141748 | Zig:16   | Identified the ring "Lira" {Wiz rC- MR++ Str+4 Slay+2} (You
                  | found it on level 16 of a ziggurat)
141752 | Zig:16   | Identified the ring "Koorch" {+Fly EV+4 Dex+2 Stlth+} (You
                  | found it on level 16 of a ziggurat)
141767 | Zig:16   | Identified the ring "Dixt" {+Fly Int+2} (You found it on
                  | level 14 of a ziggurat)
141810 | Zig:17   | Entered Level 17 of a ziggurat
141911 | Zig:17   | Identified the ring "Ylier" {rPois MR+ MP+9 Int+4} (You
                  | found it on level 17 of a ziggurat)
142344 | Zig:18   | Entered Level 18 of a ziggurat
142353 | Zig:18   | Noticed an ancient lich
142356 | Zig:18   | Killed an ancient lich
142356 | Zig:18   | Noticed an ancient lich
142357 | Zig:18   | Noticed an ancient lich
142358 | Zig:18   | Noticed an ancient lich
142358 | Zig:18   | Noticed an ancient lich
142359 | Zig:18   | Noticed an ancient lich
142361 | Zig:18   | Killed an ancient lich
142361 | Zig:18   | Killed an ancient lich
142362 | Zig:18   | Killed an ancient lich
142363 | Zig:18   | Killed an ancient lich
142366 | Zig:18   | Killed an ancient lich
142371 | Zig:18   | Found the +0 pair of fencer's gloves {Riposte Dex+3}
142501 | Zig:18   | Identified the ring of Nunadgh {+Fly rN+} (You found it on
                  | level 18 of a ziggurat)
142503 | Zig:18   | Identified the amulet "Ucwul" {Inacc rC- Str+7 SInv} (You
                  | found it on level 18 of a ziggurat)
142532 | Zig:18   | Identified the Reference Book on the Mutagenic Birds
142997 | Zig:19   | Entered Level 19 of a ziggurat
143000 | Zig:19   | Noticed a juggernaut
143000 | Zig:19   | Noticed a juggernaut
143001 | Zig:19   | Noticed a juggernaut
143007 | Zig:19   | Killed a juggernaut
143007 | Zig:19   | Killed a juggernaut
143012 | Zig:19   | Killed a juggernaut
143035 | Zig:19   | Found the +11 plutonium sword {*Contam Stlth-}
143035 | Zig:19   | Found the +2 shield of Resistance {rF++ rC++ MR++}
143226 | Zig:20   | Entered Level 20 of a ziggurat
143230 | Zig:20   | Noticed a juggernaut
143232 | Zig:20   | Noticed a juggernaut
143233 | Zig:20   | Noticed a juggernaut
143233 | Zig:20   | Noticed a juggernaut
143237 | Zig:20   | Killed a juggernaut
143237 | Zig:20   | Killed a juggernaut
143238 | Zig:20   | Killed a juggernaut
143249 | Zig:20   | Killed a juggernaut
143252 | Zig:20   | Found the +6 lightning scales {run, rElec}
143309 | Zig:20   | Identified the cursed -4 pair of gloves of Alubren {rPois
                  | Stlth+} (You found it on level 20 of a ziggurat)
143335 | Zig:20   | Identified the ring of Qolariax {rCorr Str+4} (You found it
                  | on level 20 of a ziggurat)
143388 | Zig:21   | Entered Level 21 of a ziggurat
143393 | Zig:21   | Noticed a greater mummy
143394 | Zig:21   | Noticed a greater mummy
143394 | Zig:21   | Noticed a greater mummy
143395 | Zig:21   | Noticed a greater mummy
143396 | Zig:21   | Noticed a greater mummy
143396 | Zig:21   | Noticed a greater mummy
143398 | Zig:21   | Noticed a greater mummy
143398 | Zig:21   | Noticed a greater mummy
143399 | Zig:21   | Killed a greater mummy
143399 | Zig:21   | Reached skill level 27 in Ice Magic
143399 | Zig:21   | Killed a greater mummy
143399 | Zig:21   | Killed a greater mummy
143399 | Zig:21   | Killed a greater mummy
143399 | Zig:21   | Noticed a greater mummy
143400 | Zig:21   | Killed a greater mummy
143400 | Zig:21   | Killed a greater mummy
143401 | Zig:21   | Noticed a greater mummy
143402 | Zig:21   | Killed a greater mummy
143402 | Zig:21   | Noticed a greater mummy
143403 | Zig:21   | Noticed a greater mummy
143404 | Zig:21   | Killed a greater mummy
143404 | Zig:21   | Killed a greater mummy
143404 | Zig:21   | Noticed a greater mummy
143404 | Zig:21   | Noticed a greater mummy
143404 | Zig:21   | Noticed a greater mummy
143405 | Zig:21   | Noticed a greater mummy
143407 | Zig:21   | Killed a greater mummy
143407 | Zig:21   | Killed a greater mummy
143407 | Zig:21   | Killed a greater mummy
143407 | Zig:21   | Killed a greater mummy
143408 | Zig:21   | Killed a greater mummy
143409 | Zig:21   | Killed a greater mummy
143410 | Zig:21   | Killed a greater mummy
143411 | Zig:21   | Noticed a greater mummy
143416 | Zig:21   | Killed a greater mummy
143563 | Zig:21   | Identified Sif Muna's Guide on Frigorific Transformation
143763 | Zig:22   | Entered Level 22 of a ziggurat
143796 | Zig:22   | Found the +10 morningstar "Eos" {elec, Halo rElec}
143845 | Zig:22   | Identified the Volume of Bewitching Combat Magic
143850 | Zig:22   | Identified the Guide on Supportive Hexes
143899 | Zig:22   | Identified Sif Muna's Guide on the Snowflakes
143939 | Zig:23   | Entered Level 23 of a ziggurat
143963 | Zig:23   | Found the +4 Cigotuvi's embrace {rRot *Drain rN+}
144054 | Zig:23   | Identified Sif Muna's Incunabulum of Toxins and Calling
144097 | Zig:23   | Identified the Disquisition on the Ensnaring Blaze
144150 | Zig:24   | Entered Level 24 of a ziggurat
144158 | Zig:24   | Noticed an ancient lich
144160 | Zig:24   | Noticed an ancient lich
144161 | Zig:24   | Killed an ancient lich
144162 | Zig:24   | Killed an ancient lich
144162 | Zig:24   | Noticed an ancient lich
144164 | Zig:24   | Noticed an ancient lich
144165 | Zig:24   | Killed an ancient lich
144166 | Zig:24   | Noticed an ancient lich
144166 | Zig:24   | Noticed an ancient lich
144169 | Zig:24   | Killed an ancient lich
144169 | Zig:24   | Killed an ancient lich
144169 | Zig:24   | Reached skill level 27 in Earth Magic
144169 | Zig:24   | Killed an ancient lich
144243 | Zig:24   | Identified the +2 kite shield "Kohuomov" {MR+} (You found
                  | it on level 24 of a ziggurat)
144307 | Zig:25   | Entered Level 25 of a ziggurat
144334 | Zig:25   | test
144364 | Zig:25   | Found the ring of the Mage {Wiz MR++ Int+3}
144397 | Zig:25   | Identified the ring "Kojups" {rF+ rC+ Str+5} (You found it
                  | on level 25 of a ziggurat)
144400 | Zig:25   | Identified the cursed ring "Jauni" {rC- rN+ Str-4 Slay+5
                  | Stlth+} (You found it on level 25 of a ziggurat)
144448 | Zig:26   | Entered Level 26 of a ziggurat
144463 | Zig:26   | Reached skill level 27 in Evocations
144579 | Zig:26   | Identified the ring of Ihu Ept {+Fly rElec rPois rC++
                  | Str+4} (You found it on level 26 of a ziggurat)
144584 | Zig:26   | Identified the Incunabulum of Igneous Companions
144632 | Zig:26   | Identified the ring "Wadaisas" {rF+ AC+4} (You found it on
                  | level 26 of a ziggurat)
144870 | Zig:27   | Entered Level 27 of a ziggurat
144906 | Zig:27   | Found the +4 moon troll leather armour {Spirit, Regen++
                  | MP+5}
144961 | Zig:27   | Reached skill level 27 in Dodging
144978 | Zig:27   | Identified the ring "Jounus" {+Blink rPois rC+ Dex-4} (You
                  | found it on level 27 of a ziggurat)
145059 | Depths:4 | Lost mutation: You are agile. (Dex +2) [potion of mutation]
145059 | Depths:4 | Lost mutation: Your flesh is heat resistant. (rF+) [potion
                  | of mutation]
145059 | Depths:4 | Lost mutation: You are weak. (Str -2) [potion of mutation]
145059 | Depths:4 | Gained mutation: Your flesh is heat resistant. (rF+)
                  | [potion of mutation]
145061 | Depths:4 | Lost mutation: You are surrounded by a moderate repulsion
                  | field. (EV +3) [potion of mutation]
145061 | Depths:4 | Lost mutation: Your flesh is heat resistant. (rF+) [potion
                  | of mutation]
145061 | Depths:4 | Lost mutation: You are surrounded by a mild repulsion
                  | field. (EV +2) [potion of mutation]
145061 | Depths:4 | Gained mutation: You are weak. (Str -2) [potion of
                  | mutation]
145061 | Depths:4 | Gained mutation: You occasionally shout uncontrollably at
                  | your foes. [potion of mutation]
145061 | Depths:4 | Gained mutation: You are partially covered in yellow
                  | scales. (AC +2) [potion of mutation]
145062 | Depths:4 | Lost mutation: You occasionally shout uncontrollably at
                  | your foes. [potion of mutation]
145062 | Depths:4 | Lost mutation: You are weak. (Str -2) [potion of mutation]
145062 | Depths:4 | Gained mutation: Your natural rate of healing is unusually
                  | fast. [potion of mutation]
145062 | Depths:4 | Gained mutation: You are agile. (Dex +2) [potion of
                  | mutation]
145062 | Depths:4 | Gained mutation: You have a pair of small antennae on your
                  | head. [potion of mutation]
145062 | Depths:4 | Gained mutation: You expend magic power (3 MP) to
                  | strengthen your wands. [potion of mutation]
145066 | Depths:4 | Lost mutation: You expend magic power (3 MP) to strengthen
                  | your wands. [potion of mutation]
145066 | Depths:4 | Lost mutation: You have a pair of small antennae on your
                  | head. [potion of mutation]
145066 | Depths:4 | Lost mutation: You are agile. (Dex +2) [potion of mutation]
145066 | Depths:4 | Gained mutation: You are weak. (Str -2) [potion of
                  | mutation]
145066 | Depths:4 | Gained mutation: Your flesh is cold resistant. (rC+)
                  | [potion of mutation]
145066 | Depths:4 | Lost mutation: You are weak. (Str -2) [potion of mutation]
145066 | Depths:4 | Gained mutation: You possess an exceptional clarity of
                  | mind. [potion of mutation]
145079 | Depths:4 | Lost mutation: You possess an exceptional clarity of mind.
                  | [potion of mutation]
145079 | Depths:4 | Lost mutation: Your flesh is cold resistant. (rC+) [potion
                  | of mutation]
145079 | Depths:4 | Lost mutation: You are partially covered in yellow scales.
                  | (AC +2) [potion of mutation]
145079 | Depths:4 | Gained mutation: Your spells are a little harder to cast,
                  | but a little more powerful. [potion of mutation]
145079 | Depths:4 | Gained mutation: You have a pair of small horns on your
                  | head. [potion of mutation]
145079 | Depths:4 | Gained mutation: Your spells are harder to cast, but more
                  | powerful. [potion of mutation]
145080 | Depths:4 | Lost mutation: Your spells are harder to cast, but more
                  | powerful. [potion of mutation]
145080 | Depths:4 | Lost mutation: Your natural rate of healing is unusually
                  | fast. [potion of mutation]
145080 | Depths:4 | Lost mutation: You have a pair of small horns on your head.
                  | [potion of mutation]
145080 | Depths:4 | Lost mutation: Your spells are a little harder to cast, but
                  | a little more powerful. [potion of mutation]
145080 | Depths:4 | Gained mutation: Your flesh is cold resistant. (rC+)
                  | [potion of mutation]
145080 | Depths:4 | Gained mutation: You are partially covered in large bone
                  | plates. (SH +4) [potion of mutation]
145080 | Depths:4 | Gained mutation: You are partially covered in yellow
                  | scales. (AC +2) [potion of mutation]
145080 | Depths:4 | Gained mutation: You are mostly covered in yellow scales.
                  | (AC +3) [potion of mutation]
145081 | Depths:4 | Lost mutation: Your flesh is cold resistant. (rC+) [potion
                  | of mutation]
145081 | Depths:4 | Gained mutation: You are somewhat resistant to further
                  | mutation. [potion of mutation]
145081 | Depths:4 | Gained mutation: You passively map a small area around you.
                  | [potion of mutation]
145082 | Depths:4 | Lost mutation: You are partially covered in large bone
                  | plates. (SH +4) [potion of mutation]
145082 | Depths:4 | Lost mutation: You passively map a small area around you.
                  | [potion of mutation]
145082 | Depths:4 | Gained mutation: You are covered in fur. (AC +1) [potion of
                  | mutation]
145083 | Depths:4 | Lost mutation: You are mostly covered in yellow scales. (AC
                  | +3) [potion of mutation]
145083 | Depths:4 | Lost mutation: You are covered in fur. (AC +1) [potion of
                  | mutation]
145083 | Depths:4 | Lost mutation: You are somewhat resistant to further
                  | mutation. [potion of mutation]
145083 | Depths:4 | Gained mutation: You are frail. (-10% HP) [potion of
                  | mutation]
145083 | Depths:4 | Gained mutation: You expend magic power (3 MP) to
                  | strengthen your wands. [potion of mutation]
145084 | Depths:4 | Lost mutation: You are partially covered in yellow scales.
                  | (AC +2) [potion of mutation]
145084 | Depths:4 | Lost mutation: You are frail. (-10% HP) [potion of
                  | mutation]
145084 | Depths:4 | Lost mutation: You expend magic power (3 MP) to strengthen
                  | your wands. [potion of mutation]
145084 | Depths:4 | Gained mutation: Your spells are a little easier to cast,
                  | but a little less powerful. [potion of mutation]
145084 | Depths:4 | Gained mutation: Your spells are easier to cast, but less
                  | powerful. [potion of mutation]
145084 | Depths:4 | Gained mutation: Your flesh is heat resistant. (rF+)
                  | [potion of mutation]
145085 | Depths:4 | Lost mutation: Your spells are easier to cast, but less
                  | powerful. [potion of mutation]
145085 | Depths:4 | Lost mutation: Your spells are a little easier to cast, but
                  | a little less powerful. [potion of mutation]
145085 | Depths:4 | Lost mutation: Your flesh is heat resistant. (rF+) [potion
                  | of mutation]
145085 | Depths:4 | Gained mutation: You are agile. (Dex +2) [potion of
                  | mutation]
145085 | Depths:4 | Gained mutation: Your body sometimes deteriorates upon
                  | taking damage. [potion of mutation]
145085 | Depths:4 | Gained mutation: You are partially covered in large bone
                  | plates. (SH +4) [potion of mutation]
145086 | Depths:4 | Lost mutation: You are agile. (Dex +2) [potion of mutation]
145086 | Depths:4 | Lost mutation: Your body sometimes deteriorates upon taking
                  | damage. [potion of mutation]
145086 | Depths:4 | Gained mutation: Your spells are a little easier to cast,
                  | but a little less powerful. [potion of mutation]
145086 | Depths:4 | Gained mutation: Your natural rate of healing is unusually
                  | fast. [potion of mutation]
145087 | Depths:4 | Lost mutation: Your natural rate of healing is unusually
                  | fast. [potion of mutation]
145087 | Depths:4 | Gained mutation: Your mind is acute. (Int +2) [potion of
                  | mutation]
145087 | Depths:4 | Gained mutation: You are agile. (Dex +2) [potion of
                  | mutation]
145088 | Depths:4 | Lost mutation: You are agile. (Dex +2) [potion of mutation]
145088 | Depths:4 | Lost mutation: Your mind is acute. (Int +2) [potion of
                  | mutation]
145088 | Depths:4 | Gained mutation: You tend to lose your temper in combat.
                  | [potion of mutation]
145088 | Depths:4 | Gained mutation: You are agile. (Dex +2) [potion of
                  | mutation]
145089 | Depths:4 | Lost mutation: You tend to lose your temper in combat.
                  | [potion of mutation]
145089 | Depths:4 | Lost mutation: Your spells are a little easier to cast, but
                  | a little less powerful. [potion of mutation]
145089 | Depths:4 | Gained mutation: You are partially covered in yellow
                  | scales. (AC +2) [potion of mutation]
145089 | Depths:4 | Gained mutation: You do not regenerate when monsters are
                  | visible. [potion of mutation]
145089 | Depths:4 | Gained mutation: You are partially covered in icy blue
                  | scales. (AC +2) [potion of mutation]
145090 | Depths:4 | Lost mutation: You are agile. (Dex +2) [potion of mutation]
145090 | Depths:4 | Lost mutation: You are partially covered in yellow scales.
                  | (AC +2) [potion of mutation]
145090 | Depths:4 | Lost mutation: You are partially covered in icy blue
                  | scales. (AC +2) [potion of mutation]
145090 | Depths:4 | Gained mutation: Your mind is acute. (Int +2) [potion of
                  | mutation]
145090 | Depths:4 | Gained mutation: You expend magic power (3 MP) to
                  | strengthen your wands. [potion of mutation]
145090 | Depths:4 | Gained mutation: You are somewhat resistant to further
                  | mutation. [potion of mutation]
145090 | Depths:4 | Gained mutation: You are robust. (+10% HP) [potion of
                  | mutation]
145148 | Depths:4 | Lost mutation: Your mind is acute. (Int +2) [potion of
                  | mutation]
145148 | Depths:4 | Lost mutation: You do not regenerate when monsters are
                  | visible. [potion of mutation]
145148 | Depths:4 | Lost mutation: You are partially covered in large bone
                  | plates. (SH +4) [potion of mutation]
145148 | Depths:4 | Gained mutation: You are resistant to electric shocks.
                  | (rElec) [potion of mutation]
145148 | Depths:4 | Gained mutation: Your system is resistant to poisons.
                  | (rPois) [potion of mutation]
145197 | Zig:1    | Entered Level 1 of a ziggurat
145227 | Zig:2    | Entered Level 2 of a ziggurat
145246 | Zig:3    | Entered Level 3 of a ziggurat
145263 | Zig:4    | Entered Level 4 of a ziggurat
145291 | Zig:5    | Entered Level 5 of a ziggurat
145317 | Zig:5    | Identified the Disquisition on Noxious Slavery
145409 | Zig:6    | Entered Level 6 of a ziggurat
145412 | Zig:6    | Noticed a greater mummy
145414 | Zig:6    | Noticed a greater mummy
145415 | Zig:6    | Killed a greater mummy
145417 | Zig:6    | Killed a greater mummy
145419 | Zig:6    | Found the +7 mace of Variability {chain chaos}
145450 | Zig:7    | Entered Level 7 of a ziggurat
145450 | Zig:7    | Noticed a greater mummy
145450 | Zig:7    | Noticed a greater mummy
145451 | Zig:7    | Noticed a greater mummy
145455 | Zig:7    | Killed a greater mummy
145456 | Zig:7    | Killed a greater mummy
145457 | Zig:7    | Killed a greater mummy
145597 | Zig:8    | Entered Level 8 of a ziggurat
145603 | Zig:8    | Reached skill level 15 in Hexes
145626 | Zig:8    | Identified the +6 plate armour of Compression {rElec rC+
                  | Str+4} (You found it on level 8 of a ziggurat)
145640 | Zig:8    | Identified the Compendium of Snow
145667 | Zig:9    | Entered Level 9 of a ziggurat
145671 | Zig:9    | Noticed a greater mummy
145672 | Zig:9    | Noticed a greater mummy
145675 | Zig:9    | Noticed a greater mummy
145676 | Zig:9    | Killed a greater mummy
145676 | Zig:9    | Killed a greater mummy
145681 | Zig:9    | Killed a greater mummy
146121 | Zig:10   | Entered Level 10 of a ziggurat
146123 | Zig:10   | Noticed a juggernaut
146123 | Zig:10   | Noticed a juggernaut
146128 | Zig:10   | Noticed a juggernaut
146134 | Zig:10   | Found the cursed necklace of Bloodlust {*Rage +Rage MR++
                  | Int-3 Slay+6 *Curse}
146137 | Zig:10   | Killed a juggernaut
146137 | Zig:10   | Killed a juggernaut
146139 | Zig:10   | Killed a juggernaut
146148 | Zig:10   | Got a slimy turquoise ring
146149 | Zig:10   | Identified the ring of Xuzigis {MR+ Dex+4 SInv Stlth+} (You
                  | found it on level 10 of a ziggurat)
146152 | Zig:10   | Got a shimmering ivory ring
146153 | Zig:10   | Identified the ring "Butamod" {*Tele rPois Int+2} (You
                  | found it on level 10 of a ziggurat)
146632 | Zig:11   | Entered Level 11 of a ziggurat
146688 | Zig:11   | Identified the Guide on Creative Attacks
146917 | Zig:12   | Entered Level 12 of a ziggurat
146921 | Zig:12   | Noticed a juggernaut
146924 | Zig:12   | Noticed a juggernaut
146924 | Zig:12   | Noticed a juggernaut
146924 | Zig:12   | Noticed a juggernaut
146924 | Zig:12   | Noticed a juggernaut
146924 | Zig:12   | Noticed a juggernaut
146927 | Zig:12   | Killed a juggernaut
146927 | Zig:12   | Killed a juggernaut
146927 | Zig:12   | Reached skill level 27 in Shields
146927 | Zig:12   | Reached skill level 1 in Stealth
146929 | Zig:12   | Killed a juggernaut
146931 | Zig:12   | Killed a juggernaut
146931 | Zig:12   | Killed a juggernaut
146932 | Zig:12   | Reached skill level 5 in Stealth
146932 | Zig:12   | Killed a juggernaut
147012 | Zig:13   | Entered Level 13 of a ziggurat
147017 | Zig:13   | Reached skill level 10 in Stealth
147032 | Zig:13   | Identified the Tome of the Escort
147059 | Zig:13   | Identified the Guide on Earthen Shape Shifting
147220 | Zig:14   | Entered Level 14 of a ziggurat
147226 | Zig:14   | Noticed an ancient lich
147227 | Zig:14   | Noticed an ancient lich
147228 | Zig:14   | Noticed an ancient lich
147229 | Zig:14   | Killed an ancient lich
147230 | Zig:14   | Killed an ancient lich
147232 | Zig:14   | Killed an ancient lich
147232 | Zig:14   | Noticed an ancient lich
147233 | Zig:14   | Noticed an ancient lich
147233 | Zig:14   | Noticed an ancient lich
147234 | Zig:14   | Killed an ancient lich
147236 | Zig:14   | Killed an ancient lich
147237 | Zig:14   | Killed an ancient lich
147422 | Zig:15   | Entered Level 15 of a ziggurat
147428 | Zig:15   | Noticed an ancient lich
147430 | Zig:15   | Noticed an ancient lich
147431 | Zig:15   | Reached skill level 15 in Stealth
147433 | Zig:15   | Reached skill level 27 in Necromancy
147433 | Zig:15   | Killed an ancient lich
147434 | Zig:15   | Killed an ancient lich
147437 | Zig:15   | Noticed an ancient lich
147441 | Zig:15   | Killed an ancient lich
147444 | Zig:15   | Found the +8 arc blade {discharge, rElec}
147562 | Zig:16   | Entered Level 16 of a ziggurat
147601 | Zig:16   | Got an ancient marble ring
147603 | Zig:16   | Identified the ring "Fofigica" {*Slow +Fly rF+ Str+7 SInv}
                  | (You found it on level 16 of a ziggurat)
147608 | Zig:16   | Identified the Volume of the Escort and the Glacier
147614 | Zig:16   | Identified the Almanac of Ashen Black Rituals
147782 | Zig:17   | Entered Level 17 of a ziggurat
147795 | Zig:17   | Noticed Risokk the pandemonium lord
147799 | Zig:17   | HP: 7/218 [blizzard demon/the air (8)]
147805 | Zig:17   | Found the +2 ratskin cloak {*Rats rPois rN+ Str-1 Int-1
                  | Dex+1}
148807 | Tomb:1   | Entered Level 1 of the Tomb of the Ancients
148904 | Tomb:1   | Noticed Mennas
148926 | Tomb:1   | Killed Mennas
149081 | Tomb:1   | Got a transparent golden ring
149190 | Tomb:1   | Noticed a greater mummy
149201 | Tomb:1   | Killed a greater mummy
149387 | Tomb:1   | Identified the ring of Echimn {Int+6 Dex+4}
149988 | Tomb:2   | Noticed a greater mummy
149988 | Tomb:2   | Noticed a greater mummy
149988 | Tomb:2   | Noticed a greater mummy
149989 | Tomb:2   | Noticed a greater mummy
149993 | Tomb:2   | Killed a greater mummy
149994 | Tomb:2   | Killed a greater mummy
149994 | Tomb:2   | Noticed Jory
149996 | Tomb:2   | Killed a greater mummy
149999 | Tomb:2   | Killed a greater mummy
150013 | Tomb:2   | Killed Jory
150553 | Tomb:1   | Noticed a greater mummy
150553 | Tomb:1   | Noticed a greater mummy
150562 | Tomb:1   | Killed a greater mummy
150568 | Tomb:1   | Killed a greater mummy
150569 | Tomb:1   | Noticed a greater mummy
150578 | Tomb:1   | Killed a greater mummy
150585 | Tomb:1   | Noticed a greater mummy
150592 | Tomb:1   | Killed a greater mummy
150874 | Tomb:1   | Noticed a greater mummy
150891 | Tomb:1   | Killed a greater mummy
150921 | Tomb:1   | Noticed a greater mummy
150922 | Tomb:1   | Noticed a greater mummy
150936 | Tomb:1   | Killed a greater mummy
150944 | Tomb:1   | Killed a greater mummy
150973 | Tomb:1   | Noticed a greater mummy
150973 | Tomb:1   | Noticed a greater mummy
150973 | Tomb:1   | Noticed a greater mummy
150983 | Tomb:1   | Killed a greater mummy
150983 | Tomb:1   | Killed a greater mummy
150983 | Tomb:1   | Killed a greater mummy
150987 | Tomb:1   | Noticed a greater mummy
150995 | Tomb:1   | Noticed a greater mummy
150999 | Tomb:1   | Noticed a greater mummy
151002 | Tomb:1   | Killed a greater mummy
151009 | Tomb:1   | Killed a greater mummy
151013 | Tomb:1   | Killed a greater mummy
151070 | Tomb:1   | Noticed a greater mummy
151079 | Tomb:1   | Killed a greater mummy
151099 | Tomb:1   | Noticed a greater mummy
151116 | Tomb:1   | Killed a greater mummy
151344 | Tomb:3   | Entered Level 3 of the Tomb of the Ancients
151355 | Tomb:3   | Noticed a greater mummy
151355 | Tomb:3   | Noticed a greater mummy
151355 | Tomb:3   | Noticed a greater mummy
151356 | Tomb:3   | Noticed a greater mummy
151356 | Tomb:3   | Noticed a greater mummy
151356 | Tomb:3   | Noticed a greater mummy
151361 | Tomb:3   | Noticed a greater mummy
151361 | Tomb:3   | Noticed a greater mummy
152233 | Tomb:3   | Killed a greater mummy
152233 | Tomb:3   | Killed a greater mummy
152234 | Tomb:3   | Killed a greater mummy
152235 | Tomb:3   | Killed a greater mummy
152235 | Tomb:3   | Killed a greater mummy
152236 | Tomb:3   | Killed a greater mummy
152237 | Tomb:3   | Killed a greater mummy
152238 | Tomb:3   | Noticed a greater mummy
152240 | Tomb:3   | Reached skill level 27 in Stealth
152240 | Tomb:3   | Killed a greater mummy
152245 | Tomb:3   | Killed a greater mummy
152260 | Tomb:3   | Found the +9 sword of Zonguldrok {reap}
152410 | Tomb:3   | Found the ring of Phasing {EV+8}
152436 | Tomb:3   | Identified the Volume of Ensnaring Calling
152441 | Tomb:3   | Identified Puogg's Sophisticated Witchery
152473 | Tomb:3   | Identified the Volume of the Birds and the Oath
152542 | Tomb:3   | Got a golden rune of Zot
153362 | Depths:4 | Identified the ring "Neumuur" {Int+4 SInv} (You found it on
                  | level 1 of the Tomb of the Ancients)
153372 | Zig:1    | Entered Level 1 of a ziggurat
153596 | Zig:2    | Entered Level 2 of a ziggurat
153871 | Zig:3    | Entered Level 3 of a ziggurat
153874 | Zig:3    | Paralysed by you for 6 turns
154087 | Zig:4    | Entered Level 4 of a ziggurat
154231 | Zig:5    | Entered Level 5 of a ziggurat
154262 | Zig:5    | Identified the Compendium of the Flying Entourage
154317 | Zig:6    | Entered Level 6 of a ziggurat
154319 | Zig:6    | Noticed an ancient lich
154324 | Zig:6    | Killed an ancient lich
154480 | Zig:7    | Entered Level 7 of a ziggurat
154625 | Zig:8    | Entered Level 8 of a ziggurat
154626 | Zig:8    | Noticed a greater mummy
154640 | Zig:8    | Killed a greater mummy
154741 | Zig:9    | Entered Level 9 of a ziggurat
154742 | Zig:9    | Noticed a greater mummy
154742 | Zig:9    | Noticed a greater mummy
154744 | Zig:9    | Noticed a greater mummy
154745 | Zig:9    | Noticed a greater mummy
154745 | Zig:9    | Noticed a greater mummy
154745 | Zig:9    | Noticed a greater mummy
154746 | Zig:9    | Killed a greater mummy
154747 | Zig:9    | Killed a greater mummy
154747 | Zig:9    | Noticed a greater mummy
154748 | Zig:9    | Killed a greater mummy
154748 | Zig:9    | Killed a greater mummy
154748 | Zig:9    | Killed a greater mummy
154753 | Zig:9    | Killed a greater mummy
154760 | Zig:9    | Killed a greater mummy
154821 | Zig:9    | Got a transparent steel amulet
154828 | Zig:9    | Identified the amulet "Quockaas" {Regen+ Dex+2} (You found
                  | it on level 9 of a ziggurat)
154858 | Zig:10   | Entered Level 10 of a ziggurat
154864 | Zig:10   | Noticed Epuy the pandemonium lord
154864 | Zig:10   | Noticed Faclae the pandemonium lord
154864 | Zig:10   | Noticed Teg Kyhowk the pandemonium lord
154865 | Zig:10   | Noticed Atept the pandemonium lord
154867 | Zig:10   | Noticed Cadu the pandemonium lord
154868 | Zig:10   | Killed Atept the pandemonium lord
154869 | Zig:10   | Killed Teg Kyhowk the pandemonium lord
154869 | Zig:10   | Noticed Zopeaps the pandemonium lord
154870 | Zig:10   | Killed Cadu the pandemonium lord
154870 | Zig:10   | Killed Epuy the pandemonium lord
154870 | Zig:10   | Noticed Qadded Oghuf the pandemonium lord
154877 | Zig:10   | Killed Zopeaps the pandemonium lord
154882 | Zig:10   | Killed Qadded Oghuf the pandemonium lord
154887 | Zig:10   | Killed Faclae the pandemonium lord
155234 | Zig:10   | Found the +6 Majin-Bo {vamp, MP+6 Int+6}
155249 | Zig:10   | Got a vibrating amethyst amulet
155268 | Zig:10   | Identified the amulet of Oqimm {Acrobat Str+3} (You found
                  | it on level 10 of a ziggurat)
155299 | Zig:11   | Entered Level 11 of a ziggurat
155413 | Zig:11   | Identified Sif Muna's Catalogue of Mutagenic Earth
155417 | Zig:11   | Identified the Collected Works on Supportive Lightness
155610 | Zig:12   | Entered Level 12 of a ziggurat
155659 | Zig:12   | Identified Zesmeh's Second Course in Spellcraft
155661 | Zig:12   | Identified the ring "Gebile" {rF+ MP+9 Stlth+} (You found
                  | it on level 12 of a ziggurat)
155686 | Zig:12   | Identified Sif Muna's Handbook of Hexes
155722 | Zig:13   | Entered Level 13 of a ziggurat
155911 | Zig:14   | Entered Level 14 of a ziggurat
155945 | Zig:14   | Found the +5 scythe "Finisher" {speed, eviscerate}
155947 | Zig:14   | Found the cursed +13 scythe of Curses {drain, *Curse}
155960 | Zig:14   | Got a sparkling wooden ring
155962 | Zig:14   | Identified the Disquisition on Dusty Summoning
155966 | Zig:14   | Identified the Collected Works on Poison and Snow
155976 | Zig:14   | Got a shimmering marble ring
155984 | Zig:14   | Identified the ring of Iffeuraz {rElec rC+ Int+4 Slay-6
                  | SInv} (You found it on level 14 of a ziggurat)
155987 | Zig:14   | Identified the ring "Vetedis" {*Tele rElec Dex+4} (You
                  | found it on level 14 of a ziggurat)
156030 | Zig:15   | Entered Level 15 of a ziggurat
156074 | Zig:15   | Got a bound amber ring
156079 | Zig:15   | Got a scintillating platinum ring
156081 | Zig:15   | Identified the ring of the Cast Vote {MP+9 Dex+2 Slay+4}
                  | (You found it on level 15 of a ziggurat)
156084 | Zig:15   | Identified the ring of Knowledge {rElec EV+4 Str-2 Int+2}
                  | (You found it on level 15 of a ziggurat)
156188 | Zig:16   | Entered Level 16 of a ziggurat
156196 | Zig:16   | Noticed a greater mummy
156196 | Zig:16   | Noticed a greater mummy
156197 | Zig:16   | Noticed a greater mummy
156200 | Zig:16   | Killed a greater mummy
156200 | Zig:16   | Noticed a greater mummy
156201 | Zig:16   | Killed a greater mummy
156201 | Zig:16   | Killed a greater mummy
156202 | Zig:16   | Noticed a greater mummy
156203 | Zig:16   | Noticed a greater mummy
156204 | Zig:16   | Noticed a greater mummy
156204 | Zig:16   | Noticed a greater mummy
156206 | Zig:16   | Killed a greater mummy
156206 | Zig:16   | Killed a greater mummy
156206 | Zig:16   | Killed a greater mummy
156207 | Zig:16   | Killed a greater mummy
156208 | Zig:16   | Killed a greater mummy
156255 | Zig:16   | Identified Qyrhybru's Handbook of Moulding and Conjuration
156259 | Zig:16   | Got a coiled pewter ring
156265 | Zig:16   | Identified the Papyrus of Evolution
156360 | Zig:17   | Entered Level 17 of a ziggurat
156409 | Zig:17   | Found the +5 robe of Night {Dark MR+ SInv}
156424 | Zig:18   | Entered Level 18 of a ziggurat
156466 | Zig:18   | Noticed a juggernaut
156468 | Zig:18   | Noticed a juggernaut
156469 | Zig:18   | Noticed a juggernaut
156471 | Zig:18   | Killed a juggernaut
156472 | Zig:18   | Killed a juggernaut
156472 | Zig:18   | Killed a juggernaut
156546 | Zig:18   | Got a crude turquoise ring
156547 | Zig:18   | Identified the ring "Uhetsuim" {rCorr Str+7 Int+4} (You
                  | found it on level 18 of a ziggurat)
156563 | Zig:18   | Got a steaming tin ring
156577 | Zig:18   | Acquired the +0 pair of gloves "Diuss" {MP+9 Stlth+}
156624 | Zig:18   | Identified the ring "Dyfebrel" {Fire +Inv Int+6} (You found
                  | it on level 16 of a ziggurat)
156626 | Zig:18   | Identified the ring of Daneyh {rN+ Str-3 Int+6 SInv} (You
                  | found it on level 18 of a ziggurat)
156707 | Zig:19   | Entered Level 19 of a ziggurat
156712 | Zig:19   | Noticed a greater mummy
156713 | Zig:19   | Noticed a greater mummy
156713 | Zig:19   | Noticed a greater mummy
156714 | Zig:19   | Noticed a greater mummy
156715 | Zig:19   | Noticed a greater mummy
156717 | Zig:19   | Noticed a greater mummy
156719 | Zig:19   | Noticed a greater mummy
156719 | Zig:19   | Killed a greater mummy
156719 | Zig:19   | Killed a greater mummy
156719 | Zig:19   | Noticed a greater mummy
156719 | Zig:19   | Noticed a greater mummy
156720 | Zig:19   | Killed a greater mummy
156720 | Zig:19   | Killed a greater mummy
156720 | Zig:19   | Killed a greater mummy
156721 | Zig:19   | Killed a greater mummy
156721 | Zig:19   | Noticed a greater mummy
156722 | Zig:19   | Noticed a greater mummy
156722 | Zig:19   | Noticed a greater mummy
156723 | Zig:19   | Killed a greater mummy
156723 | Zig:19   | Killed a greater mummy
156723 | Zig:19   | Noticed a greater mummy
156723 | Zig:19   | Noticed a greater mummy
156723 | Zig:19   | Noticed a greater mummy
156724 | Zig:19   | Killed a greater mummy
156724 | Zig:19   | Killed a greater mummy
156724 | Zig:19   | Noticed a greater mummy
156724 | Zig:19   | Noticed a greater mummy
156725 | Zig:19   | Killed a greater mummy
156725 | Zig:19   | Noticed a greater mummy
156726 | Zig:19   | Killed a greater mummy
156726 | Zig:19   | Reached skill level 27 in Throwing
156726 | Zig:19   | Killed a greater mummy
156726 | Zig:19   | Killed a greater mummy
156726 | Zig:19   | Noticed a greater mummy
156728 | Zig:19   | Noticed a greater mummy
156729 | Zig:19   | Killed a greater mummy
156729 | Zig:19   | Killed a greater mummy
156729 | Zig:19   | Reached skill level 5 in Translocations
156730 | Zig:19   | Killed a greater mummy
156730 | Zig:19   | Noticed a greater mummy
156731 | Zig:19   | Noticed a greater mummy
156732 | Zig:19   | Killed a greater mummy
156732 | Zig:19   | Killed a greater mummy
156732 | Zig:19   | Killed a greater mummy
156733 | Zig:19   | Noticed a greater mummy
156734 | Zig:19   | Killed a greater mummy
156735 | Zig:19   | Killed a greater mummy
156736 | Zig:19   | Noticed a greater mummy
156738 | Zig:19   | Killed a greater mummy
156741 | Zig:19   | Killed a greater mummy
156803 | Zig:19   | Identified Sif Muna's Reference Book on Flying Blows and
                  | Bruises
156815 | Zig:19   | Got a transparent lead amulet
156816 | Zig:19   | Identified the amulet of Hepliaklqana's Hatred {rElec MR+
                  | Regen+} (You found it on level 19 of a ziggurat)
156941 | Zig:20   | Entered Level 20 of a ziggurat
156953 | Zig:20   | Noticed an ancient lich
156957 | Zig:20   | Noticed an ancient lich
156958 | Zig:20   | Reached skill level 10 in Translocations
156959 | Zig:20   | Noticed an ancient lich
156959 | Zig:20   | Noticed an ancient lich
156960 | Zig:20   | Noticed an ancient lich
156962 | Zig:20   | Killed an ancient lich
156962 | Zig:20   | Noticed an ancient lich
156964 | Zig:20   | Killed an ancient lich
156964 | Zig:20   | Killed an ancient lich
156964 | Zig:20   | Killed an ancient lich
156964 | Zig:20   | Killed an ancient lich
156964 | Zig:20   | Killed an ancient lich
156964 | Zig:20   | Noticed an ancient lich
156967 | Zig:20   | Killed an ancient lich
156968 | Zig:20   | Reached skill level 15 in Translocations
157040 | Zig:20   | Got a faintly glowing bone ring
157041 | Zig:20   | Identified the ring of Suspicion {rN+ Stlth-} (You found it
                  | on level 20 of a ziggurat)
157175 | Zig:21   | Entered Level 21 of a ziggurat
157186 | Zig:21   | Paralysed by accursed screaming for 2 turns
157214 | Zig:21   | Killed a starcursed mass
157225 | Zig:21   | Paralysed by accursed screaming for 1 turns
157265 | Zig:21   | Got a smoking iron amulet
157729 | Zig:22   | Entered Level 22 of a ziggurat
157782 | Zig:22   | Acquired 322 gold pieces
157804 | Zig:22   | Got a shimmering lead ring
157885 | Zig:23   | Entered Level 23 of a ziggurat
157914 | Zig:23   | Found the +7 Spriggan's Knife {stab, EV+4 Stlth+}
157917 | Zig:23   | Found the +7 great mace "Firestarter" {inner flame, rF++}
158031 | Zig:23   | Got a slimy golden ring
158045 | Zig:23   | Identified the amulet of Ikhiozun {Spirit rF- Str+7} (You
                  | found it on level 21 of a ziggurat)
158053 | Zig:23   | Identified the ring "Xuonony" {rF+ MR+} (You found it on
                  | level 22 of a ziggurat)
158055 | Zig:23   | Identified the ring of Atitauc {MR+ MP+9} (You found it on
                  | level 23 of a ziggurat)
158213 | Zig:24   | Entered Level 24 of a ziggurat
158270 | Zig:24   | Got an ancient bronze ring
158273 | Zig:24   | Got a wavering platinum ring
158500 | Zig:24   | Identified the ring of the Enemy {MR+ Str+3 Int+6 Dex-3
                  | SInv} (You found it on level 24 of a ziggurat)
158509 | Zig:24   | Identified the ring of Soonef {Fire MR+ Dex+8 Stlth-} (You
                  | found it on level 24 of a ziggurat)
158670 | Zig:25   | Entered Level 25 of a ziggurat
158700 | Zig:25   | Reached skill level 27 in Translocations
158714 | Zig:25   | Found the +2 Maxwell's thermic engine {flame, freeze}
158716 | Zig:25   | Found the +2 robe of Vines {NoPotionHeal Regen+7}
158717 | Zig:25   | Found the +9 staff of Wucad Mu {channel}
158717 | Zig:25   | Found the +5 demon whip "Spellbinder" {antimagic, MR+}
158732 | Zig:25   | Identified Mafuh's Volume of Unholy Heat
158754 | Zig:25   | Got a pitted silver ring
158758 | Zig:25   | Paralysed by a floating eye for 4 turns
158762 | Zig:25   | Got a transparent tin ring
158766 | Zig:25   | Paralysed by a floating eye for 3 turns
158783 | Zig:25   | Identified Weod Kyow's Disquisition on Supportive Evil Arts
158788 | Zig:25   | Identified the Handbook of Companions and the Mountains
158814 | Zig:25   | Identified the ring of the Amoeba {rF+ Int+3} (You found it
                  | on level 25 of a ziggurat)
158817 | Zig:25   | Identified the ring "Ipakiegu" {MR+ Stlth+} (You found it
                  | on level 25 of a ziggurat)
158852 | Zig:26   | Entered Level 26 of a ziggurat
158881 | Zig:26   | Reached skill level 27 in Transmutations
159048 | Zig:26   | Got a heavily runed wooden ring
159053 | Zig:26   | Identified Ethaur's Almanac of Clay and Flight
159057 | Zig:26   | Identified the Tome of Enchanting Illusion
159061 | Zig:26   | Identified the Papyrus of Earth and Execration
159087 | Zig:26   | Acquired 1194 gold pieces
159110 | Zig:26   | Identified the cursed +1 plate armour of Kibusk {rF- Regen+
                  | rCorr Dex+6} (You found it on level 26 of a ziggurat)
159150 | Zig:26   | Identified the ring "Lekuassyhou" {+Blink rElec rPois Str-3
                  | Stlth+} (You found it on level 26 of a ziggurat)
159169 | Zig:27   | Entered Level 27 of a ziggurat
159236 | Zig:27   | Got a pitted platinum ring
159246 | Zig:27   | Identified the ring "Vuleafib" {rN+ Str+2 Dex+2 Stlth+}
                  | (You found it on level 27 of a ziggurat)
159249 | Zig:27   | Got a brightly glowing iron amulet
159250 | Zig:27   | Identified the amulet of Sukhod {RegenMP *Drain rF+ Dex+6
                  | SInv} (You found it on level 27 of a ziggurat)
159298 | Zig:27   | Got a clouded granite ring
159299 | Zig:27   | Identified the ring "Eklohig" {EV+4 Str+3 Int+2} (You found
                  | it on level 27 of a ziggurat)
159315 | Zig:27   | Identified the amulet of Fidun {Faith SInv} (You found it
                  | on level 27 of a ziggurat)
159488 | Zig:1    | Entered Level 1 of a ziggurat
159501 | Zig:2    | Entered Level 2 of a ziggurat
159524 | Zig:3    | Entered Level 3 of a ziggurat
159666 | Zig:4    | Entered Level 4 of a ziggurat
159700 | Zig:5    | Entered Level 5 of a ziggurat
159703 | Zig:5    | Noticed Bosuxiyv the pandemonium lord
159718 | Zig:5    | Killed Bosuxiyv the pandemonium lord
159826 | Zig:5    | Identified the +2 cloak of Ijicip {rElec} (You found it on
                  | level 5 of a ziggurat)
159957 | Zig:6    | Entered Level 6 of a ziggurat
159958 | Zig:6    | Noticed an ancient lich
159960 | Zig:6    | Noticed an ancient lich
159960 | Zig:6    | Noticed an ancient lich
159960 | Zig:6    | Noticed an ancient lich
159961 | Zig:6    | Noticed an ancient lich
159964 | Zig:6    | Killed an ancient lich
159964 | Zig:6    | Killed an ancient lich
159964 | Zig:6    | Killed an ancient lich
159964 | Zig:6    | Killed an ancient lich
159965 | Zig:6    | Killed an ancient lich
160202 | Zig:7    | Entered Level 7 of a ziggurat
160205 | Zig:7    | Noticed an ancient lich
160205 | Zig:7    | Noticed an ancient lich
160207 | Zig:7    | Noticed an ancient lich
160211 | Zig:7    | Killed an ancient lich
160212 | Zig:7    | Killed an ancient lich
160212 | Zig:7    | Killed an ancient lich
160284 | Zig:8    | Entered Level 8 of a ziggurat
160289 | Zig:8    | Noticed a juggernaut
160290 | Zig:8    | Noticed a juggernaut
160290 | Zig:8    | Noticed a juggernaut
160291 | Zig:8    | Noticed a juggernaut
160294 | Zig:8    | Killed a juggernaut
160294 | Zig:8    | Killed a juggernaut
160294 | Zig:8    | Killed a juggernaut
160295 | Zig:8    | Killed a juggernaut
160297 | Zig:8    | Found the +10 zealot's sword {holy, *Rage rN+ EV+3}
160305 | Zig:9    | Entered Level 9 of a ziggurat
160314 | Zig:9    | Found the ring of the Octopus King
160324 | Zig:9    | Identified the Handbook of Dislocated Poisoning
160327 | Zig:9    | Got a ring of the Octopus King
160329 | Zig:9    | Identified a ring of the Octopus King {rF+ AC+1 EV+1 Str+1
                  | Int+1 Dex+1} (You found it on level 9 of a ziggurat)
160335 | Zig:9    | Got a warped sapphire amulet
160361 | Zig:9    | Identified the amulet "Gyguih" {Acrobat Stlth+} (You found
                  | it on level 9 of a ziggurat)
160408 | Zig:10   | Entered Level 10 of a ziggurat
160438 | Zig:10   | Identified Jydeu's Volume of Cankerous Weightlessness
160440 | Zig:10   | Identified the Guide on Quantum Execration
160449 | Zig:10   | Got a smoking marble ring
160462 | Zig:10   | Got a twitching crystal amulet
160531 | Zig:11   | Entered Level 11 of a ziggurat
160566 | Zig:11   | Got a brightly glowing golden ring
160568 | Zig:11   | Got a glittering golden ring
160573 | Zig:11   | Identified the ring "Qamn" {Fire *Contam Str+2 Int+9} (You
                  | found it on level 10 of a ziggurat)
160577 | Zig:11   | Identified the ring of Weuppeopn {rElec Stlth+} (You found
                  | it on level 11 of a ziggurat)
160579 | Zig:11   | Identified the amulet "Coseammo" {Acrobat rF++ Stlth+} (You
                  | found it on level 10 of a ziggurat)
160581 | Zig:11   | Identified the ring "Ahickil" {rC- rN+ MR+++ Int-5 Slay+4}
                  | (You found it on level 11 of a ziggurat)
160632 | Zig:12   | Entered Level 12 of a ziggurat
160652 | Zig:12   | Reached skill level 27 in Hexes
160652 | Zig:12   | Reached skill level 1 in Staves
160694 | Zig:12   | Identified Sif Muna's Volume of Feathery Intoxication
160782 | Zig:13   | Entered Level 13 of a ziggurat
160792 | Zig:13   | Reached skill level 5 in Staves
160794 | Zig:13   | Reached skill level 10 in Staves
160798 | Zig:13   | Found the +8 lance "Wyrmbane" {slay drac, rPois rF+ rC+
                  | AC+3}
160809 | Zig:13   | Got a wavering pewter ring
160810 | Zig:13   | Identified the ring of the Greedy {Ice rElec rPois} (You
                  | found it on level 13 of a ziggurat)
160882 | Zig:13   | Got an ichor-stained demon blade
160883 | Zig:13   | Identified the +12 demon blade of the World {pain, Str+3}
                  | (You found it on level 13 of a ziggurat)
160965 | Zig:14   | Entered Level 14 of a ziggurat
160974 | Zig:14   | Noticed a juggernaut
160974 | Zig:14   | Noticed a juggernaut
160975 | Zig:14   | Noticed a juggernaut
160975 | Zig:14   | Noticed a juggernaut
160975 | Zig:14   | Noticed a juggernaut
160975 | Zig:14   | Noticed a juggernaut
160975 | Zig:14   | Noticed a juggernaut
160975 | Zig:14   | Noticed a juggernaut
160977 | Zig:14   | Noticed a juggernaut
160979 | Zig:14   | Killed a juggernaut
160979 | Zig:14   | Killed a juggernaut
160979 | Zig:14   | Reached skill level 15 in Staves
160980 | Zig:14   | Killed a juggernaut
160980 | Zig:14   | Killed a juggernaut
160980 | Zig:14   | Killed a juggernaut
160980 | Zig:14   | Killed a juggernaut
160980 | Zig:14   | Killed a juggernaut
160981 | Zig:14   | Killed a juggernaut
160981 | Zig:14   | Killed a juggernaut
160986 | Zig:14   | Found the +8 autumn katana {vorpal, Clar}
161200 | Zig:15   | Entered Level 15 of a ziggurat
161226 | Zig:15   | Found the +7 great mace "Undeadhunter" {disrupt, rN+}
161344 | Zig:15   | Got a vibrating gossamer ring
161353 | Zig:15   | Identified Tuus's Almanac of Destructive Displacement
161374 | Zig:15   | Got a bound copper ring
161418 | Zig:16   | Entered Level 16 of a ziggurat
161442 | Zig:16   | Noticed Hecerr the pandemonium lord
161452 | Zig:16   | Killed Hecerr the pandemonium lord
161559 | Zig:16   | Identified the Volume of the Arsonist and Flight
161631 | Zig:17   | Entered Level 17 of a ziggurat
161644 | Zig:17   | Noticed an orb of fire
161644 | Zig:17   | Noticed an orb of fire
161644 | Zig:17   | Noticed an orb of fire
161644 | Zig:17   | Noticed an orb of fire
161645 | Zig:17   | Noticed an orb of fire
161646 | Zig:17   | Noticed an orb of fire
161646 | Zig:17   | Noticed an orb of fire
161646 | Zig:17   | Noticed an orb of fire
161648 | Zig:17   | Noticed an orb of fire
161649 | Zig:17   | Noticed an orb of fire
161651 | Zig:17   | Noticed an orb of fire
161651 | Zig:17   | Killed an orb of fire
161652 | Zig:17   | Reached skill level 27 in Staves
161652 | Zig:17   | Noticed an orb of fire
161652 | Zig:17   | Noticed an orb of fire
161652 | Zig:17   | Noticed an orb of fire
161652 | Zig:17   | Noticed an orb of fire
161656 | Zig:17   | Killed an orb of fire
161658 | Zig:17   | Killed an orb of fire
161658 | Zig:17   | Killed an orb of fire
161659 | Zig:17   | Killed an orb of fire
161659 | Zig:17   | Killed an orb of fire
161661 | Zig:17   | Killed an orb of fire
161661 | Zig:17   | Killed an orb of fire
161669 | Zig:17   | Killed an orb of fire
161673 | Zig:17   | Killed an orb of fire
161673 | Zig:17   | Killed an orb of fire
161677 | Zig:17   | Killed an orb of fire
161682 | Zig:17   | Gained mutation: You are clumsy. (Dex -2) [an orb of fire]
161685 | Zig:17   | Killed an orb of fire
161686 | Zig:17   | Killed an orb of fire
161689 | Zig:17   | Killed an orb of fire
162065 | Zig:17   | Got a vibrating platinum amulet
162066 | Zig:17   | Identified the ring of Biefokij {rC+ Int+4} (You found it
                  | on level 15 of a ziggurat)
162068 | Zig:17   | Identified the ring of Contentment {rPois AC+4 Stlth+} (You
                  | found it on level 15 of a ziggurat)
162070 | Zig:17   | Identified the amulet of the Aged Wars {Acrobat MR++} (You
                  | found it on level 17 of a ziggurat)
162142 | Zig:18   | Entered Level 18 of a ziggurat
162180 | Zig:18   | Found the +8 frozen axe "Frostbite" {freezing cloud, *Noise
                  | +Fly rC+}
162300 | Zig:18   | Got a smoking lead ring
162374 | Zig:18   | Identified the ring "Ihiadyuh" {MP+9 Str+4 Slay+3} (You
                  | found it on level 18 of a ziggurat)
162399 | Zig:19   | Entered Level 19 of a ziggurat
162415 | Zig:19   | Noticed Getomuun the pandemonium lord
162415 | Zig:19   | Noticed Ovvit the pandemonium lord
162415 | Zig:19   | Noticed Xes Lehei the pandemonium lord
162415 | Zig:19   | Noticed Ruegeakk the pandemonium lord
162415 | Zig:19   | Noticed Ziphuwka the pandemonium lord
162416 | Zig:19   | Noticed Deumof the pandemonium lord
162456 | Zig:19   | Killed Xes Lehei the pandemonium lord
162466 | Zig:19   | Killed Ruegeakk the pandemonium lord
162467 | Zig:19   | Noticed Koaclac the pandemonium lord
162474 | Zig:19   | Noticed Waadixu the pandemonium lord
162474 | Zig:19   | Noticed Oryutzapp the pandemonium lord
162474 | Zig:19   | Noticed Fous the pandemonium lord
162485 | Zig:19   | Noticed Darauw the pandemonium lord
162485 | Zig:19   | Noticed Lyfrupsiocux the pandemonium lord
162488 | Zig:19   | Killed Waadixu the pandemonium lord
162489 | Zig:19   | Noticed Yluroa the pandemonium lord
162490 | Zig:19   | Noticed Utebb the pandemonium lord
162491 | Zig:19   | Killed Fous the pandemonium lord
162494 | Zig:19   | Noticed Nonej Woyp the pandemonium lord
162494 | Zig:19   | Noticed Foetzoen the pandemonium lord
162494 | Zig:19   | Noticed Cunayph the pandemonium lord
162495 | Zig:19   | Found the +4 robe of Augmentation {Str+4 Int+4 Dex+4}
162495 | Zig:19   | Noticed Utupnou the pandemonium lord
162495 | Zig:19   | Noticed Tasuylal the pandemonium lord
162495 | Zig:19   | Noticed Jiptitzuh the pandemonium lord
162495 | Zig:19   | Noticed Kudasch the pandemonium lord
162495 | Zig:19   | Noticed Huwimm the pandemonium lord
162495 | Zig:19   | Noticed Paimuseng the pandemonium lord
162495 | Zig:19   | Noticed Ysoikaos the pandemonium lord
162495 | Zig:19   | Noticed Yvvoj the pandemonium lord
162496 | Zig:19   | Noticed Aworer the pandemonium lord
162497 | Zig:19   | Noticed Qoisavus the pandemonium lord
162497 | Zig:19   | Noticed Wageluo the pandemonium lord
162497 | Zig:19   | Noticed Ippirr Wuif the pandemonium lord
162497 | Zig:19   | Noticed Coshoc the pandemonium lord
162503 | Zig:19   | Killed Huwimm the pandemonium lord
162503 | Zig:19   | Killed Yvvoj the pandemonium lord
162503 | Zig:19   | Killed Foetzoen the pandemonium lord
162503 | Zig:19   | Killed Ysoikaos the pandemonium lord
162503 | Zig:19   | Killed Ovvit the pandemonium lord
162503 | Zig:19   | Killed Paimuseng the pandemonium lord
162505 | Zig:19   | Killed Cunayph the pandemonium lord
162505 | Zig:19   | Killed Aworer the pandemonium lord
162507 | Zig:19   | Noticed Lesuh the pandemonium lord
162509 | Zig:20   | Entered Level 20 of a ziggurat
162555 | Zig:20   | Reached skill level 27 in Long Blades
162555 | Zig:20   | Reached skill level 1 in Unarmed Combat
162557 | Zig:20   | Reached skill level 5 in Unarmed Combat
162597 | Zig:20   | Reached skill level 10 in Unarmed Combat
162749 | Zig:20   | Got a warped emerald amulet
162751 | Zig:20   | Identified the Handbook of Darkness
162755 | Zig:20   | Got a steaming wooden ring
162766 | Zig:20   | Got a coiled lead amulet
162772 | Zig:20   | Identified the Handbook of Stolen Souls and Conjuration
162901 | Zig:20   | Identified the amulet of Pehym {Faith rC++ Str-2 Int+4}
                  | (You found it on level 20 of a ziggurat)
162903 | Zig:20   | Identified the ring "Vownitoi" {rPois Slay+2 Stlth-} (You
                  | found it on level 20 of a ziggurat)
162905 | Zig:20   | Identified the amulet "Qixug" {Acrobat +Inv rPois rF+++
                  | Str-2} (You found it on level 20 of a ziggurat)
163113 | Zig:21   | Entered Level 21 of a ziggurat
163137 | Zig:21   | Reached skill level 15 in Unarmed Combat
163147 | Zig:21   | Found the +12 Vampire's Tooth {vamp}
163210 | Zig:21   | Acquired 444 gold pieces
163214 | Zig:21   | Got a sparkling ivory ring
163225 | Zig:21   | Identified the Tome of Ensnaring Conjuration
163274 | Zig:21   | Got a scintillating turquoise ring
163282 | Zig:21   | Identified the ring of the Scarab {+Fly MR+ Int+5 Dex+4}
                  | (You found it on level 21 of a ziggurat)
163283 | Zig:21   | Identified the ring "Tili" {rElec rPois rF+++ Str-5 Stlth-}
                  | (You found it on level 21 of a ziggurat)
163338 | Zig:22   | Entered Level 22 of a ziggurat
163360 | Zig:22   | Identified the cursed +0 tower shield of Makhleb {rPois
                  | Str+3}
163375 | Zig:22   | Identified the +8 tower shield of Citef {Int+4}
163375 | Zig:22   | Identified the +4 tower shield "Sitrig" {Stlth+}
163399 | Zig:22   | Found the +2 hood of the Assassin {Detection Stab+ Stlth++}
163715 | Zig:23   | Entered Level 23 of a ziggurat
163760 | Zig:23   | Identified the +1 pair of gloves "Cileothru" {rCorr Str+2}
                  | (You found it on level 23 of a ziggurat)
163830 | Zig:23   | Identified Zoarchest's Disquisition on Entrancing Feathers
164028 | Zig:24   | Entered Level 24 of a ziggurat
164044 | Zig:24   | Reached skill level 27 in Unarmed Combat
164044 | Zig:24   | Reached skill level 1 in Polearms
164044 | Zig:24   | Reached skill level 5 in Polearms
164046 | Zig:24   | Reached skill level 10 in Polearms
164057 | Zig:24   | Reached skill level 15 in Polearms
164088 | Zig:24   | Identified the Compendium of Evil Venom
164165 | Zig:24   | Identified the Incunabulum of Moulding
164172 | Zig:24   | Identified the Tome of Virous Displacement
164174 | Zig:24   | Identified Uxater's Disquisition on Stones and Curses
164179 | Zig:24   | Identified the ring "Mefisk" {*Tele rF+ Str+4 Dex+3} (You
                  | found it on level 24 of a ziggurat)
164331 | Zig:25   | Entered Level 25 of a ziggurat
164663 | Zig:25   | Identified the ring "Qawuhysirch" {Ice Str+7 Slay-4} (You
                  | found it on level 25 of a ziggurat)
164665 | Zig:25   | Identified the ring of Vyraemy {rC+ MP+9} (You found it on
                  | level 25 of a ziggurat)
164753 | Zig:26   | Entered Level 26 of a ziggurat
164770 | Zig:26   | Noticed a juggernaut
164772 | Zig:26   | Noticed a juggernaut
164773 | Zig:26   | Noticed a juggernaut
164774 | Zig:26   | Noticed a juggernaut
164774 | Zig:26   | Noticed a juggernaut
164775 | Zig:26   | Killed a juggernaut
164775 | Zig:26   | Noticed a juggernaut
164775 | Zig:26   | Noticed a juggernaut
164776 | Zig:26   | Noticed a juggernaut
164777 | Zig:26   | Killed a juggernaut
164777 | Zig:26   | Killed a juggernaut
164777 | Zig:26   | Noticed a juggernaut
164778 | Zig:26   | Killed a juggernaut
164778 | Zig:26   | Killed a juggernaut
164778 | Zig:26   | Noticed a juggernaut
164778 | Zig:26   | Noticed a juggernaut
164780 | Zig:26   | Killed a juggernaut
164780 | Zig:26   | Killed a juggernaut
164780 | Zig:26   | Killed a juggernaut
164782 | Zig:26   | Killed a juggernaut
164782 | Zig:26   | Killed a juggernaut
164782 | Zig:26   | Noticed a juggernaut
164782 | Zig:26   | Noticed a juggernaut
164783 | Zig:26   | Killed a juggernaut
164784 | Zig:26   | Killed a juggernaut
164787 | Zig:26   | Killed a juggernaut
164793 | Zig:26   | Found the ring of the Octopus King
164800 | Zig:26   | Identified the Collected Works on Moulding and the
                  | Traveller
164809 | Zig:26   | Identified the amulet "Qoditt" {RegenMP Fragile rPois rF+++
                  | Int+3} (You found it on level 26 of a ziggurat)
164811 | Zig:26   | Identified a ring of the Octopus King {MP+9 AC+1 EV+1 Str+1
                  | Int+1 Dex+1} (You found it on level 26 of a ziggurat)
164818 | Zig:26   | Identified Nuitoroo's Tome of Unholy Rites
164915 | Zig:27   | Entered Level 27 of a ziggurat
164942 | Zig:27   | Reached skill level 27 in Polearms
164950 | Zig:27   | Found the +4 skin of Zhor {Englaciate rC+++ SInv}
164962 | Zig:27   | Found the +6 arbalest "Damnation" {damnation}
164978 | Zig:27   | Identified the Almanac of Unholy Rites and Air
164992 | Zig:27   | Identified the Tome of Contamination and Flight
165054 | Zig:27   | Identified the ring "Xeany" {MR++ EV+4 Str+6} (You found it
                  | on level 27 of a ziggurat)
165264 | Depths:4 | Lost mutation: You are clumsy. (Dex -2) [potion of
                  | mutation]
165265 | Depths:4 | Lost mutation: You are robust. (+10% HP) [potion of
                  | mutation]
165265 | Depths:4 | Lost mutation: You are resistant to electric shocks.
                  | (rElec) [potion of mutation]
165265 | Depths:4 | Lost mutation: You are somewhat resistant to further
                  | mutation. [potion of mutation]
165265 | Depths:4 | Gained mutation: You have supernaturally acute eyesight.
                  | (SInv) [potion of mutation]
165265 | Depths:4 | Gained mutation: Your spells are a little harder to cast,
                  | but a little more powerful. [potion of mutation]
165266 | Depths:4 | Lost mutation: You expend magic power (3 MP) to strengthen
                  | your wands. [potion of mutation]
165266 | Depths:4 | Lost mutation: Your spells are a little harder to cast, but
                  | a little more powerful. [potion of mutation]
165266 | Depths:4 | Gained mutation: Your mind is acute. (Int +2) [potion of
                  | mutation]
165266 | Depths:4 | Gained mutation: Your flesh is cold resistant. (rC+)
                  | [potion of mutation]
165266 | Depths:4 | Gained mutation: Your movements are slightly less
                  | encumbered by armour. (ER -2) [potion of mutation]
165266 | Depths:4 | Gained mutation: You are resistant to electric shocks.
                  | (rElec) [potion of mutation]
165267 | Depths:4 | Lost mutation: Your flesh is cold resistant. (rC+) [potion
                  | of mutation]
165267 | Depths:4 | Lost mutation: Your system is resistant to poisons. (rPois)
                  | [potion of mutation]
165267 | Depths:4 | Lost mutation: Your mind is acute. (Int +2) [potion of
                  | mutation]
165267 | Depths:4 | Gained mutation: Your spells are a little harder to cast,
                  | but a little more powerful. [potion of mutation]
165267 | Depths:4 | Gained mutation: You expend magic power (3 MP) to
                  | strengthen your wands. [potion of mutation]
165268 | Depths:4 | Lost mutation: You expend magic power (3 MP) to strengthen
                  | your wands. [potion of mutation]
165268 | Depths:4 | Lost mutation: Your spells are a little harder to cast, but
                  | a little more powerful. [potion of mutation]
165268 | Depths:4 | Lost mutation: Your movements are slightly less encumbered
                  | by armour. (ER -2) [potion of mutation]
165268 | Depths:4 | Gained mutation: You are dopey. (Int -2) [potion of
                  | mutation]
165268 | Depths:4 | Gained mutation: Armour fits poorly on your strangely
                  | shaped body. [potion of mutation]
165268 | Depths:4 | Gained mutation: Your flesh is heat resistant. (rF+)
                  | [potion of mutation]
165269 | Depths:4 | Lost mutation: You are resistant to electric shocks.
                  | (rElec) [potion of mutation]
165269 | Depths:4 | Lost mutation: Armour fits poorly on your strangely shaped
                  | body. [potion of mutation]
165269 | Depths:4 | Gained mutation: You are clumsy. (Dex -2) [potion of
                  | mutation]
165269 | Depths:4 | Gained mutation: You are partially covered in yellow
                  | scales. (AC +2) [potion of mutation]
165270 | Depths:4 | Lost mutation: You are partially covered in yellow scales.
                  | (AC +2) [potion of mutation]
165270 | Depths:4 | Lost mutation: You are dopey. (Int -2) [potion of mutation]
165270 | Depths:4 | Lost mutation: You are clumsy. (Dex -2) [potion of
                  | mutation]
165270 | Depths:4 | Gained mutation: Your magical capacity is low. (-10% MP)
                  | [potion of mutation]
165270 | Depths:4 | Gained mutation: You are partially covered in rugged brown
                  | scales. (AC +1, +3% HP) [potion of mutation]
165271 | Depths:4 | Lost mutation: You have supernaturally acute eyesight.
                  | (SInv) [potion of mutation]
165271 | Depths:4 | Lost mutation: Your magical capacity is low. (-10% MP)
                  | [potion of mutation]
165271 | Depths:4 | Lost mutation: Your flesh is heat resistant. (rF+) [potion
                  | of mutation]
165271 | Depths:4 | Lost mutation: You are partially covered in rugged brown
                  | scales. (AC +1, +3% HP) [potion of mutation]
165271 | Depths:4 | Gained mutation: You are resistant to electric shocks.
                  | (rElec) [potion of mutation]
165271 | Depths:4 | Gained mutation: You possess an exceptional clarity of
                  | mind. [potion of mutation]
165272 | Depths:4 | Lost mutation: You possess an exceptional clarity of mind.
                  | [potion of mutation]
165272 | Depths:4 | Gained mutation: You are dopey. (Int -2) [potion of
                  | mutation]
165272 | Depths:4 | Gained mutation: You are partially covered in large bone
                  | plates. (SH +4) [potion of mutation]
165272 | Depths:4 | Gained mutation: Armour fits poorly on your strangely
                  | shaped body. [potion of mutation]
165272 | Depths:4 | Gained mutation: You are agile. (Dex +2) [potion of
                  | mutation]
165273 | Depths:4 | Lost mutation: You are dopey. (Int -2) [potion of mutation]
165273 | Depths:4 | Lost mutation: You are partially covered in large bone
                  | plates. (SH +4) [potion of mutation]
165273 | Depths:4 | Lost mutation: You are agile. (Dex +2) [potion of mutation]
165273 | Depths:4 | Lost mutation: Armour fits poorly on your strangely shaped
                  | body. [potion of mutation]
165273 | Depths:4 | Gained mutation: You expend magic power (3 MP) to
                  | strengthen your wands. [potion of mutation]
165273 | Depths:4 | Gained mutation: You are frail. (-10% HP) [potion of
                  | mutation]
165273 | Depths:4 | Gained mutation: You are partially covered in large bone
                  | plates. (SH +4) [potion of mutation]
165274 | Depths:4 | Lost mutation: You are frail. (-10% HP) [potion of
                  | mutation]
165274 | Depths:4 | Lost mutation: You expend magic power (3 MP) to strengthen
                  | your wands. [potion of mutation]
165274 | Depths:4 | Gained mutation: You are clumsy. (Dex -2) [potion of
                  | mutation]
165274 | Depths:4 | Gained mutation: You have a pair of small antennae on your
                  | head. [potion of mutation]
165275 | Depths:4 | Lost mutation: You are partially covered in large bone
                  | plates. (SH +4) [potion of mutation]
165275 | Depths:4 | Lost mutation: You have a pair of small antennae on your
                  | head. [potion of mutation]
165275 | Depths:4 | Lost mutation: You are clumsy. (Dex -2) [potion of
                  | mutation]
165275 | Depths:4 | Gained mutation: You have a pair of small horns on your
                  | head. [potion of mutation]
165275 | Depths:4 | Gained mutation: You are weak. (Str -2) [potion of
                  | mutation]
165275 | Depths:4 | Gained mutation: Your movements are slightly less
                  | encumbered by armour. (ER -2) [potion of mutation]
165275 | Depths:4 | Gained mutation: Your flesh is cold resistant. (rC+)
                  | [potion of mutation]
165276 | Depths:4 | Lost mutation: You have a pair of small horns on your head.
                  | [potion of mutation]
165276 | Depths:4 | Lost mutation: You are weak. (Str -2) [potion of mutation]
165276 | Depths:4 | Lost mutation: Your flesh is cold resistant. (rC+) [potion
                  | of mutation]
165276 | Depths:4 | Lost mutation: Your movements are slightly less encumbered
                  | by armour. (ER -2) [potion of mutation]
165276 | Depths:4 | Gained mutation: You have a pair of small antennae on your
                  | head. [potion of mutation]
165276 | Depths:4 | Gained mutation: Your magical capacity is low. (-10% MP)
                  | [potion of mutation]
165276 | Depths:4 | Gained mutation: You are partially covered in slimy green
                  | scales. (AC +2) [potion of mutation]
165277 | Depths:4 | Lost mutation: You are resistant to electric shocks.
                  | (rElec) [potion of mutation]
165277 | Depths:4 | Lost mutation: Your magical capacity is low. (-10% MP)
                  | [potion of mutation]
165277 | Depths:4 | Gained mutation: You are dopey. (Int -2) [potion of
                  | mutation]
165277 | Depths:4 | Gained mutation: You possess an exceptional clarity of
                  | mind. [potion of mutation]
165278 | Depths:4 | Lost mutation: You possess an exceptional clarity of mind.
                  | [potion of mutation]
165278 | Depths:4 | Lost mutation: You have a pair of small antennae on your
                  | head. [potion of mutation]
165278 | Depths:4 | Gained mutation: You are resistant to electric shocks.
                  | (rElec) [potion of mutation]
165278 | Depths:4 | Gained mutation: You are somewhat resistant to further
                  | mutation. [potion of mutation]
165279 | Depths:4 | Lost mutation: You are somewhat resistant to further
                  | mutation. [potion of mutation]
165279 | Depths:4 | Lost mutation: You are dopey. (Int -2) [potion of mutation]
165279 | Depths:4 | Gained mutation: You are occasionally teleported next to
                  | monsters. [potion of mutation]
165279 | Depths:4 | Gained mutation: You are agile. (Dex +2) [potion of
                  | mutation]
165280 | Depths:4 | Lost mutation: You are agile. (Dex +2) [potion of mutation]
165280 | Depths:4 | Lost mutation: You are partially covered in slimy green
                  | scales. (AC +2) [potion of mutation]
165280 | Depths:4 | Lost mutation: You are occasionally teleported next to
                  | monsters. [potion of mutation]
165280 | Depths:4 | Gained mutation: You are partially covered in yellow
                  | scales. (AC +2) [potion of mutation]
165280 | Depths:4 | Gained mutation: Your magical capacity is low. (-10% MP)
                  | [potion of mutation]
165280 | Depths:4 | Gained mutation: You occasionally shout uncontrollably at
                  | your foes. [potion of mutation]
165280 | Depths:4 | Gained mutation: You are resistant to hostile enchantments.
                  | (MR+) [potion of mutation]
165281 | Depths:4 | Lost mutation: Your magical capacity is low. (-10% MP)
                  | [potion of mutation]
165281 | Depths:4 | Lost mutation: You are resistant to hostile enchantments.
                  | (MR+) [potion of mutation]
165281 | Depths:4 | Lost mutation: You occasionally shout uncontrollably at
                  | your foes. [potion of mutation]
165281 | Depths:4 | Lost mutation: You are partially covered in yellow scales.
                  | (AC +2) [potion of mutation]
165281 | Depths:4 | Gained mutation: You have a pair of small antennae on your
                  | head. [potion of mutation]
165281 | Depths:4 | Gained mutation: You are agile. (Dex +2) [potion of
                  | mutation]
165282 | Depths:4 | Lost mutation: You are agile. (Dex +2) [potion of mutation]
165282 | Depths:4 | Lost mutation: You have a pair of small antennae on your
                  | head. [potion of mutation]
165282 | Depths:4 | Lost mutation: You are resistant to electric shocks.
                  | (rElec) [potion of mutation]
165282 | Depths:4 | Gained mutation: Your flesh is cold resistant. (rC+)
                  | [potion of mutation]
165282 | Depths:4 | Gained mutation: You have a pair of small antennae on your
                  | head. [potion of mutation]
165282 | Depths:4 | Gained mutation: You are partially covered in slimy green
                  | scales. (AC +2) [potion of mutation]
165282 | Depths:4 | Gained mutation: You are partially covered in icy blue
                  | scales. (AC +2) [potion of mutation]
165283 | Depths:4 | Lost mutation: Your flesh is cold resistant. (rC+) [potion
                  | of mutation]
165283 | Depths:4 | Lost mutation: You have a pair of small antennae on your
                  | head. [potion of mutation]
165283 | Depths:4 | Lost mutation: You are partially covered in slimy green
                  | scales. (AC +2) [potion of mutation]
165283 | Depths:4 | Gained mutation: You are weak. (Str -2) [potion of
                  | mutation]
165283 | Depths:4 | Gained mutation: You can translocate small distances at
                  | will. [potion of mutation]
165283 | Depths:4 | Gained mutation: You have a pair of small antennae on your
                  | head. [potion of mutation]
165284 | Depths:4 | Lost mutation: You are weak. (Str -2) [potion of mutation]
165284 | Depths:4 | Lost mutation: You can translocate small distances at will.
                  | [potion of mutation]
165284 | Depths:4 | Lost mutation: You have a pair of small antennae on your
                  | head. [potion of mutation]
165284 | Depths:4 | Gained mutation: Potions are less effective at restoring
                  | your health. [potion of mutation]
165284 | Depths:4 | Gained mutation: Your muscles are strong. (Str +2) [potion
                  | of mutation]
165285 | Depths:4 | Lost mutation: Your muscles are strong. (Str +2) [potion of
                  | mutation]
165285 | Depths:4 | Lost mutation: Potions are less effective at restoring your
                  | health. [potion of mutation]
165285 | Depths:4 | Gained mutation: Your skin changes colour to match your
                  | surroundings (Stealth+). [potion of mutation]
165285 | Depths:4 | Lost mutation: Your skin changes colour to match your
                  | surroundings (Stealth+). [potion of mutation]
165285 | Depths:4 | Gained mutation: You are robust. (+10% HP) [potion of
                  | mutation]
165286 | Depths:4 | Lost mutation: You are robust. (+10% HP) [potion of
                  | mutation]
165286 | Depths:4 | Gained mutation: Armour fits poorly on your strangely
                  | shaped body. [potion of mutation]
165286 | Depths:4 | Gained mutation: You are agile. (Dex +2) [potion of
                  | mutation]
165286 | Depths:4 | Gained mutation: Your mind is acute. (Int +2) [potion of
                  | mutation]
165286 | Depths:4 | Gained mutation: Your system is resistant to poisons.
                  | (rPois) [potion of mutation]
165287 | Depths:4 | Lost mutation: You are agile. (Dex +2) [potion of mutation]
165287 | Depths:4 | Lost mutation: Your system is resistant to poisons. (rPois)
                  | [potion of mutation]
165287 | Depths:4 | Lost mutation: Your mind is acute. (Int +2) [potion of
                  | mutation]
165287 | Depths:4 | Gained mutation: You are agile. (Dex +2) [potion of
                  | mutation]
165287 | Depths:4 | Gained mutation: You are resistant to hostile enchantments.
                  | (MR+) [potion of mutation]
165287 | Depths:4 | Gained mutation: You have an increased reservoir of magic.
                  | (+10% MP) [potion of mutation]
165288 | Depths:4 | Lost mutation: You are agile. (Dex +2) [potion of mutation]
165288 | Depths:4 | Lost mutation: You are resistant to hostile enchantments.
                  | (MR+) [potion of mutation]
165288 | Depths:4 | Lost mutation: Armour fits poorly on your strangely shaped
                  | body. [potion of mutation]
165288 | Depths:4 | Gained mutation: You evolve. [potion of mutation]
165288 | Depths:4 | Gained mutation: Your system is resistant to poisons.
                  | (rPois) [potion of mutation]
165289 | Depths:4 | Lost mutation: Your system is resistant to poisons. (rPois)
                  | [potion of mutation]
165289 | Depths:4 | Lost mutation: You are partially covered in icy blue
                  | scales. (AC +2) [potion of mutation]
165289 | Depths:4 | Gained mutation: You are clumsy. (Dex -2) [potion of
                  | mutation]
165289 | Depths:4 | Gained mutation: You occasionally shout uncontrollably at
                  | your foes. [potion of mutation]
165289 | Depths:4 | Gained mutation: You tend to lose your temper in combat.
                  | [potion of mutation]
165289 | Depths:4 | Gained mutation: You are partially covered in thin metallic
                  | scales. (AC +2) [potion of mutation]
165290 | Depths:4 | Lost mutation: You are clumsy. (Dex -2) [potion of
                  | mutation]
165290 | Depths:4 | Lost mutation: You evolve. [potion of mutation]
165290 | Depths:4 | Lost mutation: You are partially covered in thin metallic
                  | scales. (AC +2) [potion of mutation]
165290 | Depths:4 | Lost mutation: You tend to lose your temper in combat.
                  | [potion of mutation]
165290 | Depths:4 | Gained mutation: You are agile. (Dex +2) [potion of
                  | mutation]
165290 | Depths:4 | Gained mutation: You have supernaturally acute eyesight.
                  | (SInv) [potion of mutation]
165291 | Depths:4 | Lost mutation: You have an increased reservoir of magic.
                  | (+10% MP) [potion of mutation]
165291 | Depths:4 | Lost mutation: You are agile. (Dex +2) [potion of mutation]
165291 | Depths:4 | Lost mutation: You occasionally shout uncontrollably at
                  | your foes. [potion of mutation]
165291 | Depths:4 | Gained mutation: Your magical capacity is low. (-10% MP)
                  | [potion of mutation]
165291 | Depths:4 | Gained mutation: You tend to lose your temper in combat.
                  | [potion of mutation]
165291 | Depths:4 | Gained mutation: Your spells are a little harder to cast,
                  | but a little more powerful. [potion of mutation]
165292 | Depths:4 | Lost mutation: You tend to lose your temper in combat.
                  | [potion of mutation]
165292 | Depths:4 | Lost mutation: Your magical capacity is low. (-10% MP)
                  | [potion of mutation]
165292 | Depths:4 | Gained mutation: You can translocate small distances at
                  | will. [potion of mutation]
165292 | Depths:4 | Gained mutation: You are robust. (+10% HP) [potion of
                  | mutation]
165292 | Depths:4 | Gained mutation: You are partially covered in iridescent
                  | scales. (AC +2) [potion of mutation]
165347 | Depths:4 | Lost mutation: Your spells are a little harder to cast, but
                  | a little more powerful. [potion of mutation]
165347 | Depths:4 | Lost mutation: You are robust. (+10% HP) [potion of
                  | mutation]
165347 | Depths:4 | Gained mutation: You have a pair of small antennae on your
                  | head. [potion of mutation]
165347 | Depths:4 | Gained mutation: You are partially covered in rugged brown
                  | scales. (AC +1, +3% HP) [potion of mutation]
165348 | Depths:4 | Lost mutation: You have a pair of small antennae on your
                  | head. [potion of mutation]
165348 | Depths:4 | Lost mutation: You have supernaturally acute eyesight.
                  | (SInv) [potion of mutation]
165348 | Depths:4 | Lost mutation: You can translocate small distances at will.
                  | [potion of mutation]
165348 | Depths:4 | Gained mutation: Your spells are a little easier to cast,
                  | but a little less powerful. [potion of mutation]
165348 | Depths:4 | Gained mutation: Your mind is acute. (Int +2) [potion of
                  | mutation]
165349 | Depths:4 | Lost mutation: Your mind is acute. (Int +2) [potion of
                  | mutation]
165349 | Depths:4 | Lost mutation: You are partially covered in iridescent
                  | scales. (AC +2) [potion of mutation]
165349 | Depths:4 | Lost mutation: You are partially covered in rugged brown
                  | scales. (AC +1, +3% HP) [potion of mutation]
165349 | Depths:4 | Gained mutation: You are dopey. (Int -2) [potion of
                  | mutation]
165349 | Depths:4 | Lost mutation: You are dopey. (Int -2) [potion of mutation]
165349 | Depths:4 | Gained mutation: You occasionally shout uncontrollably at
                  | your foes. [potion of mutation]
165349 | Depths:4 | Gained mutation: You have a pair of small horns on your
                  | head. [potion of mutation]
165350 | Depths:4 | Lost mutation: You occasionally shout uncontrollably at
                  | your foes. [potion of mutation]
165350 | Depths:4 | Lost mutation: You have a pair of small horns on your head.
                  | [potion of mutation]
165350 | Depths:4 | Lost mutation: Your spells are a little easier to cast, but
                  | a little less powerful. [potion of mutation]
165350 | Depths:4 | Gained mutation: Your flesh is heat resistant. (rF+)
                  | [potion of mutation]
165350 | Depths:4 | Gained mutation: You tend to lose your temper in combat.
                  | [potion of mutation]
165350 | Depths:4 | Lost mutation: You tend to lose your temper in combat.
                  | [potion of mutation]
165351 | Depths:4 | Lost mutation: Your flesh is heat resistant. (rF+) [potion
                  | of mutation]
165351 | Depths:4 | Gained mutation: You are frail. (-10% HP) [potion of
                  | mutation]
165351 | Depths:4 | Gained mutation: Scrolls take you a little longer to read.
                  | [potion of mutation]
165351 | Depths:4 | Gained mutation: You have a somewhat thin skeletal
                  | structure. (Dex +2, Stealth) [potion of mutation]
165351 | Depths:4 | Gained mutation: You are covered in fur. (AC +1) [potion of
                  | mutation]
165352 | Depths:4 | Lost mutation: Scrolls take you a little longer to read.
                  | [potion of mutation]
165352 | Depths:4 | Lost mutation: You are frail. (-10% HP) [potion of
                  | mutation]
165352 | Depths:4 | Gained mutation: You are robust. (+10% HP) [potion of
                  | mutation]
165352 | Depths:4 | Gained mutation: You are very robust. (+20% HP) [potion of
                  | mutation]
165812 | Zig:1    | Entered Level 1 of a ziggurat
165830 | Zig:2    | Entered Level 2 of a ziggurat
165854 | Zig:3    | Entered Level 3 of a ziggurat
165880 | Zig:3    | Identified the Papyrus of Bewitching Displacement
165885 | Zig:4    | Entered Level 4 of a ziggurat
165906 | Zig:4    | Got a slimy bronze amulet
165907 | Zig:4    | Identified the amulet "Hasy" {Inacc MP+9 Int-5 Dex+10 SInv}
                  | (You found it on level 4 of a ziggurat)
165963 | Zig:5    | Entered Level 5 of a ziggurat
165970 | Zig:5    | Found the +0 sword of Power
166149 | Zig:6    | Entered Level 6 of a ziggurat
166316 | Zig:7    | Entered Level 7 of a ziggurat
166373 | Zig:7    | Identified the +5 kite shield of Egalitarianism {rPois
                  | Regen+} (You found it on level 7 of a ziggurat)
166460 | Zig:8    | Entered Level 8 of a ziggurat
166604 | Zig:9    | Entered Level 9 of a ziggurat
166615 | Zig:9    | Noticed Tiluri the pandemonium lord
166625 | Zig:9    | Killed Tiluri the pandemonium lord
166698 | Zig:9    | Lost mutation: You have a somewhat thin skeletal structure.
                  | (Dex +2, Stealth) [mutagenic glow]
166772 | Zig:9    | Found the +8 storm bow {elec, penet}
166774 | Zig:9    | Found the ring of the Octopus King
166782 | Zig:9    | Got a vibrating granite ring
166783 | Zig:9    | Identified the ring of Qofal {rC+ rCorr} (You found it on
                  | level 9 of a ziggurat)
166793 | Zig:9    | Identified the Handbook of Spatial Flames
166803 | Zig:9    | Got a ring of the Octopus King
166804 | Zig:9    | Identified a ring of the Octopus King {rN+ AC+1 EV+1 Str+1
                  | Int+1 Dex+1} (You found it on level 9 of a ziggurat)
166855 | Zig:10   | Entered Level 10 of a ziggurat
166868 | Zig:10   | Found the +3 pair of gauntlets of War {Slay+5}
166875 | Zig:10   | Found the +0 mask of the Dragon {MR+ Slay+3 SInv}
166911 | Zig:10   | Got a scorched marble ring
166912 | Zig:10   | Identified the ring of Dalustil {rElec MR+ Str+2 Int-4}
                  | (You found it on level 10 of a ziggurat)
166997 | Zig:11   | Entered Level 11 of a ziggurat
167005 | Zig:11   | Noticed an ancient lich
167006 | Zig:11   | Noticed an ancient lich
167008 | Zig:11   | Noticed an ancient lich
167008 | Zig:11   | Noticed an ancient lich
167011 | Zig:11   | Killed an ancient lich
167012 | Zig:11   | Killed an ancient lich
167012 | Zig:11   | Killed an ancient lich
167012 | Zig:11   | Killed an ancient lich
167015 | Zig:11   | Found the ring of the Octopus King
167064 | Zig:12   | Entered Level 12 of a ziggurat
167103 | Zig:12   | Identified the Guide on Harmful Ice
167121 | Zig:12   | Identified the amulet of San Neh {Acrobat rC- rN+++ Int+3
                  | Slay-4} (You found it on level 12 of a ziggurat)
167129 | Zig:12   | Identified the ring of Cofem {rElec rPois rF+ rN+} (You
                  | found it on level 12 of a ziggurat)
167291 | Zig:13   | Entered Level 13 of a ziggurat
167336 | Zig:13   | Identified the Reference Book on the Frostbite and
                  | Malediction
167354 | Zig:13   | Identified the amulet of the Invisible Scars {Faith MR+}
                  | (You found it on level 13 of a ziggurat)
167393 | Zig:14   | Entered Level 14 of a ziggurat
167427 | Zig:14   | Found the ring of the Octopus King
167435 | Zig:14   | Identified the Papyrus of Flight and the Frostbite
167446 | Zig:14   | Identified the Guide on the Noxious Oath
167461 | Zig:14   | Identified the cursed ring of Xuceudd {rF+ AC-4} (You found
                  | it on level 14 of a ziggurat)
167467 | Zig:14   | Identified a ring of the Octopus King {rC+ AC+1 EV+1 Str+1
                  | Int+1 Dex+1} (You found it on level 14 of a ziggurat)
167557 | Zig:15   | Entered Level 15 of a ziggurat
167564 | Zig:15   | Noticed a greater mummy
167564 | Zig:15   | Noticed a greater mummy
167565 | Zig:15   | Noticed a greater mummy
167565 | Zig:15   | Noticed a greater mummy
167566 | Zig:15   | Noticed a greater mummy
167567 | Zig:15   | Killed a greater mummy
167567 | Zig:15   | Killed a greater mummy
167567 | Zig:15   | Noticed a greater mummy
167568 | Zig:15   | Killed a greater mummy
167568 | Zig:15   | Killed a greater mummy
167568 | Zig:15   | Killed a greater mummy
167569 | Zig:15   | Noticed a greater mummy
167569 | Zig:15   | Noticed a greater mummy
167571 | Zig:15   | Noticed a greater mummy
167571 | Zig:15   | Noticed a greater mummy
167572 | Zig:15   | Killed a greater mummy
167572 | Zig:15   | Killed a greater mummy
167572 | Zig:15   | Noticed a greater mummy
167572 | Zig:15   | Noticed a greater mummy
167574 | Zig:15   | Killed a greater mummy
167574 | Zig:15   | Noticed a greater mummy
167574 | Zig:15   | Noticed a greater mummy
167575 | Zig:15   | Killed a greater mummy
167575 | Zig:15   | Noticed a greater mummy
167576 | Zig:15   | Killed a greater mummy
167576 | Zig:15   | Killed a greater mummy
167577 | Zig:15   | Killed a greater mummy
167577 | Zig:15   | Killed a greater mummy
167577 | Zig:15   | Killed a greater mummy
167577 | Zig:15   | Noticed a greater mummy
167579 | Zig:15   | Killed a greater mummy
167579 | Zig:15   | Noticed a greater mummy
167579 | Zig:15   | Noticed a greater mummy
167581 | Zig:15   | Killed a greater mummy
167581 | Zig:15   | Noticed a greater mummy
167583 | Zig:15   | Killed a greater mummy
167583 | Zig:15   | Killed a greater mummy
167586 | Zig:15   | Killed a greater mummy
168060 | Zig:15   | Identified the +2 pair of gloves "Myfuqusu" {rElec Int+5
                  | Slay-6} (You found it on level 15 of a ziggurat)
168100 | Zig:16   | Entered Level 16 of a ziggurat
168134 | Zig:16   | Found the +4 dagger "Morg" {pain, MR+ Int+5}
168178 | Zig:16   | Identified the ring "Ymuggapoos" {Wiz rF+} (You found it on
                  | level 16 of a ziggurat)
168181 | Zig:16   | Identified the amulet of Charity {Reflect rElec rF++ Slay-6
                  | SH+5} (You found it on level 16 of a ziggurat)
168320 | Zig:17   | Entered Level 17 of a ziggurat
168351 | Zig:17   | Found the +8 Wrath of Trog {antimagic, *Rage}
168367 | Zig:17   | Identified the ring of Light {rC+ AC+4 Int-3 Slay+5 SInv}
                  | (You found it on level 17 of a ziggurat)
168370 | Zig:17   | Lost mutation: You are very robust. (+20% HP) [mutagenic
                  | glow]
168394 | Zig:17   | Identified the ring "Ciytzara" {Wiz rF+} (You found it on
                  | level 17 of a ziggurat)
168414 | Zig:17   | Identified Sif Muna's Handbook of the Entourage and Heat
168419 | Zig:17   | Identified the cursed +0 pair of gloves of Beogh's Anger
                  | {Rampage rCorr Str+7 Stlth-} (You found it on level 17 of a
                  | ziggurat)
168425 | Zig:17   | Got a pair of twisted gloves
168436 | Zig:17   | Identified the cursed +0 pair of gloves of Dogma {rC+} (You
                  | found it on level 17 of a ziggurat)
168470 | Zig:18   | Entered Level 18 of a ziggurat
168516 | Zig:18   | Identified Sif Muna's Collected Works on the Shifting
                  | Escort
168543 | Zig:18   | Got a warped ivory ring
168544 | Zig:18   | Identified the ring of Atiduegugy {Wiz *Contam +Blink rPois
                  | MR+++} (You found it on level 18 of a ziggurat)
168552 | Zig:18   | Got a wavering lapis lazuli ring
168558 | Zig:18   | Identified the ring "Rudgh" {*Contam rElec rPois MP+9
                  | Slay+4} (You found it on level 18 of a ziggurat)
168669 | Zig:18   | Lost mutation: You are robust. (+10% HP) [potion of
                  | mutation]
168669 | Zig:18   | Lost mutation: You are covered in fur. (AC +1) [potion of
                  | mutation]
168669 | Zig:18   | Gained mutation: You are partially covered in slimy green
                  | scales. (AC +2) [potion of mutation]
168669 | Zig:18   | Gained mutation: You are clumsy. (Dex -2) [potion of
                  | mutation]
168669 | Zig:18   | Gained mutation: Your flesh is heat resistant. (rF+)
                  | [potion of mutation]
168669 | Zig:18   | Gained mutation: You possess an exceptional clarity of
                  | mind. [potion of mutation]
168670 | Zig:18   | Lost mutation: You are clumsy. (Dex -2) [potion of
                  | mutation]
168670 | Zig:18   | Lost mutation: Your flesh is heat resistant. (rF+) [potion
                  | of mutation]
168670 | Zig:18   | Lost mutation: You are partially covered in slimy green
                  | scales. (AC +2) [potion of mutation]
168670 | Zig:18   | Gained mutation: Your body sometimes deteriorates upon
                  | taking damage. [potion of mutation]
168670 | Zig:18   | Gained mutation: You are agile. (Dex +2) [potion of
                  | mutation]
168670 | Zig:18   | Gained mutation: You have a somewhat thin skeletal
                  | structure. (Dex +2, Stealth) [potion of mutation]
168671 | Zig:18   | Lost mutation: You possess an exceptional clarity of mind.
                  | [potion of mutation]
168671 | Zig:18   | Gained mutation: You have sharp fingernails. [potion of
                  | mutation]
168671 | Zig:18   | Gained mutation: You tend to lose your temper in combat.
                  | [potion of mutation]
168671 | Zig:18   | Gained mutation: You expend magic power (3 MP) to
                  | strengthen your wands. [potion of mutation]
168672 | Zig:18   | Lost mutation: You have sharp fingernails. [potion of
                  | mutation]
168672 | Zig:18   | Lost mutation: You are agile. (Dex +2) [potion of mutation]
168672 | Zig:18   | Gained mutation: Armour fits poorly on your strangely
                  | shaped body. [potion of mutation]
168672 | Zig:18   | Gained mutation: Your mind is acute. (Int +2) [potion of
                  | mutation]
168673 | Zig:18   | Lost mutation: Your mind is acute. (Int +2) [potion of
                  | mutation]
168673 | Zig:18   | Lost mutation: Armour fits poorly on your strangely shaped
                  | body. [potion of mutation]
168673 | Zig:18   | Gained mutation: Armour fits poorly on your strangely
                  | shaped body. [potion of mutation]
168673 | Zig:18   | Gained mutation: You are covered in fur. (AC +1) [potion of
                  | mutation]
168674 | Zig:18   | Lost mutation: Armour fits poorly on your strangely shaped
                  | body. [potion of mutation]
168674 | Zig:18   | Lost mutation: Your body sometimes deteriorates upon taking
                  | damage. [potion of mutation]
168674 | Zig:18   | Lost mutation: You tend to lose your temper in combat.
                  | [potion of mutation]
168674 | Zig:18   | Lost mutation: You are covered in fur. (AC +1) [potion of
                  | mutation]
168674 | Zig:18   | Gained mutation: You are agile. (Dex +2) [potion of
                  | mutation]
168674 | Zig:18   | Gained mutation: Armour fits poorly on your strangely
                  | shaped body. [potion of mutation]
168674 | Zig:18   | Gained mutation: Your system is resistant to poisons.
                  | (rPois) [potion of mutation]
168675 | Zig:18   | Lost mutation: Armour fits poorly on your strangely shaped
                  | body. [potion of mutation]
168675 | Zig:18   | Lost mutation: You are agile. (Dex +2) [potion of mutation]
168675 | Zig:18   | Gained mutation: Your magical capacity is low. (-10% MP)
                  | [potion of mutation]
168675 | Zig:18   | Gained mutation: You have a pair of small horns on your
                  | head. [potion of mutation]
168675 | Zig:18   | Gained mutation: You are agile. (Dex +2) [potion of
                  | mutation]
168676 | Zig:18   | Lost mutation: You have a pair of small horns on your head.
                  | [potion of mutation]
168676 | Zig:18   | Lost mutation: You expend magic power (3 MP) to strengthen
                  | your wands. [potion of mutation]
168676 | Zig:18   | Lost mutation: You are agile. (Dex +2) [potion of mutation]
168676 | Zig:18   | Gained mutation: Your body sometimes deteriorates upon
                  | taking damage. [potion of mutation]
168676 | Zig:18   | Gained mutation: You tend to lose your temper in combat.
                  | [potion of mutation]
168676 | Zig:18   | Lost mutation: Your magical capacity is low. (-10% MP)
                  | [potion of mutation]
168677 | Zig:18   | Lost mutation: Your system is resistant to poisons. (rPois)
                  | [potion of mutation]
168677 | Zig:18   | Lost mutation: You tend to lose your temper in combat.
                  | [potion of mutation]
168677 | Zig:18   | Lost mutation: Your body sometimes deteriorates upon taking
                  | damage. [potion of mutation]
168677 | Zig:18   | Gained mutation: Your muscles are strong. (Str +2) [potion
                  | of mutation]
168677 | Zig:18   | Gained mutation: You are clumsy. (Dex -2) [potion of
                  | mutation]
168677 | Zig:18   | Gained mutation: You are partially covered in thin metallic
                  | scales. (AC +2) [potion of mutation]
168678 | Zig:18   | Lost mutation: You are clumsy. (Dex -2) [potion of
                  | mutation]
168678 | Zig:18   | Lost mutation: You are partially covered in thin metallic
                  | scales. (AC +2) [potion of mutation]
168678 | Zig:18   | Lost mutation: Your muscles are strong. (Str +2) [potion of
                  | mutation]
168678 | Zig:18   | Gained mutation: You expend magic power (3 MP) to
                  | strengthen your wands. [potion of mutation]
168678 | Zig:18   | Gained mutation: Your system is resistant to poisons.
                  | (rPois) [potion of mutation]
168679 | Zig:18   | Lost mutation: Your system is resistant to poisons. (rPois)
                  | [potion of mutation]
168679 | Zig:18   | Lost mutation: You expend magic power (3 MP) to strengthen
                  | your wands. [potion of mutation]
168679 | Zig:18   | Gained mutation: Your spells are a little easier to cast,
                  | but a little less powerful. [potion of mutation]
168679 | Zig:18   | Gained mutation: You have a pair of small horns on your
                  | head. [potion of mutation]
168679 | Zig:18   | Gained mutation: Your muscles are strong. (Str +2) [potion
                  | of mutation]
168680 | Zig:18   | Lost mutation: Your spells are a little easier to cast, but
                  | a little less powerful. [potion of mutation]
168680 | Zig:18   | Lost mutation: Your muscles are strong. (Str +2) [potion of
                  | mutation]
168680 | Zig:18   | Lost mutation: You have a pair of small horns on your head.
                  | [potion of mutation]
168680 | Zig:18   | Gained mutation: Scrolls take you a little longer to read.
                  | [potion of mutation]
168680 | Zig:18   | Gained mutation: You are partially covered in large bone
                  | plates. (SH +4) [potion of mutation]
168681 | Zig:18   | Lost mutation: Scrolls take you a little longer to read.
                  | [potion of mutation]
168681 | Zig:18   | Lost mutation: You have a somewhat thin skeletal structure.
                  | (Dex +2, Stealth) [potion of mutation]
168681 | Zig:18   | Gained mutation: You expend magic power (3 MP) to
                  | strengthen your wands. [potion of mutation]
168681 | Zig:18   | Gained mutation: You have a somewhat thin skeletal
                  | structure. (Dex +2, Stealth) [potion of mutation]
168682 | Zig:18   | Lost mutation: You expend magic power (3 MP) to strengthen
                  | your wands. [potion of mutation]
168682 | Zig:18   | Lost mutation: You are partially covered in large bone
                  | plates. (SH +4) [potion of mutation]
168682 | Zig:18   | Gained mutation: Scrolls take you a little longer to read.
                  | [potion of mutation]
168682 | Zig:18   | Gained mutation: You have a pair of small horns on your
                  | head. [potion of mutation]
168683 | Zig:18   | Lost mutation: You have a pair of small horns on your head.
                  | [potion of mutation]
168683 | Zig:18   | Lost mutation: Scrolls take you a little longer to read.
                  | [potion of mutation]
168683 | Zig:18   | Gained mutation: You do not regenerate when monsters are
                  | visible. [potion of mutation]
168683 | Zig:18   | Gained mutation: You are robust. (+10% HP) [potion of
                  | mutation]
168684 | Zig:18   | Lost mutation: You do not regenerate when monsters are
                  | visible. [potion of mutation]
168684 | Zig:18   | Lost mutation: You are robust. (+10% HP) [potion of
                  | mutation]
168684 | Zig:18   | Lost mutation: You have a somewhat thin skeletal structure.
                  | (Dex +2, Stealth) [potion of mutation]
168684 | Zig:18   | Gained mutation: You possess an exceptional clarity of
                  | mind. [potion of mutation]
168684 | Zig:18   | Gained mutation: Your spells are a little harder to cast,
                  | but a little more powerful. [potion of mutation]
168684 | Zig:18   | Lost mutation: You possess an exceptional clarity of mind.
                  | [potion of mutation]
168684 | Zig:18   | Gained mutation: You can translocate small distances at
                  | will. [potion of mutation]
168685 | Zig:18   | Lost mutation: Your spells are a little harder to cast, but
                  | a little more powerful. [potion of mutation]
168685 | Zig:18   | Gained mutation: You are partially covered in yellow
                  | scales. (AC +2) [potion of mutation]
168685 | Zig:18   | Gained mutation: You are dopey. (Int -2) [potion of
                  | mutation]
168685 | Zig:18   | Gained mutation: You possess an exceptional clarity of
                  | mind. [potion of mutation]
168685 | Zig:18   | Gained mutation: You have supernaturally acute eyesight.
                  | (SInv) [potion of mutation]
168714 | Zig:19   | Entered Level 19 of a ziggurat
168759 | Zig:19   | Found the +7 Singing Sword {vorpal, sonic wave}
168890 | Zig:20   | Entered Level 20 of a ziggurat
168905 | Zig:20   | Noticed an ancient lich
168905 | Zig:20   | Noticed an ancient lich
168908 | Zig:20   | Noticed an ancient lich
168912 | Zig:20   | Killed an ancient lich
168912 | Zig:20   | Killed an ancient lich
168912 | Zig:20   | Killed an ancient lich
168913 | Zig:20   | Noticed an ancient lich
168921 | Zig:20   | Killed an ancient lich
168922 | Zig:20   | Noticed an ancient lich
168923 | Zig:20   | Noticed an ancient lich
168924 | Zig:20   | Noticed an ancient lich
168927 | Zig:20   | Killed an ancient lich
168927 | Zig:20   | Killed an ancient lich
168927 | Zig:20   | Killed an ancient lich
168931 | Zig:20   | Noticed an ancient lich
168936 | Zig:20   | Killed an ancient lich
169053 | Zig:21   | Entered Level 21 of a ziggurat
169099 | Zig:21   | Found the amulet of the Four Winds {rN+ MR+++ Clar}
169165 | Zig:21   | Identified Godaazith's Incunabulum of Unstable Envenoming
169223 | Zig:21   | Identified the ring "Teafavor" {Fire +Fly rPois Int+3
                  | Dex+6} (You found it on level 21 of a ziggurat)
169228 | Zig:21   | Identified the ring of Lozigoqa {rPois rC- Str+6} (You
                  | found it on level 21 of a ziggurat)
169632 | Zig:22   | Entered Level 22 of a ziggurat
169642 | Zig:22   | Reached skill level 27 in Short Blades
169665 | Zig:22   | Found the +8 whip "Snakebite" {curare, rPois}
169676 | Zig:22   | Got a scintillating amber ring
169750 | Zig:22   | Identified Sif Muna's Handbook of Creative Intoxication
169783 | Zig:23   | Entered Level 23 of a ziggurat
169850 | Zig:23   | Identified the cursed +0 cloak of Efriacee {*Corrode Int+8}
                  | (You found it on level 23 of a ziggurat)
169964 | Zig:23   | Identified the Guide on the Voyage and Conjuration
169977 | Zig:23   | Identified the Volume of Congealing Heat
170099 | Zig:24   | Entered Level 24 of a ziggurat
170115 | Zig:24   | Noticed an ancient lich
170118 | Zig:24   | Noticed an ancient lich
170120 | Zig:24   | Killed an ancient lich
170120 | Zig:24   | Killed an ancient lich
170120 | Zig:24   | Noticed an ancient lich
170124 | Zig:24   | Killed an ancient lich
170124 | Zig:24   | Noticed an ancient lich
170125 | Zig:24   | Noticed an ancient lich
170126 | Zig:24   | Killed an ancient lich
170126 | Zig:24   | Noticed an ancient lich
170128 | Zig:24   | Killed an ancient lich
170128 | Zig:24   | Noticed an ancient lich
170128 | Zig:24   | Noticed an ancient lich
170128 | Zig:24   | Noticed an ancient lich
170128 | Zig:24   | Noticed an ancient lich
170128 | Zig:24   | Noticed an ancient lich
170129 | Zig:24   | Killed an ancient lich
170130 | Zig:24   | Killed an ancient lich
170130 | Zig:24   | Noticed an ancient lich
170131 | Zig:24   | Noticed an ancient lich
170131 | Zig:24   | Killed an ancient lich
170131 | Zig:24   | Killed an ancient lich
170131 | Zig:24   | Killed an ancient lich
170131 | Zig:24   | Killed an ancient lich
170132 | Zig:24   | Killed an ancient lich
170132 | Zig:24   | Killed an ancient lich
170133 | Zig:24   | Noticed an ancient lich
170136 | Zig:24   | Noticed an ancient lich
170137 | Zig:24   | Killed an ancient lich
170138 | Zig:24   | Killed an ancient lich
170138 | Zig:24   | Noticed an ancient lich
170142 | Zig:24   | Killed an ancient lich
170466 | Zig:24   | Found the +9 staff of Olgreb {rPois∞}
170493 | Zig:24   | Identified the Disquisition on the Snowflakes and Flight
170579 | Zig:25   | Entered Level 25 of a ziggurat
170590 | Zig:25   | Noticed Vockaett the pandemonium lord
170590 | Zig:25   | Noticed Anogot the pandemonium lord
170592 | Zig:25   | Killed Anogot the pandemonium lord
170593 | Zig:25   | Noticed Yran the pandemonium lord
170594 | Zig:25   | Killed Vockaett the pandemonium lord
170598 | Zig:25   | Killed Yran the pandemonium lord
170599 | Zig:25   | Noticed Ylihyox the pandemonium lord
170601 | Zig:25   | Killed Ylihyox the pandemonium lord
170604 | Zig:25   | Noticed Junwaivu the pandemonium lord
170605 | Zig:25   | Noticed Otunyjeps the pandemonium lord
170605 | Zig:25   | Noticed Tyosishri the pandemonium lord
170605 | Zig:25   | Noticed Cicwe the pandemonium lord
170608 | Zig:25   | Killed Junwaivu the pandemonium lord
170608 | Zig:25   | Noticed Aptum the pandemonium lord
170609 | Zig:25   | Killed Cicwe the pandemonium lord
170609 | Zig:25   | Noticed Ziocihat the pandemonium lord
170609 | Zig:25   | Noticed Koyll the pandemonium lord
170610 | Zig:25   | Killed Otunyjeps the pandemonium lord
170610 | Zig:25   | Noticed Mustrimi the pandemonium lord
170611 | Zig:25   | Noticed Qerch the pandemonium lord
170611 | Zig:25   | Killed Tyosishri the pandemonium lord
170612 | Zig:25   | Noticed Aqomudo the pandemonium lord
170613 | Zig:25   | Killed Mustrimi the pandemonium lord
170613 | Zig:25   | Noticed Moufruw the pandemonium lord
170613 | Zig:25   | Noticed Uplud the pandemonium lord
170613 | Zig:25   | Noticed Ytoll the pandemonium lord
170614 | Zig:25   | Killed Aqomudo the pandemonium lord
170614 | Zig:25   | Noticed Urufroadghy the pandemonium lord
170614 | Zig:25   | Noticed Wytigua the pandemonium lord
170614 | Zig:25   | Noticed Ewofrur the pandemonium lord
170617 | Zig:25   | Killed Urufroadghy the pandemonium lord
170617 | Zig:25   | Noticed Iteviw the pandemonium lord
170617 | Zig:25   | Noticed Puettus the pandemonium lord
170618 | Zig:25   | Noticed Ugoatona the pandemonium lord
170618 | Zig:25   | Noticed Xued the pandemonium lord
170618 | Zig:25   | Noticed Geihuol the pandemonium lord
170619 | Zig:25   | Noticed Asameji the pandemonium lord
170622 | Zig:25   | Noticed Difeemyr the pandemonium lord
170622 | Zig:25   | Noticed Taikkaoq the pandemonium lord
170622 | Zig:25   | Noticed Mucoh the pandemonium lord
170622 | Zig:25   | Noticed Duyrut the pandemonium lord
170622 | Zig:25   | Noticed Goal the pandemonium lord
170622 | Zig:25   | Noticed Lead the pandemonium lord
170622 | Zig:25   | Noticed Larhiule the pandemonium lord
170622 | Zig:25   | Noticed Piekesto the pandemonium lord
170622 | Zig:25   | Noticed Teximub the pandemonium lord
170622 | Zig:25   | Noticed Dotontad the pandemonium lord
170623 | Zig:25   | Noticed Muerav the pandemonium lord
170634 | Zig:25   | Killed Piekesto the pandemonium lord
170635 | Zig:25   | Killed Teximub the pandemonium lord
170642 | Zig:25   | Noticed Livucoho the pandemonium lord
170644 | Zig:25   | Killed Livucoho the pandemonium lord
170645 | Zig:25   | Noticed Qib Veho the pandemonium lord
170646 | Zig:25   | Noticed Fianasm the pandemonium lord
170647 | Zig:25   | Noticed Jank the pandemonium lord
170648 | Zig:25   | Noticed Bocligow the pandemonium lord
170648 | Zig:25   | Noticed Ywkoadd the pandemonium lord
170649 | Zig:25   | Killed Qib Veho the pandemonium lord
170649 | Zig:25   | Noticed Ututhrit the pandemonium lord
170649 | Zig:25   | Noticed Bytav the pandemonium lord
170649 | Zig:25   | Noticed Ephe the pandemonium lord
170650 | Zig:25   | Noticed Heixzeum the pandemonium lord
170650 | Zig:25   | Killed Fianasm the pandemonium lord
170651 | Zig:25   | Noticed Giricici the pandemonium lord
170652 | Zig:25   | Killed from afar by Ywkoadd the pandemonium lord

Illustrated notes

▓▓............†.
▓▓...........†[†.
▓▓........††..†.) .
▓▓.......##....†# ))
▓▓........##..)).##)..
▓▓..........)†.).))††)†
▓▓..........)..NN†..).††
▓.∩........(....L...)†).
▓▓.............)†††)))).
▓▓....(...............t
▓▓........##.....##...
▓▓.......##....s# ..
▓▓....(......††). .
▓▓........†).)†))
▓▓............). ▓▓...
....


Turn 144334 on Zig:25: test

Levels and vault maps discovered:
D:1:      minmay_arrival_open_corners, layout_basic
D:2:      layout_basic, ashenzari_conservatory_becter, grunt_ministairs_2,
          st_stairs_14, uniq_sigmund
D:3:      layout_loops_ring, serial_rivers, chequers_serial_rivers_micro_e,
          chequers_serial_rivers_micro_b, chequers_serial_rivers_large_a,
          chequers_serial_rivers_micro_c, kennysheep_donut,
          uniq_crazy_yiuf_cottage, uniq_jessica, uniq_ijyb, uniq_terence
D:4:      layout_loops_corners, nicolae_ru_awakened_eye, bloody_trog, uniq_robin
D:5:      minmay_chambers_of_fours, layout_basic, vehumet_statue
D:6:      layout_cave_pods, old_standard_altar, kennysheep_mini_moat,
          nemelex_xobeh_ov_fountains_minmay, gammafunk_ghost_abyssal_escape,
          serial_shops, nicolae_shop_statue_plus, minmay_shop_damaged
D:7:      layout_rooms, minmay_temple_entry_hall, basic_altar,
          lemuel_mausoleum_altar_kikubaaqudgha, uniq_menkaure
D:8:      layout_loops_cross, tso_metal_star, uniq_psyche
D:9:      layout_loops_ring, nicolae_overflow_hidden_temple,
          ebering_dispersal_statue_hall
D:10:     layout_cave_pools, david_lair_shrubbed, david_orc_3, serial_shops,
          nicolae_shop_competitors_out_of_business, dk_rats_in_the_wall
D:11:     layout_roguey, serial_glass, glass_columns_a, glass_columns_a,
          lemuel_centaur_altar
D:12:     layout_rooms, enter_bailey_2, serial_shops,
          nicolae_shop_temple_entry_statues_fountains
D:13:     layout_irregular_city, grunt_vaults_entry_tiered
D:14:     layout_rooms, minivault_14, gauntlet_entry_generic, drop_trap,
          uniq_jorgrun
D:15:     grunt_enter_depths_snipers, layout_loops_corners, serial_shops, shop,
          minmay_misc_feat_encased
Temple:   jpeg_temple_clearing
Lair:1:   layout_hall_layers
Lair:2:   layout_cave_pods, grunt_megastairs_1, serial_bayou_shore_a,
          lemuel_fruit_fields
Lair:3:   layout_layer_cave, dummy_spider_entry, worms_lemuel
Lair:4:   layout_concentric_octagons, minmay_swamp_entry_worms
Lair:5:   layout_gridlike, chequers_serial_rivers_large_b,
          infiniplex_staircase_pool, grunt_megastairs_3
Lair:6:   guppyfry_lair_end_dragon, layout_big_grid,
          hangedman_lair_caniforms_friends, slime_altar_1, serial_forest,
          infiniplex_forest_fountain, infiniplex_forest_clump_medium,
          infiniplex_forest_clump_diagonal, infiniplex_forest_lined_3,
          infiniplex_forest_pool, infiniplex_forest_clump_diagonal,
          infiniplex_forest_corner_1
Swamp:1:  layout_basic_swamp, evilmike_swamp_ruin_rubble_1, swamp_pool1,
          cheibrodos_swamp_slimy, uniq_donald, uniq_frances, uniq_kirke
Swamp:2:  layout_falls_marsh, nicolae_swamp_little_tower, swamp_pool1
Swamp:3:  layout_falls_marsh, hangedman_swamp_ruin_hall, swamp_pool1,
          grunt_hermit_hut
Swamp:4:  swamp_pestilence, layout_basic_swamp, swamp_pool3,
          nicolae_swamp_dense_foliage, uniq_mara
Spider:1: layout_spider_delve, guppyfry_hornet_nest
Spider:2: layout_spider_delve
Spider:3: layout_spider_delve, nicolae_spider_cling_halls, uniq_louise
Spider:4: guppyfry_spider_rune
Slime:1:  layout_caves
Slime:2:  layout_caves
Slime:3:  layout_caves, basic_altar
Slime:4:  layout_caves
Slime:5
Orc:1:    layout_caves
Orc:2:    st_orc_town, layout_caves, serial_shops, nicolae_shop_behind_doors
Elf:1:    minmay_elf_arrival_summoners, layout_onion_city, minivault_28
Elf:2:    layout_geoelf_diagonals
Elf:3:    elf_hall, layout_gridlike, minivault_25
Vaults:1: v_misc_14, v_pattern_3, hangedman_vaults_stream,
          ontoclasm_vaults_bender, nicolae_vaults_network_s,
          nicolae_vaults_puzzle_piece, vaults_room_door_hall,
          ontoclasm_vaults_gateway, layout_vaults_quadrants
Vaults:2: nicolae_vaults_network_star, grunt_vaults_bifocal, grunt_vaults_focal,
          nicolae_vaults_hallways_thing, v_rooms_4, hangedman_vaults_variations,
          ontoclasm_vaults_hangar, vaults_room_door_ring,
          vaults_room_stairs_pillars, nicolae_vaults_little_squares_5,
          ontoclasm_vaults_spin, layout_vaults_ring, uniq_nikola, uniq_xtahua
Vaults:3: advil_vaults_ghost_lines, nicolae_vaults_holding_cells,
          minmay_crypt_entry_skeletal_spiral, hangedman_vaults_river_flow,
          nicolae_vaults_asterisk, nicolae_vaults_little_squares_3,
          nicolae_vaults_specimen_jars, ontoclasm_vaults_shuriken,
          vaults_mumra_minichess, dpeg_vaults_monster_box, vaults_room_fours,
          v_misc_12, vaults_room_fancy_cross, layout_vaults_big_cross
Vaults:4: vaults_dpeg_doors, nicolae_vaults_network_quinsquares
          [nicolae_vaults_network_quincunx_subvault,
          nicolae_vaults_network_quincunx_subvault,
          nicolae_vaults_network_quincunx_subvault,
          nicolae_vaults_network_quincunx_subvault], st_hourglassy,
          vaults_standard_mumra_x, nicolae_vaults_network_periphery,
          nicolae_vaults_arrows, grunt_vaults_swirl, nicolae_vaults_alarming,
          v_alt_pattern_1, vaults_mumra_chevron_long, ontoclasm_vaults_fault,
          layout_vaults_omnibox, portal_desolation_entry_garden, serial_shops,
          nicolae_shop_waterfront, uniq_frederick, uniq_sojobo
Vaults:5
Crypt:1:  layout_misc_corridors
Crypt:2:  layout_basic
Crypt:3:  church_of_pain_bobbens, layout_chaotic_city, tomb_entry_simple_bobbens
Tomb:1:   uniq_mennas
Tomb:2:   uniq_jory
Tomb:3
Depths:1: layout_honeycomb, abyss_entry, serial_shops, bzr_in_the_mist,
          hell_entry, serial_sigils_hangedman_snap, minmay_orc_keep,
          infiniplex_staircase_pool_lava, uniq_asterion
Depths:2: minmay_slanted_spiral_squares, layout_twisted_cross, abyss_entry,
          hell_entry, hangedman_decor_lopped, nrook_mini_backslash,
          guppyfry_shop_blood, firewood_loft, uniq_saint_roka
Depths:3: minmay_ambush_box, layout_gridlike, serial_shops, shop_fountains,
          rand_demon_pan_entry_3, hell_entry, minmay_misc_feat_nine_boxes,
          minmay_hollow_rounded_squares, grunt_megastairs_2,
          infiniplex_staircase_zigzag_2
Depths:4: kennysheep_spiral_hall, layout_gridlike, enter_ziggurat_e, hell_entry,
          abyss_entry, serial_shops, nicolae_shop_waterfront,
          kennysheep_diamond, ashenzari_altar_1
Depths:5: grunt_zot_entry_alcove, layout_cave_shapes, dk_noncrumbling_4,
          grunt_hell_entry_dis_mu, serial_co_window_serial,
          co_window_of_opportunity_a, co_window_cross_1, co_window_corner_a,
          co_window_corner_a, co_window_paths_b, co_window_2corner,
          co_window_of_opportunity_b, co_window_broadway_b, co_window_corner_b,
          co_window_broadway_a, glass_columns_a, glass_columns_a,
          glass_columns_a, glass_columns_a, uniq_margery
Hell
Dis:1:    layout_subdivisions
Dis:2:    layout_subdivisions
Dis:3:    layout_jigsaw
Dis:4:    hangedman_iron_city_apartments, layout_overlapping_boxes
Dis:5:    layout_gridville
Dis:6:    layout_gridville
Geh:1:    layout_gehenna_pools_triple
Geh:2:    layout_gehenna_pools_triple
Geh:3:    layout_gehenna_pools_triple, lemuel_old_faithful
Geh:4:    layout_gehenna_pools_basic, special_room [special_room_morgue]
Geh:5:    layout_gehenna_pools_box
Geh:6:    layout_gehenna_pools_triple
Geh:7:    geh_grunt_pentagon
Coc:1:    layout_ice_bergs
Coc:2:    layout_cocytus_water_paths
Coc:3:    layout_cocytus_water_paths
Coc:4:    layout_ice_bergs
Coc:5:    layout_cocytus_water_paths
Coc:6:    layout_cocytus_water_paths
Coc:7:    coc_dpeg
Tar:1:    layout_grid_maze
Tar:2:    layout_catacombs, nicolae_tar_cuneiform_bird
Tar:3:    layout_cathedral_of_symmetry
Tar:4:    hangedman_tartarus_silent_blood_keep, layout_cathedral_of_symmetry
Tar:5:    layout_grid_maze, nicolae_tar_cuneiform_bird,
          nicolae_tar_cuneiform_sun, nicolae_tar_cuneiform_heaven,
          nicolae_tar_cuneiform_bread
Tar:6:    grunt_deathspiral_small, layout_cathedral_of_symmetry
Tar:7:    tar_mu [tar_mu_maze]
Zot:1:    circus_mu, layout_onion_interference
Zot:2:    evilmike_crystal_ball_defense, layout_twisted_circle,
          grunt_ministairs_13, zot_minivault_4
Zot:3:    layout_twisted_circle
Zot:4:    lemuel_draconian_sentries, layout_basic
Zot:5:    layout_gridlike
Zig:25:   ziggurat_pillar_abc, ziggurat_pillar_abc, ziggurat_pillar_abc,
          ziggurat_pillar_abc, ziggurat_pillar_centre_c,
          ziggurat_pillar_centre_c, ziggurat_pillar_centre_c,
          ziggurat_pillar_centre_c, ziggurat_pillar_abc, ziggurat_pillar_abc,
          ziggurat_pillar_abc, ziggurat_pillar_abc

Skill      XL: |  1  2  3  4  5  6  7  8  9 10 11 12 13 14 15 16 17 18 19 20 21 22 23 24 25 26 27 |
---------------+----------------------------------------------------------------------------------+-----
Long Blades    | 4 5 6 7 8 9 10 11 12 13 14 27 | 27.0
Armour         | 1 3 5 7 9 11 12 13 14 15 17 18 19 20 21 22 27 | 27.0
Shields        | 1 3 5 6 8 9 10 11 13 14 15 17 18 19 20 21 22 27 | 27.0
Fighting       | 4 7 9 11 13 14 16 17 18 19 20 21 22 23 24 25 26 27 | 27.0
Invocations    | 1 4 6 7 8 9 10 | 10.0
Crossbows      | 9 10 | 10.0
Throwing       | 4 7 27 | 27.0
Spellcasting   | 27 | 27.0
Necromancy     | 27 | 27.0
Transmutations | 27 | 27.0
Fire Magic     | 27 | 27.0
Hexes          | 27 | 27.0
Evocations     | 27 | 27.0
Air Magic      | 27 | 27.0
Earth Magic    | 27 | 27.0
Conjurations   | 27 | 27.0
Ice Magic      | 27 | 27.0
Dodging        | 27 | 27.0
Stealth        | 27 | 27.0
Translocations | 27 | 27.0
Staves         | 27 | 27.0
Unarmed Combat | 27 | 27.0
Polearms       | 27 | 27.0
Short Blades   | 27 | 27.0
Axes           | 12 | 12.7
Maces & Flails | 12 | 12.7

Action                   |  1- 3 |  4- 6 |  7- 9 | 10-12 | 13-15 | 16-18 | 19-21 | 22-24 | 25-27 || total
-------------------------+-------+-------+-------+-------+-------+-------+-------+-------+-------++-------
Melee: Long sword        |    82 |   152 |   321 |   531 |  1453 |  1630 |  1643 |  1701 |       ||  7513
       Kick              |    24 |    52 |    93 |   204 |   708 |   846 |  1093 |  1176 |  7078 || 11274
       Peck              |    15 |    30 |    57 |   119 |   449 |   555 |   655 |   750 |  4498 ||  7128
       Eudemon blade     |       |       |       |       |       |       |       |   176 | 11264 || 11440
       Staff             |       |       |       |       |       |       |       |       |   491 ||   491
       Double sword      |       |       |       |       |       |       |       |       |   428 ||   428
       Demon blade       |       |       |       |       |       |       |       |       |   177 ||   177
       Katana            |       |       |       |       |       |       |       |       |    46 ||    46
 Fire: Hand crossbow     |       |       |       |       |       |    32 |   228 |    45 |       ||   305
Throw: Throwing net      |       |     3 |     2 |       |       |       |       |       |       ||     5
       Javelin           |       |       |     2 |       |       |       |     1 |       |   204 ||   207
       Dart              |       |       |       |       |       |       |     2 |       |     1 ||     3
 Cast: Ignition          |       |       |       |       |       |       |       |       |  1004 ||  1004
       Shatter           |       |       |       |       |       |       |       |       |   583 ||   583
       Necromutation     |       |       |       |       |       |       |       |       |   234 ||   234
       Invisibility      |       |       |       |       |       |       |       |       |   179 ||   179
       Infestation       |       |       |       |       |       |       |       |       |    66 ||    66
       Lehudib's Crystal |       |       |       |       |       |       |       |       |    61 ||    61
       Tornado           |       |       |       |       |       |       |       |       |    49 ||    49
       Absolute Zero     |       |       |       |       |       |       |       |       |    14 ||    14
       Blink             |       |       |       |       |       |       |       |       |     3 ||     3
       Death's Door      |       |       |       |       |       |       |       |       |     1 ||     1
Invok: Lesser Healing    |       |       |       |     4 |       |       |       |       |       ||     4
       Divine Vigour     |       |       |       |       |     4 |     1 |     3 |     1 |       ||     9
       Greater Healing   |       |       |       |       |    10 |     8 |     1 |     2 |       ||    21
       Purification      |       |       |       |       |     1 |     4 |     2 |       |       ||     7
       Brand Weapon With |       |       |       |       |       |       |       |     1 |       ||     1
       Cleansing Flame   |       |       |       |       |       |       |       |       |    23 ||    23
       Potion Petition   |       |       |       |       |       |       |       |       |    21 ||    21
       Vitalisation      |       |       |       |       |       |       |       |       |    13 ||    13
       Summon Divine War |       |       |       |       |       |       |       |       |     7 ||     7
       Sanctuary         |       |       |       |       |       |       |       |       |     2 ||     2
       Call Merchant     |       |       |       |       |       |       |       |       |     2 ||     2
       Divine Shield     |       |       |       |       |       |       |       |       |     1 ||     1
 Abil: Fly               |       |     1 |       |       |       |       |     1 |     1 |     3 ||     6
       Stop Flying       |       |       |       |       |       |       |     2 |       |     4 ||     6
       End Transformatio |       |       |       |       |       |       |       |       |    29 ||    29
       Evoke Invisibilit |       |       |       |       |       |       |       |       |     2 ||     2
Evoke: Wand              |       |       |    12 |    20 |       |    10 |     9 |    15 |    46 ||   112
       Phantom mirror    |       |       |       |       |       |       |     1 |       |     1 ||     2
       Tin of tremorston |       |       |       |       |       |       |       |       |    19 ||    19
       Condenser vane    |       |       |       |       |       |       |       |       |    18 ||    18
       Figurine of a zig |       |       |       |       |       |       |       |       |     6 ||     6
  Use: Scroll            |     3 |     8 |     6 |     5 |    18 |    18 |    16 |    17 |   244 ||   335
       Potion            |       |       |       |       |     1 |     5 |     4 |     2 |   253 ||   265
 Stab: Sleeping          |       |     2 |       |       |       |       |       |       |    20 ||    22
       Held in net/web   |       |     3 |       |       |       |     1 |       |       |       ||     4
       Paralysed         |       |       |       |     6 |       |       |       |       |       ||     6
       Distracted        |       |       |       |       |       |       |     4 |       |    16 ||    20
       Invisible         |       |       |       |       |       |       |       |       |    59 ||    59
       Confused          |       |       |       |       |       |       |       |       |     2 ||     2
Armor: Leather armour    |    28 |    19 |       |       |       |       |       |       |       ||    47
       Scale mail        |       |    31 |    98 |    55 |       |       |       |       |       ||   184
       Plate armour      |       |       |       |   108 |       |       |       |    56 |       ||   164
       Chain mail        |       |       |       |     6 |   131 |       |       |       |       ||   137
       Gold dragon scale |       |       |       |       |   292 |  1007 |   510 |   395 |  3371 ||  5575
       Crystal plate arm |       |       |       |       |       |       |       |       |   209 ||   209
       Skin              |       |       |       |       |       |       |       |       |     7 ||     7
Dodge: Dodged            |   108 |    92 |    53 |    63 |   148 |   269 |   220 |   223 |  3116 ||  4292
       Repelled          |       |       |       |       |       |       |     1 |    15 |   108 ||   124
Block: Tower shield      |       |    39 |   153 |   323 |  1161 |  2052 |  2102 |  2072 | 12099 || 20001
       Kite shield       |       |       |       |       |       |       |       |       |  1856 ||  1856
       Rpst.: Long sword |    33 |    24 |    10 |    17 |    31 |    53 |    29 |    27 |       ||   224
       Eudemon blade     |       |       |       |       |       |       |       |     1 |   222 ||   223
       Double sword      |       |       |       |       |       |       |       |       |    60 ||    60
       Katana            |       |       |       |       |       |       |       |       |    12 ||    12
       Demon blade       |       |       |       |       |       |       |       |       |     2 ||     2

Table legend: (Time is in decaauts)
 A = Elapsed time spent in this place.
 B = Non-inter-level travel time spent in this place.
 C = Inter-level travel time spent in this place.
 D = Time resting spent in this place.
 E = Time spent auto-exploring this place.
 F = Levels seen in this place.
 G = Mean time per level.
                   A        B        C        D        E       F      G
               +--------+--------+--------+--------+--------+-----+--------+
         Total | 158315 | 138573 |  19742 |  35309 |  59838 | 272 |  582.0 |
       Dungeon |  21403 |  14041 |   7362 |   2196 |   9071 |  15 | 1426.9 |
        Temple |    180 |     88 |     92 |      0 |     84 |   1 |  180.0 |
          Lair |  11704 |  10097 |   1607 |   3237 |   4666 |   6 | 1950.7 |
         Swamp |   3903 |   3557 |    346 |    481 |   2036 |   4 |  975.8 |
   Spider Nest |   3512 |   3276 |    236 |    534 |   1666 |   4 |  878.0 |
    Slime Pits |   1048 |    961 |     87 |    108 |    112 |   5 |  209.6 |
  Orcish Mines |   3128 |   2587 |    541 |    644 |   1302 |   2 | 1564.0 |
   Elven Halls |   4683 |   3714 |    969 |    676 |   1760 |   3 | 1561.0 |
        Vaults |  11064 |   9290 |   1774 |   1280 |   4750 |   5 | 2212.8 |
         Crypt |   2999 |   2610 |    389 |    127 |   1578 |   3 |  999.7 |
          Tomb |   4164 |   3735 |    429 |   1193 |   1539 |   3 | 1388.0 |
        Depths |  10979 |   8009 |   2970 |   2345 |   3174 |   5 | 2195.8 |
          Hell |   1472 |   1259 |    213 |    706 |    273 |   1 | 1472.0 |
           Dis |   5874 |   5723 |    151 |    124 |   3975 |   6 |  979.0 |
       Gehenna |   6024 |   5471 |    553 |    225 |   3443 |   7 |  860.6 |
       Cocytus |   6849 |   6128 |    721 |    251 |   3843 |   7 |  978.4 |
      Tartarus |   9173 |   8527 |    646 |    442 |   5505 |   7 | 1310.4 |
           Zot |   7350 |   6701 |    649 |   1686 |   3188 |   5 | 1470.0 |
         Abyss |    807 |    807 |      0 |     52 |    413 |   3 |  269.0 |
      Ziggurat |  40428 |  40428 |      0 |  18613 |   6700 | 177 |  228.4 |
        Bazaar |     55 |     55 |      0 |      0 |     39 |   1 |   55.0 |
        Bailey |    278 |    278 |      0 |      0 |    146 |   1 |  278.0 |
      Gauntlet |   1228 |   1228 |      0 |    380 |    566 |   1 | 1228.0 |
               +--------+--------+--------+--------+--------+-----+--------+

Top non-repeatable levels by time:
Depths:4: 3972 daAuts
Vaults:4: 3015 daAuts
  Lair:3: 2928 daAuts
Vaults:3: 2803 daAuts
    D:10: 2714 daAuts
  Tomb:1: 2541 daAuts
   Tar:7: 2532 daAuts
Depths:3: 2421 daAuts
   Zot:5: 2379 daAuts
    D:15: 2378 daAuts
  Lair:5: 2231 daAuts
Depths:1: 2124 daAuts
  Zig:21: 2014 daAuts
   Orc:2: 1977 daAuts
  Zig:20: 1954 daAuts
